Workbook

Sheet DADOS DA OBRA
B10: DADOS DO EMPREENDIMENTO
B12: OBJETO
B13: CONSTRUÇÃO NOVA FÁBRICA SEAPA (AGROINDÚSTRIA DE POLPA DE FRUTAS)
B15: ENDEREÇO
B16: RUA 22 , LT.01 - A, QUADRA 01-A
B18: Bairro | J18: Cidade | P18: UF
B19: SETOR RETIRADA | J19: FLORES DE GOIÁS | P19: GO
B21: Área Total de Construção | F21: BDI | J21: ENCARGOS SOCIAIS HORISTAS | N21: Data do Orçamento
B22: 691.41 | F22: ='BDI NORMAL (SD) '!F21/100 -> 0.2232 | J22: ='ENCARGOS SOCIAIS'!F43 -> 1.1737 | N22: 13/06/2025
B24: Prazo | F24: BDI REDUZIDO | J24: ENCARGOS SOCIAIS MENSALISTAS | N24: Revisão
B25: 06 MESES | F25: ='BDI DIFERENCIADO (SD) '!F21/100 -> 0.182 | J25: ='ENCARGOS SOCIAIS'!G43 -> 0.7419 | N25: 00
B27: BASE
B28: SINAPI - 04/2025 - Goiás / SICRO3 - 01/2025 - Goiás / ORSE - 03/2025 - Sergipe / SEINFRA - 028 - Ceará / SETOP - 01/2025 - Minas Gerais - Central / IOPES - 02/2025 - Espírito Santo / SIURB - 01/2025 - São Paulo / SIURB INFRA - 01/2025 - São Paulo / CPOS - 04/2025 - São Paulo / FDE - 01/2025 - São Paulo / AGESUL - 01/2025 - Mato Grosso do Sul / AGETOP CIVIL - 02/2025 - Goiás / AGETOP RODOVIARIA - 02/2025 - Goiás / EMBASA - 01/2025 - sem encargos / EMOP - 04/2025 - Rio de Janeiro / SCO - 04/2025 - Rio de Janeiro.

Sheet CAPA - ORÇAMENTO
C9: ORÇAMENTO
C15: OBJETO: | D15: ='DADOS DA OBRA'!B13 -> CONSTRUÇÃO NOVA FÁBRICA SEAPA (AGROINDÚSTRIA DE POLPA DE FRUTAS)
C16: LOCAL: | D16: ='DADOS DA OBRA'!B16 -> RUA 22 , LT.01 - A, QUADRA 01-A
C17: DATA: | D17: ='DADOS DA OBRA'!N22 -> 13/06/2025
C18: RESPONSÁVEL: | D18: ENGENHEIRO CIVIL LUCIANO MARTINS PARREIRA DE OLIVEIRA E SILVA
C19: CREA: | D19: 101881435-3/D-GO
C20: ART: | D20: 1020250168245

Sheet CAPA - VANTAJOSIDADE
C13: VANTAJOSIDADE

Sheet VANTAJOSIDADE
B1: CÁLCULO DE VANTAJOSIDADE
B4: OBJETO: | C4: ='DADOS DA OBRA'!B13 -> CONSTRUÇÃO NOVA FÁBRICA SEAPA (AGROINDÚSTRIA DE POLPA DE FRUTAS) | M4: DATA: | N4: ='DADOS DA OBRA'!$N$22 -> 13/06/2025
B5: LOCAL: | C5: ='DADOS DA OBRA'!B16 -> RUA 22 , LT.01 - A, QUADRA 01-A | M5: REVISÃO: | N5: ='DADOS DA OBRA'!$N$25 -> 00
B7: O cálculo de vantajosidade se baseia na comparação direta entre os valores totais do orçamento e a escolha pelo que representa o menor valor, para tanto temos:
F10: a. Orçamento com desoneração: | J10: ='ORÇAMENTO SINTÉTICO (CD)'!L715 -> 4543291.7
F11: b. Orçamento sem desoneração: | J11: ='ORÇAMENTO SINTÉTICO (SD)'!L715 -> 4468039.8
F13: % de Diferença (a / b) | K13: =(J10/J11)-1 -> 0.016842265
F15: ORÇAMENTO COM MELHOR VANTAJOSIDADE: | J15: =+IF(J11<J10,"SEM DESONERAÇÃO","COM DESONERAÇÃO") -> SEM DESONERAÇÃO

Sheet CAPA - ORÇAMENTO (SD)
C13: ORÇAMENTO SEM DESONERAÇÃO

Sheet ORÇAMENTO RESUMO (SD)
B1: ORÇAMENTO RESUMO SEM DESONERAÇÃO
B3: OBJETO: | C3: ='DADOS DA OBRA'!B13 -> CONSTRUÇÃO NOVA FÁBRICA SEAPA (AGROINDÚSTRIA DE POLPA DE FRUTAS) | F3: DATA: | G3: ='DADOS DA OBRA'!$N$22 -> 13/06/2025 | J3: ENCARGOS SOCIAIS HORISTAS: | K3: =+'ENCARGOS SOCIAIS'!F43 -> 1.1737
B4: LOCAL: | C4: ='DADOS DA OBRA'!B16 -> RUA 22 , LT.01 - A, QUADRA 01-A | F4: REVISÃO: | G4: ='DADOS DA OBRA'!$N$25 -> 00 | J4: ENCARGOS SOCIAIS MENSALISTAS: | K4: =+'ENCARGOS SOCIAIS'!G43 -> 0.7419
F5: PRAZO: | G5: {='DADOS DA OBRA'!B25:D25} -> 06 MESES | H5: 0 | I5: 0 | J5: BDI OBRA: | K5: ='ORÇAMENTO SINTÉTICO (SD)'!L5 -> 0.2232
J6: BDI DIFERENCIADO: | K6: ='ORÇAMENTO SINTÉTICO (SD)'!L6 -> 0.182
B8: Item | E8: Descrição | J8: Total Sem BDI | K8: Total Com BDI
B9: 1 | E9: ='ORÇAMENTO SINTÉTICO (SD)'!E9 -> ADMINISTRAÇÃO LOCAL E CUSTOS INDIRETOS | J9: ='ORÇAMENTO SINTÉTICO (SD)'!I9 -> 323456.43 | K9: ='ORÇAMENTO SINTÉTICO (SD)'!L9 -> 395615.12
B10: 2 | E10: ='ORÇAMENTO SINTÉTICO (SD)'!E17 -> CANTEIRO DE OBRA E SERVIÇOS PRELIMINARES | J10: ='ORÇAMENTO SINTÉTICO (SD)'!I17 -> 159698.89 | K10: ='ORÇAMENTO SINTÉTICO (SD)'!L17 -> 195309.68
B11: 3 | E11: ='ORÇAMENTO SINTÉTICO (SD)'!E38 -> SERVIÇOS EM TERRA | J11: ='ORÇAMENTO SINTÉTICO (SD)'!I38 -> 5002.99 | K11: ='ORÇAMENTO SINTÉTICO (SD)'!L38 -> 6107.13
B12: 4 | E12: ='ORÇAMENTO SINTÉTICO (SD)'!E46 -> FUNDAÇÕES | J12: ='ORÇAMENTO SINTÉTICO (SD)'!I46 -> 147175.57 | K12: ='ORÇAMENTO SINTÉTICO (SD)'!L46 -> 179990.82
B13: 5 | E13: ='ORÇAMENTO SINTÉTICO (SD)'!E64 -> ESTRUTURA EM CONCRETO ARMADO | J13: ='ORÇAMENTO SINTÉTICO (SD)'!I64 -> 374725.33 | K13: ='ORÇAMENTO SINTÉTICO (SD)'!L64 -> 458323.53
B14: 6 | E14: ='ORÇAMENTO SINTÉTICO (SD)'!E81 -> ESTRUTURA METÁLICA | J14: ='ORÇAMENTO SINTÉTICO (SD)'!I81 -> 271690.21 | K14: ='ORÇAMENTO SINTÉTICO (SD)'!L81 -> 332202.1
B15: 7 | E15: ='ORÇAMENTO SINTÉTICO (SD)'!E84 -> INSTALAÇÕES HIDROSSANITÁRIAS/ LOUÇAS/ METAIS | J15: ='ORÇAMENTO SINTÉTICO (SD)'!I84 -> 452635.79 | K15: ='ORÇAMENTO SINTÉTICO (SD)'!L84 -> 543500.83
B16: 8 | E16: ='ORÇAMENTO SINTÉTICO (SD)'!E319 -> INSTALAÇÕES ELÉTRICAS/ CAB. EST. (LÓGICA E DADOS) / CFTV / SPDA | J16: ='ORÇAMENTO SINTÉTICO (SD)'!I319 -> 442192.04 | K16: ='ORÇAMENTO SINTÉTICO (SD)'!L319 -> 533899.79
B17: 9 | E17: ='ORÇAMENTO SINTÉTICO (SD)'!E520 -> INSTALAÇÕES MECÂNICAS | J17: ='ORÇAMENTO SINTÉTICO (SD)'!I520 -> 264059.81 | K17: ='ORÇAMENTO SINTÉTICO (SD)'!L520 -> 318237.69
B18: 10 | E18: ='ORÇAMENTO SINTÉTICO (SD)'!E583 -> INSTALAÇÕES DE PLANO DE PREVENÇÃO DE COMBATE A INCÊNDIO - (PPCI) | J18: ='ORÇAMENTO SINTÉTICO (SD)'!I583 -> 10121.15 | K18: ='ORÇAMENTO SINTÉTICO (SD)'!L583 -> 12379.84
B19: 11 | E19: ='ORÇAMENTO SINTÉTICO (SD)'!E589 -> ALVENARIAS E DIVISÓRIAS | J19: ='ORÇAMENTO SINTÉTICO (SD)'!I589 -> 221385.67 | K19: ='ORÇAMENTO SINTÉTICO (SD)'!L589 -> 270787.2
B20: 12 | E20: ='ORÇAMENTO SINTÉTICO (SD)'!E600 -> IMPERMEABILIZAÇÕES | J20: ='ORÇAMENTO SINTÉTICO (SD)'!I600 -> 43641.61 | K20: ='ORÇAMENTO SINTÉTICO (SD)'!L600 -> 53376.81
B21: 13 | E21: ='ORÇAMENTO SINTÉTICO (SD)'!E607 -> COBERTURA | J21: ='ORÇAMENTO SINTÉTICO (SD)'!I607 -> 146480.4 | K21: ='ORÇAMENTO SINTÉTICO (SD)'!L607 -> 179173.34
B22: 14 | E22: ='ORÇAMENTO SINTÉTICO (SD)'!E611 -> ESQUADRIAS | J22: ='ORÇAMENTO SINTÉTICO (SD)'!I611 -> 77501.39 | K22: ='ORÇAMENTO SINTÉTICO (SD)'!L611 -> 94798.94
B23: 15 | E23: ='ORÇAMENTO SINTÉTICO (SD)'!E627 -> VIDROS | J23: ='ORÇAMENTO SINTÉTICO (SD)'!I627 -> 4142.11 | K23: ='ORÇAMENTO SINTÉTICO (SD)'!L627 -> 5066.63
B24: 16 | E24: ='ORÇAMENTO SINTÉTICO (SD)'!E630 -> BANCADAS | J24: ='ORÇAMENTO SINTÉTICO (SD)'!I630 -> 16483.07 | K24: ='ORÇAMENTO SINTÉTICO (SD)'!L630 -> 20161.96
B25: 17 | E25: ='ORÇAMENTO SINTÉTICO (SD)'!E633 -> REVESTIMENTOS DE PAREDES | J25: ='ORÇAMENTO SINTÉTICO (SD)'!I633 -> 169828.08 | K25: ='ORÇAMENTO SINTÉTICO (SD)'!L633 -> 207714.38
B26: 18 | E26: ='ORÇAMENTO SINTÉTICO (SD)'!E641 -> REVESTIMENTOS DE PISO | J26: ='ORÇAMENTO SINTÉTICO (SD)'!I641 -> 333619.56 | K26: ='ORÇAMENTO SINTÉTICO (SD)'!L641 -> 408064.41
B27: 19 | E27: ='ORÇAMENTO SINTÉTICO (SD)'!E664 -> FORROS | J27: ='ORÇAMENTO SINTÉTICO (SD)'!I664 -> 47624.55 | K27: ='ORÇAMENTO SINTÉTICO (SD)'!L664 -> 58250.41
B28: 20 | E28: ='ORÇAMENTO SINTÉTICO (SD)'!E669 -> FERRAGENS | J28: ='ORÇAMENTO SINTÉTICO (SD)'!I669 -> 4889.7 | K28: ='ORÇAMENTO SINTÉTICO (SD)'!L669 -> 5981
B29: 21 | E29: ='ORÇAMENTO SINTÉTICO (SD)'!E673 -> PINTURAS | J29: ='ORÇAMENTO SINTÉTICO (SD)'!I673 -> 45653.05 | K29: ='ORÇAMENTO SINTÉTICO (SD)'!L673 -> 55821.9
B30: 22 | E30: ='ORÇAMENTO SINTÉTICO (SD)'!E688 -> DIVERSOS | J30: ='ORÇAMENTO SINTÉTICO (SD)'!I688 -> 108968.14 | K30: ='ORÇAMENTO SINTÉTICO (SD)'!L688 -> 133276.27
B32: BASE: | C32: ='DADOS DA OBRA'!B28 -> SINAPI - 04/2025 - Goiás / SICRO3 - 01/2025 - Goiás / ORSE - 03/2025 - Sergipe / SEINFRA - 028 - Ceará / SETOP - 01/2025 - Minas Gerais - Central / IOPES - 02/2025 - Espírito Santo / SIURB - 01/2025 - São Paulo / SIURB INFRA - 01/2025 - São Paulo / CPOS - 04/2025 - São Paulo / FDE - 01/2025 - São Paulo / AGESUL - 01/2025 - Mato Grosso do Sul / AGETOP CIVIL - 02/2025 - Goiás / AGETOP RODOVIARIA - 02/2025 - Goiás / EMBASA - 01/2025 - sem encargos / EMOP - 04/2025 - Rio de Janeiro / SCO - 04/2025 - Rio de Janeiro. | J32: Total sem BDI | K32: =SUM(J9:J30) -> 3670975.5
J33: Total do BDI | K33: =K34-K32 -> 797064.24
J34: Total Geral | K34: =SUM(K9:K30) -> 4468039.8

Sheet ORÇAMENTO SINTÉTICO (SD)
B1: ORÇAMENTO SINTÉTICO SEM DESONERAÇÃO
B3: OBJETO: | C3: ='DADOS DA OBRA'!B13 -> CONSTRUÇÃO NOVA FÁBRICA SEAPA (AGROINDÚSTRIA DE POLPA DE FRUTAS) | G3: DATA: | H3: ='DADOS DA OBRA'!$N$22 -> 13/06/2025 | K3: ENCARGOS SOCIAIS HORISTAS: | L3: ='ENCARGOS SOCIAIS'!F43 -> 1.1737
B4: LOCAL: | C4: ='DADOS DA OBRA'!B16 -> RUA 22 , LT.01 - A, QUADRA 01-A | G4: REVISÃO: | H4: ='DADOS DA OBRA'!$N$25 -> 00 | K4: ENCARGOS SOCIAIS MENSALISTAS: | L4: ='ENCARGOS SOCIAIS'!G43 -> 0.7419
G5: PRAZO: | H5: ='DADOS DA OBRA'!B25 -> 06 MESES | K5: BDI OBRA: | L5: ='BDI NORMAL (SD) '!F21/100 -> 0.2232
K6: BDI DIFERENCIADO: | L6: ='BDI DIFERENCIADO (SD) '!F21/100 -> 0.182
B8: Item | C8: Código | D8: Banco | E8: Descrição | F8: Und | G8: Qtd | H8: Valor Unit | I8: Valor Total sem BDI | J8: BDI | K8: Valor Unit com BDI | L8: Valor Total com BDI
B9: 1 | E9: ADMINISTRAÇÃO LOCAL E CUSTOS INDIRETOS | I9: =SUBTOTAL(9,I10:I16) -> 323456.43 | L9: =SUBTOTAL(9,L10:L16) -> 395615.12 | N9: =+L9/L715 -> 0.08854333
B10: 1.1 | C10: 250101 | D10: AGETOP CIVIL | E10: ENGENHEIRO - (OBRAS CIVIS) | F10: H | G10: 980 | H10: 102.16 | I10: =TRUNC(G10 * H10, 2) -> 100116.8 | J10: =+$L$5 -> 0.2232 | K10: =TRUNC(H10 * (1 + J10), 2) -> 124.96 | L10: =TRUNC(G10 * K10, 2) -> 122460.8
B11: 1.2 | C11: 250102 | D11: AGETOP CIVIL | E11: MESTRE DE OBRA - (OBRAS CIVIS) | F11: H | G11: =220*6 -> 1320 | H11: 51.73 | I11: =TRUNC(G11 * H11, 2) -> 68283.6 | J11: =+$L$5 -> 0.2232 | K11: =TRUNC(H11 * (1 + J11), 2) -> 63.27 | L11: =TRUNC(G11 * K11, 2) -> 83516.4
B12: 1.3 | C12: 250114 | D12: AGETOP CIVIL | E12: APONTARIFE - (OBRAS CIVIS) | F12: h | G12: =+G11 -> 1320 | H12: 24.38 | I12: =TRUNC(G12 * H12, 2) -> 32181.6 | J12: =+$L$5 -> 0.2232 | K12: =TRUNC(H12 * (1 + J12), 2) -> 29.82 | L12: =TRUNC(G12 * K12, 2) -> 39362.4
B13: 1.4 | C13: 271500 | D13: AGETOP CIVIL | E13: CAFE DA MANHA | F13: RE | G13: ='QUANTIDADE MÃO DE OBRA'!E45 -> 3275 | H13: 3.38 | I13: =TRUNC(G13 * H13, 2) -> 11069.5 | J13: =+$L$5 -> 0.2232 | K13: =TRUNC(H13 * (1 + J13), 2) -> 4.13 | L13: =TRUNC(G13 * K13, 2) -> 13525.75
B14: 1.5 | C14: 271502 | D14: AGETOP CIVIL | E14: CANTINA - (OBRAS CIVIS) | F14: RE | G14: =+G13 -> 3275 | H14: 22.5 | I14: =TRUNC(G14 * H14, 2) -> 73687.5 | J14: =+$L$5 -> 0.2232 | K14: =TRUNC(H14 * (1 + J14), 2) -> 27.52 | L14: =TRUNC(G14 * K14, 2) -> 90128
B15: 1.6 | C15: 021602 | D15: AGETOP CIVIL | E15: EPI/PGR/PCMSO/EXAMES/TREINAMENTOS/VISITAS - ÁREAS EDIFICADAS/COBERTAS/FECHADAS | F15: m² | G15: 691.41 | H15: 48.22 | I15: =TRUNC(G15 * H15, 2) -> 33339.79 | J15: =+$L$5 -> 0.2232 | K15: =TRUNC(H15 * (1 + J15), 2) -> 58.98 | L15: =TRUNC(G15 * K15, 2) -> 40779.36
B16: 1.7 | C16: 020200 | D16: AGETOP CIVIL | E16: FERRAMENTAS (MANUAIS/ELÉTRICAS) E MATERIAL DE LIMPEZA PERMANENTE DA OBRA - ÁREAS EDIFICADAS/COBERTAS/FECHADAS | F16: m² | G16: 691.41 | H16: 6.91 | I16: =TRUNC(G16 * H16, 2) -> 4777.64 | J16: =+$L$5 -> 0.2232 | K16: =TRUNC(H16 * (1 + J16), 2) -> 8.45 | L16: =TRUNC(G16 * K16, 2) -> 5842.41
B17: 2 | E17: CANTEIRO DE OBRA E SERVIÇOS PRELIMINARES | I17: =SUBTOTAL(9,I18:I37) -> 159698.89 | L17: =SUBTOTAL(9,L18:L37) -> 195309.68
B18: 2.1 | E18: SERVIÇOS E INSTALAÇÕES PROVISÓRIAS, CANTEIRO DE OBRA E FERRAMENTAS | I18: =SUBTOTAL(9,I19:I32) -> 140375.84 | L18: =SUBTOTAL(9,L19:L32) -> 171673.93
B19: 2.1.1 | C19: 020212 | D19: AGETOP CIVIL | E19: BARRACÃO DE OBRAS PADRÃO GOINFRA ( BLOCOS,COBERTURAS,PASSARELAS E MÓVEIS), SEM ALOJAMENTO E LAVANDERIA , COM PINTURA, EM CONSONÂNCIA COM AS NR'S, EM ESPECIAL A NR-18, INCLUSO INSTALAÇÕES ELÉTRICAS E HIDROSSANITÁRIAS - ( COM REAPROVEITAMENTO 1 VEZ ). | F19: m² | G19: 43.2 | H19: 303.95 | I19: =TRUNC(G19 * H19, 2) -> 13130.64 | J19: =+$L$5 -> 0.2232 | K19: =TRUNC(H19 * (1 + J19), 2) -> 371.79 | L19: =TRUNC(G19 * K19, 2) -> 16061.32
B20: 2.1.2 | C20: 020303 | D20: AGETOP CIVIL | E20: DEPÓSITO PARA CIMENTO TIPO II COM PINTURA PADRÃO GOINFRA (3,30 X 3,30 M) A=10,89 M2 (C/ REAPROV. 1 VEZ ) - INCLUSO PALETES | F20: un | G20: 1 | H20: 3675.93 | I20: =TRUNC(G20 * H20, 2) -> 3675.93 | J20: =+$L$5 -> 0.2232 | K20: =TRUNC(H20 * (1 + J20), 2) -> 4496.39 | L20: =TRUNC(G20 * K20, 2) -> 4496.39
B21: 2.1.3 | C21: 020600 | D21: AGETOP CIVIL | E21: TAPUME EM CHAPA COMPENSADA RESINADA 6MM COM PORTÕES E FERRAGENS - PADRÃO GOINFRA | F21: m² | G21: 348.57 | H21: 75.97 | I21: =TRUNC(G21 * H21, 2) -> 26480.86 | J21: =+$L$5 -> 0.2232 | K21: =TRUNC(H21 * (1 + J21), 2) -> 92.92 | L21: =TRUNC(G21 * K21, 2) -> 32389.12
B22: 2.1.4 | C22: 021301 | D22: AGETOP CIVIL | E22: PLACA DE OBRA PLOTADA EM CHAPA METÁLICA 26 , AFIXADA EM CAVALETES DE MADEIRA DE LEI (VIGOTAS 6X12CM) - PADRÃO GOINFRA | F22: m² | G22: 7.5 | H22: 372.37 | I22: =TRUNC(G22 * H22, 2) -> 2792.77 | J22: =+$L$5 -> 0.2232 | K22: =TRUNC(H22 * (1 + J22), 2) -> 455.48 | L22: =TRUNC(G22 * K22, 2) -> 3416.1
B23: 2.1.5 | C23: 020701 | D23: AGETOP CIVIL | E23: LOCAÇÃO DA OBRA, EXECUÇÃO DE GABARITO SEM REAPROVEITAMENTO, INCLUSO PINTURA (FACE INTERNA DO RIPÃO 15CM) E PIQUETE COM TESTEMUNHA | F23: m² | G23: 691.41 | H23: 5.28 | I23: =TRUNC(G23 * H23, 2) -> 3650.64 | J23: =+$L$5 -> 0.2232 | K23: =TRUNC(H23 * (1 + J23), 2) -> 6.45 | L23: =TRUNC(G23 * K23, 2) -> 4459.59
B24: 2.1.6 | C24: 020190 | D24: AGETOP CIVIL | E24: LIMPEZA MECÂNICA DE TERRENO | F24: m² | G24: 1546.29 | H24: 0.25 | I24: =TRUNC(G24 * H24, 2) -> 386.57 | J24: =+$L$5 -> 0.2232 | K24: =TRUNC(H24 * (1 + J24), 2) -> 0.3 | L24: =TRUNC(G24 * K24, 2) -> 463.88
B25: 2.1.7 | C25: 020400 | D25: AGETOP CIVIL | E25: LIGAÇÃO PROVISÓRIA DE ÁGUA (INCLUSO RETIRADA DO ESGOTO SANITÁRIO) - PD. GOINFRA | F25: Un | G25: 1 | H25: 3482.69 | I25: =TRUNC(G25 * H25, 2) -> 3482.69 | J25: =+$L$5 -> 0.2232 | K25: =TRUNC(H25 * (1 + J25), 2) -> 4260.02 | L25: =TRUNC(G25 * K25, 2) -> 4260.02
B26: 2.1.8 | C26: 020501 | D26: AGETOP CIVIL | E26: LIGAÇÃO PROVISÓRIA LUZ E FORÇA - PD. GOINFRA | F26: Un | G26: 1 | H26: 4847.87 | I26: =TRUNC(G26 * H26, 2) -> 4847.87 | J26: =+$L$5 -> 0.2232 | K26: =TRUNC(H26 * (1 + J26), 2) -> 5929.91 | L26: =TRUNC(G26 * K26, 2) -> 5929.91
B27: 2.1.9 | C27: 021400 | D27: AGETOP CIVIL | E27: CONSUMO DE ÁGUA | F27: m³ | G27: 319.98 | H27: 11.73 | I27: =TRUNC(G27 * H27, 2) -> 3753.36 | J27: =+$L$5 -> 0.2232 | K27: =TRUNC(H27 * (1 + J27), 2) -> 14.34 | L27: =TRUNC(G27 * K27, 2) -> 4588.51
B28: 2.1.10 | C28: 021399 | D28: AGETOP CIVIL | E28: CONSUMO DE ESGOTO | F28: m³ | G28: 319.98 | H28: 9.38 | I28: =TRUNC(G28 * H28, 2) -> 3001.41 | J28: =+$L$5 -> 0.2232 | K28: =TRUNC(H28 * (1 + J28), 2) -> 11.47 | L28: =TRUNC(G28 * K28, 2) -> 3670.17
B29: 2.1.11 | C29: 021401 | D29: AGETOP CIVIL | E29: CONSUMO DE ENERGIA ELÉTRICA | F29: KWH | G29: 2278.31 | H29: 0.92 | I29: =TRUNC(G29 * H29, 2) -> 2096.04 | J29: =+$L$5 -> 0.2232 | K29: =TRUNC(H29 * (1 + J29), 2) -> 1.12 | L29: =TRUNC(G29 * K29, 2) -> 2551.7
B30: 2.1.12 | C30: 060104 | D30: AGETOP CIVIL | E30: ANDAIME METALICO TORRE (ALUGUEL/MES) | F30: m | G30: 384 | H30: 35.49 | I30: =TRUNC(G30 * H30, 2) -> 13628.16 | J30: =+$L$5 -> 0.2232 | K30: =TRUNC(H30 * (1 + J30), 2) -> 43.41 | L30: =TRUNC(G30 * K30, 2) -> 16669.44
... B32: 2.1.14 | C32: 62.00.95 | D32: EMBASA | E32: VIGILÂNCIA REMOTA COM CFTV, POR CÂMERA MES (ADAPTADO CONFORME DECRETO ESTADUAL N° 9900/2021) | F32: UNxMÊS | G32: 60 | H32: 286.79 | I32: =TRUNC(G32 * H32, 2) -> 17207.4 | J32: =+$L$5 -> 0.2232 | K32: =TRUNC(H32 * (1 + J32), 2) -> 350.8 | L32: =TRUNC(G32 * K32, 2) -> 21048
B33: 2.2 | E33: TRANSPORTES E EQUIPAMENTOS | I33: =SUBTOTAL(9,I34:I37) -> 19323.05 | L33: =SUBTOTAL(9,L34:L37) -> 23635.75
B34: 2.2.1 | C34: 030101 | D34: AGETOP CIVIL | E34: TRANSPORTE DE ENTULHO EM CAMINHÃO INCLUSO A CARGA MANUAL | F34: m³ | G34: 48.4 | H34: 51.99 | I34: =TRUNC(G34 * H34, 2) -> 2516.31 | J34: =+$L$5 -> 0.2232 | K34: =TRUNC(H34 * (1 + J34), 2) -> 63.59 | L34: =TRUNC(G34 * K34, 2) -> 3077.75
B35: 2.2.2 | C35: 030114 | D35: AGETOP CIVIL | E35: MOBILIZAÇÃO DO CANTEIRO DE OBRAS - INCLUSIVE CARGA E DESCARGA E A HORA IMPRODUTIVA DO CAMINHÃO - ( EXCLUSO O TRANSPORTE ) | F35: un | G35: 1 | H35: 403.37 | I35: =TRUNC(G35 * H35, 2) -> 403.37 | J35: =+$L$5 -> 0.2232 | K35: =TRUNC(H35 * (1 + J35), 2) -> 493.4 | L35: =TRUNC(G35 * K35, 2) -> 493.4
B36: 2.2.3 | C36: 030116 | D36: AGETOP CIVIL | E36: DESMOBILIZAÇÃO DO CANTEIRO DE OBRAS - INCLUSIVE CARGA E DESCARGA E A HORA IMPRODUTIVA DO CAMINHÃO - ( EXCLUSO O TRANSPORTE ) | F36: un | G36: 1 | H36: 403.37 | I36: =TRUNC(G36 * H36, 2) -> 403.37 | J36: =+$L$5 -> 0.2232 | K36: =TRUNC(H36 * (1 + J36), 2) -> 493.4 | L36: =TRUNC(G36 * K36, 2) -> 493.4
B37: 2.2.4 | C37: 072080 | D37: AGETOP CIVIL | E37: POSTE/TRAFO - CAMINHÃO MUNCK 12 TON. (MÍNIMO 4H/DIA) | F37: H | G37: 80 | H37: 200 | I37: =TRUNC(G37 * H37, 2) -> 16000 | J37: =+$L$5 -> 0.2232 | K37: =TRUNC(H37 * (1 + J37), 2) -> 244.64 | L37: =TRUNC(G37 * K37, 2) -> 19571.2
B38: 3 | E38: SERVIÇOS EM TERRA | I38: =SUBTOTAL(9,I39:I45) -> 5002.99 | L38: =SUBTOTAL(9,L39:L45) -> 6107.13
B39: 3.1 | E39: MOVIMENTO DE TERRA | I39: =SUBTOTAL(9,I40:I45) -> 5002.99 | L39: =SUBTOTAL(9,L40:L45) -> 6107.13
B40: 3.1.1 | C40: 041004 | D40: AGETOP CIVIL | E40: ESCAVACAO MECANICA | F40: m³ | G40: 265.56 | H40: 2.49 | I40: =TRUNC(G40 * H40, 2) -> 661.24 | J40: =+$L$5 -> 0.2232 | K40: =TRUNC(H40 * (1 + J40), 2) -> 3.04 | L40: =TRUNC(G40 * K40, 2) -> 807.3
B41: 3.1.2 | C41: 041007 | D41: AGETOP CIVIL | E41: ESPALHAMENTO MECANICO | F41: m² | G41: 2505.95 | H41: 0.42 | I41: =TRUNC(G41 * H41, 2) -> 1052.49 | J41: =+$L$5 -> 0.2232 | K41: =TRUNC(H41 * (1 + J41), 2) -> 0.51 | L41: =TRUNC(G41 * K41, 2) -> 1278.03
B42: 3.1.3 | C42: 041008 | D42: AGETOP CIVIL | E42: COMPACTAÇÃO MECÂNICA COM CONTROLE DA UMIDADE (95% PN) | F42: m³ | G42: 347.84 | H42: 5.44 | I42: =TRUNC(G42 * H42, 2) -> 1892.24 | J42: =+$L$5 -> 0.2232 | K42: =TRUNC(H42 * (1 + J42), 2) -> 6.65 | L42: =TRUNC(G42 * K42, 2) -> 2313.13
B43: 3.1.4 | C43: 041010 | D43: AGETOP CIVIL | E43: TRANSPORTE COM LÂMINA ATE 100 M - (OBRAS CIVIS) | F43: m³ | G43: 265.56 | H43: 1.57 | I43: =TRUNC(G43 * H43, 2) -> 416.92 | J43: =+$L$5 -> 0.2232 | K43: =TRUNC(H43 * (1 + J43), 2) -> 1.92 | L43: =TRUNC(G43 * K43, 2) -> 509.87
B44: 3.1.5 | C44: 040103 | D44: AGETOP CIVIL | E44: ESCAVAÇAO MANUAL DE VALAS PROF. 1 A 2 M | F44: m³ | G44: 10.21 | H44: 49.71 | I44: =TRUNC(G44 * H44, 2) -> 507.53 | J44: =+$L$5 -> 0.2232 | K44: =TRUNC(H44 * (1 + J44), 2) -> 60.8 | L44: =TRUNC(G44 * K44, 2) -> 620.76
B45: 3.1.6 | C45: 040101 | D45: AGETOP CIVIL | E45: ESCAVACAO MANUAL DE VALAS < 1 MTS. (OBRAS CIVIS) | F45: m³ | G45: 12.04 | H45: 39.25 | I45: =TRUNC(G45 * H45, 2) -> 472.57 | J45: =+$L$5 -> 0.2232 | K45: =TRUNC(H45 * (1 + J45), 2) -> 48.01 | L45: =TRUNC(G45 * K45, 2) -> 578.04
B46: 4 | E46: FUNDAÇÕES | I46: =SUBTOTAL(9,I47:I63) -> 147175.57 | L46: =SUBTOTAL(9,L47:L63) -> 179990.82
B47: 4.1 | E47: INFRAESTRUTURA | I47: =SUBTOTAL(9,I48:I63) -> 147175.57 | L47: =SUBTOTAL(9,L48:L63) -> 179990.82
B48: 4.1.1 | C48: 051060 | D48: AGETOP CIVIL | E48: LANÇAMENTO/APLICAÇÃO/ADENSAMENTO DE CONCRETO USINADO BOMBEADO EM FUNDAÇÃO | F48: m³ | G48: 68.3 | H48: 44.79 | I48: =TRUNC(G48 * H48, 2) -> 3059.15 | J48: =+$L$5 -> 0.2232 | K48: =TRUNC(H48 * (1 + J48), 2) -> 54.78 | L48: =TRUNC(G48 * K48, 2) -> 3741.47
B49: 4.1.2 | C49: 060525 | D49: AGETOP CIVIL | E49: CONCRETO USINADO BOMBEÁVEL FCK=30 MPA (O.C.) | F49: m³ | G49: 68.3 | H49: 616.92 | I49: =TRUNC(G49 * H49, 2) -> 42135.63 | J49: =+$L$5 -> 0.2232 | K49: =TRUNC(H49 * (1 + J49), 2) -> 754.61 | L49: =TRUNC(G49 * K49, 2) -> 51539.86
B50: 4.1.3 | C50: 051045 | D50: AGETOP CIVIL | E50: TAXA DE BOMBEAMENTO CONCRETO MÍNIMO - 10 M3 (O.C.) | F50: m³ | G50: 68.3 | H50: 57.5 | I50: =TRUNC(G50 * H50, 2) -> 3927.25 | J50: =+$L$5 -> 0.2232 | K50: =TRUNC(H50 * (1 + J50), 2) -> 70.33 | L50: =TRUNC(G50 * K50, 2) -> 4803.53
B51: 4.1.4 | C51: 050250 | D51: AGETOP CIVIL | E51: TRAÇO DE CONCRETO | F51: Un | G51: 2 | H51: 1486.62 | I51: =TRUNC(G51 * H51, 2) -> 2973.24 | J51: =+$L$5 -> 0.2232 | K51: =TRUNC(H51 * (1 + J51), 2) -> 1818.43 | L51: =TRUNC(G51 * K51, 2) -> 3636.86
B52: 4.1.5 | C52: 050251 | D52: AGETOP CIVIL | E52: CORPO DE PROVA | F52: Un | G52: 103 | H52: 15 | I52: =TRUNC(G52 * H52, 2) -> 1545 | J52: =+$L$5 -> 0.2232 | K52: =TRUNC(H52 * (1 + J52), 2) -> 18.34 | L52: =TRUNC(G52 * K52, 2) -> 1889.02
B53: 4.1.6 | C53: 060470 | D53: AGETOP CIVIL | E53: LASTRO DE BRITA - (OBRAS CIVIS) | F53: m³ | G53: 9.27 | H53: 224.14 | I53: =TRUNC(G53 * H53, 2) -> 2077.77 | J53: =+$L$5 -> 0.2232 | K53: =TRUNC(H53 * (1 + J53), 2) -> 274.16 | L53: =TRUNC(G53 * K53, 2) -> 2541.46
B54: 4.1.7 | C54: 041004 | D54: AGETOP CIVIL | E54: ESCAVACAO MECANICA | F54: m³ | G54: 1545.55 | H54: 2.49 | I54: =TRUNC(G54 * H54, 2) -> 3848.41 | J54: =+$L$5 -> 0.2232 | K54: =TRUNC(H54 * (1 + J54), 2) -> 3.04 | L54: =TRUNC(G54 * K54, 2) -> 4698.47
B55: 4.1.8 | C55: 050905 | D55: AGETOP CIVIL | E55: REATERRO COM APILOAMENTO MECÂNICO (BLOCOS/SAPATAS) | F55: m³ | G55: 1495.95 | H55: 4.32 | I55: =TRUNC(G55 * H55, 2) -> 6462.5 | J55: =+$L$5 -> 0.2232 | K55: =TRUNC(H55 * (1 + J55), 2) -> 5.28 | L55: =TRUNC(G55 * K55, 2) -> 7898.61
B56: 4.1.9 | C56: 050901 | D56: AGETOP CIVIL | E56: ESCAVACAO MANUAL DE VALAS (SAPATAS/BLOCOS) | F56: m³ | G56: 42.1 | H56: 49.71 | I56: =TRUNC(G56 * H56, 2) -> 2092.79 | J56: =+$L$5 -> 0.2232 | K56: =TRUNC(H56 * (1 + J56), 2) -> 60.8 | L56: =TRUNC(G56 * K56, 2) -> 2559.68
B57: 4.1.10 | C57: 051009 | D57: AGETOP CIVIL | E57: FORMA TABUA PINHO PARA FUNDACOES U=3V - (OBRAS CIVIS) | F57: m² | G57: 386.2 | H57: 81.25 | I57: =TRUNC(G57 * H57, 2) -> 31378.75 | J57: =+$L$5 -> 0.2232 | K57: =TRUNC(H57 * (1 + J57), 2) -> 99.38 | L57: =TRUNC(G57 * K57, 2) -> 38380.55
B58: 4.1.11 | C58: 052014 | D58: AGETOP CIVIL | E58: ACO CA-60 - 5,0 MM - (OBRAS CIVIS) | F58: Kg | G58: 37.8 | H58: 12.25 | I58: =TRUNC(G58 * H58, 2) -> 463.05 | J58: =+$L$5 -> 0.2232 | K58: =TRUNC(H58 * (1 + J58), 2) -> 14.98 | L58: =TRUNC(G58 * K58, 2) -> 566.24
B59: 4.1.12 | C59: 052003 | D59: AGETOP CIVIL | E59: ACO CA-50A - 6,3 MM (1/4") - (OBRAS CIVIS) | F59: Kg | G59: 396 | H59: 11.05 | I59: =TRUNC(G59 * H59, 2) -> 4375.8 | J59: =+$L$5 -> 0.2232 | K59: =TRUNC(H59 * (1 + J59), 2) -> 13.51 | L59: =TRUNC(G59 * K59, 2) -> 5349.96
... B63: 4.1.16 | C63: 052007 | D63: AGETOP CIVIL | E63: ACO CA - 50 - 16,0 MM (5/8") - (OBRAS CIVIS) | F63: Kg | G63: 832.4 | H63: 11.84 | I63: =TRUNC(G63 * H63, 2) -> 9855.61 | J63: =+$L$5 -> 0.2232 | K63: =TRUNC(H63 * (1 + J63), 2) -> 14.48 | L63: =TRUNC(G63 * K63, 2) -> 12053.15
B64: 5 | E64: ESTRUTURA EM CONCRETO ARMADO | I64: =SUBTOTAL(9,I65:I80) -> 374725.33 | L64: =SUBTOTAL(9,L65:L80) -> 458323.53
B65: 5.1 | E65: SUPERESTRUTURA | I65: =SUBTOTAL(9,I66:I80) -> 374725.33 | L65: =SUBTOTAL(9,L66:L80) -> 458323.53
B66: 5.1.1 | C66: 060800 | D66: AGETOP CIVIL | E66: LANÇAMENTO/APLICAÇÃO/ADENSAMENTO DE CONCRETO USINADO BOMBEADO EM ESTRUTURA - (O.C.) | F66: m³ | G66: 130.2 | H66: 55.25 | I66: =TRUNC(G66 * H66, 2) -> 7193.55 | J66: =+$L$5 -> 0.2232 | K66: =TRUNC(H66 * (1 + J66), 2) -> 67.58 | L66: =TRUNC(G66 * K66, 2) -> 8798.91
B67: 5.1.2 | C67: 060525 | D67: AGETOP CIVIL | E67: CONCRETO USINADO BOMBEÁVEL FCK=30 MPA (O.C.) | F67: m³ | G67: 130.2 | H67: 616.92 | I67: =TRUNC(G67 * H67, 2) -> 80322.98 | J67: =+$L$5 -> 0.2232 | K67: =TRUNC(H67 * (1 + J67), 2) -> 754.61 | L67: =TRUNC(G67 * K67, 2) -> 98250.22
B68: 5.1.3 | C68: 051045 | D68: AGETOP CIVIL | E68: TAXA DE BOMBEAMENTO CONCRETO MÍNIMO - 10 M3 (O.C.) | F68: m³ | G68: 130.2 | H68: 57.5 | I68: =TRUNC(G68 * H68, 2) -> 7486.5 | J68: =+$L$5 -> 0.2232 | K68: =TRUNC(H68 * (1 + J68), 2) -> 70.33 | L68: =TRUNC(G68 * K68, 2) -> 9156.96
B69: 5.1.4 | C69: 050250 | D69: AGETOP CIVIL | E69: TRAÇO DE CONCRETO | F69: Un | G69: 4 | H69: 1486.62 | I69: =TRUNC(G69 * H69, 2) -> 5946.48 | J69: =+$L$5 -> 0.2232 | K69: =TRUNC(H69 * (1 + J69), 2) -> 1818.43 | L69: =TRUNC(G69 * K69, 2) -> 7273.72
B70: 5.1.5 | C70: 050251 | D70: AGETOP CIVIL | E70: CORPO DE PROVA | F70: Un | G70: 196 | H70: 15 | I70: =TRUNC(G70 * H70, 2) -> 2940 | J70: =+$L$5 -> 0.2232 | K70: =TRUNC(H70 * (1 + J70), 2) -> 18.34 | L70: =TRUNC(G70 * K70, 2) -> 3594.64
B71: 5.1.6 | C71: 060209 | D71: AGETOP CIVIL | E71: FORMA CHAPA DE COMPENSADO RESINADO 12MM-VIGA/PILAR U=4V - (OBRAS CIVIS) | F71: m² | G71: 1872.9 | H71: 86.26 | I71: =TRUNC(G71 * H71, 2) -> 161556.35 | J71: =+$L$5 -> 0.2232 | K71: =TRUNC(H71 * (1 + J71), 2) -> 105.51 | L71: =TRUNC(G71 * K71, 2) -> 197609.67
B72: 5.1.7 | C72: 060204 | D72: AGETOP CIVIL | E72: FORMA CHAPA DE COMPENSADO PLASTIFICADO 17MM U=4 V (OBRAS CIVIS) | F72: m² | G72: 29.9 | H72: 96.22 | I72: =TRUNC(G72 * H72, 2) -> 2876.97 | J72: =+$L$5 -> 0.2232 | K72: =TRUNC(H72 * (1 + J72), 2) -> 117.69 | L72: =TRUNC(G72 * K72, 2) -> 3518.93
B73: 5.1.8 | C73: 060103 | D73: AGETOP CIVIL | E73: ESCORAMENTO METALICO - VIGAS/LAJES (ALUGUEL/MES) | F73: m² | G73: 29.9 | H73: 22.7 | I73: =TRUNC(G73 * H73, 2) -> 678.73 | J73: =+$L$5 -> 0.2232 | K73: =TRUNC(H73 * (1 + J73), 2) -> 27.76 | L73: =TRUNC(G73 * K73, 2) -> 830.02
B74: 5.1.9 | C74: 052014 | D74: AGETOP CIVIL | E74: ACO CA-60 - 5,0 MM - (OBRAS CIVIS) | F74: Kg | G74: 2031.5 | H74: 12.25 | I74: =TRUNC(G74 * H74, 2) -> 24885.87 | J74: =+$L$5 -> 0.2232 | K74: =TRUNC(H74 * (1 + J74), 2) -> 14.98 | L74: =TRUNC(G74 * K74, 2) -> 30431.87
B75: 5.1.10 | C75: 052003 | D75: AGETOP CIVIL | E75: ACO CA-50A - 6,3 MM (1/4") - (OBRAS CIVIS) | F75: Kg | G75: 417.6 | H75: 11.05 | I75: =TRUNC(G75 * H75, 2) -> 4614.48 | J75: =+$L$5 -> 0.2232 | K75: =TRUNC(H75 * (1 + J75), 2) -> 13.51 | L75: =TRUNC(G75 * K75, 2) -> 5641.77
B76: 5.1.11 | C76: 052004 | D76: AGETOP CIVIL | E76: ACO CA 50-A - 8,0 MM (5/16") - (OBRAS CIVIS) | F76: Kg | G76: 1340.4 | H76: 11.03 | I76: =TRUNC(G76 * H76, 2) -> 14784.61 | J76: =+$L$5 -> 0.2232 | K76: =TRUNC(H76 * (1 + J76), 2) -> 13.49 | L76: =TRUNC(G76 * K76, 2) -> 18081.99
B77: 5.1.12 | C77: 052005 | D77: AGETOP CIVIL | E77: ACO CA-50A - 10,0 MM (3/8") - (OBRAS CIVIS) | F77: Kg | G77: 3301 | H77: 10.94 | I77: =TRUNC(G77 * H77, 2) -> 36112.94 | J77: =+$L$5 -> 0.2232 | K77: =TRUNC(H77 * (1 + J77), 2) -> 13.38 | L77: =TRUNC(G77 * K77, 2) -> 44167.38
... B80: 5.1.15 | C80: 060010 | D80: AGETOP CIVIL | E80: VERGA/CONTRAVERGA EM CONCRETO ARMADO FCK = 20 MPA | F80: m³ | G80: 3.35 | H80: 2679.02 | I80: =TRUNC(G80 * H80, 2) -> 8974.71 | J80: =+$L$5 -> 0.2232 | K80: =TRUNC(H80 * (1 + J80), 2) -> 3276.97 | L80: =TRUNC(G80 * K80, 2) -> 10977.84
B81: 6 | E81: ESTRUTURA METÁLICA | I81: =SUBTOTAL(9,I82:I83) -> 271690.21 | L81: =SUBTOTAL(9,L82:L83) -> 332202.1
B82: 6.1 | C82: 150204 | D82: AGETOP CIVIL | E82: ESTRUTURA METÁLICA CONVENCIONAL EM AÇO DO TIPO MR-250 / ASTM A36 COM FUNDO ANTICORROSIVO | F82: Kg | G82: 15125.66 | H82: 17.78 | I82: =TRUNC(G82 * H82, 2) -> 268934.23 | J82: =+$L$5 -> 0.2232 | K82: =TRUNC(H82 * (1 + J82), 2) -> 21.74 | L82: =TRUNC(G82 * K82, 2) -> 328831.84
B83: 6.2 | C83: 150205 | D83: AGETOP CIVIL | E83: ESTRUTURA METÁLICA CONVENCIONAL EM AÇO TIPO AR-350 / ASTM A572 G50 COM FUNDO ANTICORROSIVO | F83: Kg | G83: 127.71 | H83: 21.58 | I83: =TRUNC(G83 * H83, 2) -> 2755.98 | J83: =+$L$5 -> 0.2232 | K83: =TRUNC(H83 * (1 + J83), 2) -> 26.39 | L83: =TRUNC(G83 * K83, 2) -> 3370.26
B84: 7 | E84: INSTALAÇÕES HIDROSSANITÁRIAS/ LOUÇAS/ METAIS | I84: =SUBTOTAL(9,I85:I318) -> 452635.79 | L84: =SUBTOTAL(9,L85:L318) -> 543500.83
B85: 7.1 | E85: LOUÇAS E METAIS | I85: =SUBTOTAL(9,I86:I102) -> 29508.19 | L85: =SUBTOTAL(9,L86:L102) -> 36094.03
B86: 7.1.1 | C86: 080686 | D86: AGETOP CIVIL | E86: CUBA INOX 56X34X17CM E=0,6MM-AÇO 304 (CUBA Nº2) | F86: Un | G86: 5 | H86: 228.58 | I86: =TRUNC(G86 * H86, 2) -> 1142.9 | J86: =+$L$5 -> 0.2232 | K86: =TRUNC(H86 * (1 + J86), 2) -> 279.59 | L86: =TRUNC(G86 * K86, 2) -> 1397.95
B87: 7.1.2 | C87: 080504 | D87: AGETOP CIVIL | E87: VASO SANITÁRIO COM CAIXA ACOPLADA COM DUPLO ACIONAMENTO (1ª LINHA) - COMPLETO EXCLUSO O ASSENTO | F87: Un | G87: 4 | H87: 690.45 | I87: =TRUNC(G87 * H87, 2) -> 2761.8 | J87: =+$L$5 -> 0.2232 | K87: =TRUNC(H87 * (1 + J87), 2) -> 844.55 | L87: =TRUNC(G87 * K87, 2) -> 3378.2
B88: 7.1.3 | C88: 080526 | D88: AGETOP CIVIL | E88: ASSENTO EM POLIPROPILENO COM SISTEMA DE FECHAMENTO SUAVE PARA VASO SANITÁRIO | F88: Un | G88: 4 | H88: 169.64 | I88: =TRUNC(G88 * H88, 2) -> 678.56 | J88: =+$L$5 -> 0.2232 | K88: =TRUNC(H88 * (1 + J88), 2) -> 207.5 | L88: =TRUNC(G88 * K88, 2) -> 830
B89: 7.1.4 | C89: 080805 | D89: AGETOP CIVIL | E89: TANQUE DE AÇO INOX - CHAPA 0,7MM - MEDIDAS APROXIMADAS 50 X 40 X 22 CM (C X L X A) | F89: Un | G89: 2 | H89: 653.89 | I89: =TRUNC(G89 * H89, 2) -> 1307.78 | J89: =+$L$5 -> 0.2232 | K89: =TRUNC(H89 * (1 + J89), 2) -> 799.83 | L89: =TRUNC(G89 * K89, 2) -> 1599.66
B90: 7.1.5 | C90: 080810 | D90: AGETOP CIVIL | E90: TORNEIRA DE PAREDE PARA TANQUE COM AREJADOR DIÂMETRO DE 1/2" E 3/4" | F90: Un | G90: 14 | H90: 89.07 | I90: =TRUNC(G90 * H90, 2) -> 1246.98 | J90: =+$L$5 -> 0.2232 | K90: =TRUNC(H90 * (1 + J90), 2) -> 108.95 | L90: =TRUNC(G90 * K90, 2) -> 1525.3
B91: 7.1.6 | C91: 08.84.033 | D91: FDE | E91: TORNEIRA PRES 1/2 C/ALAVANCA TIPO MESA CROMADO - (ADAPTADO CONFORME DECRETO ESTADUAL N° 9900/2021) | F91: UN | G91: 1 | H91: 274.397 | I91: =TRUNC(G91 * H91, 2) -> 274.39 | J91: =+$L$5 -> 0.2232 | K91: =TRUNC(H91 * (1 + J91), 2) -> 335.64 | L91: =TRUNC(G91 * K91, 2) -> 335.64
B92: 7.1.7 | C92: 080570 | D92: AGETOP CIVIL | E92: TORNEIRA DE MESA PARA LAVATÓRIO DIÂMETRO DE 1/2" | F92: Un | G92: 4 | H92: 72.11 | I92: =TRUNC(G92 * H92, 2) -> 288.44 | J92: =+$L$5 -> 0.2232 | K92: =TRUNC(H92 * (1 + J92), 2) -> 88.2 | L92: =TRUNC(G92 * K92, 2) -> 352.8
B93: 7.1.8 | C93: 86909 | D93: SINAPI | E93: TORNEIRA CROMADA TUBO MÓVEL, DE MESA, 1/2" OU 3/4", PARA PIA DE COZINHA, PADRÃO ALTO - FORNECIMENTO E INSTALAÇÃO. AF_01/2020 - (ADAPTADO CONFORME DECRETO ESTADUAL N° 9900/2021) | F93: UN | G93: 7 | H93: 152.44 | I93: =TRUNC(G93 * H93, 2) -> 1067.08 | J93: =+$L$5 -> 0.2232 | K93: =TRUNC(H93 * (1 + J93), 2) -> 186.46 | L93: =TRUNC(G93 * K93, 2) -> 1305.22
B94: 7.1.9 | C94: 86905 | D94: SINAPI | E94: APARELHO MISTURADOR DE MESA PARA LAVATÓRIO, PADRÃO MÉDIO - FORNECIMENTO E INSTALAÇÃO. AF_01/2020 - (ADAPTADO CONFORME DECRETO ESTADUAL N° 9900/2021) | F94: UN | G94: 6 | H94: 475.08 | I94: =TRUNC(G94 * H94, 2) -> 2850.48 | J94: =+$L$5 -> 0.2232 | K94: =TRUNC(H94 * (1 + J94), 2) -> 581.11 | L94: =TRUNC(G94 * K94, 2) -> 3486.66
B95: 7.1.10 | C95: 230174 | D95: AGETOP CIVIL | E95: BARRA DE APOIO EM AÇO INOX - 40 CM | F95: un | G95: 2 | H95: 85.53 | I95: =TRUNC(G95 * H95, 2) -> 171.06 | J95: =+$L$5 -> 0.2232 | K95: =TRUNC(H95 * (1 + J95), 2) -> 104.62 | L95: =TRUNC(G95 * K95, 2) -> 209.24
B96: 7.1.11 | C96: 230176 | D96: AGETOP CIVIL | E96: BARRA DE APOIO EM AÇO INOX - 80 CM | F96: un | G96: 3 | H96: 154.38 | I96: =TRUNC(G96 * H96, 2) -> 463.14 | J96: =+$L$5 -> 0.2232 | K96: =TRUNC(H96 * (1 + J96), 2) -> 188.83 | L96: =TRUNC(G96 * K96, 2) -> 566.49
B97: 7.1.12 | C97: 080721 | D97: AGETOP CIVIL | E97: CHUVEIRO ELÉTRICO EM PVC COM BRAÇO METÁLICO | F97: Un | G97: 2 | H97: 118.58 | I97: =TRUNC(G97 * H97, 2) -> 237.16 | J97: =+$L$5 -> 0.2232 | K97: =TRUNC(H97 * (1 + J97), 2) -> 145.04 | L97: =TRUNC(G97 * K97, 2) -> 290.08
... B102: 7.1.17 | C102: 13655 | D102: ORSE | E102: Lavatório louça suspenso 39,5 x 29,5 cm , linha Izy, ref. L.15.17, DECA ou similar, sem coluna, c/ sifão cromado, válvula cromada, engate cromado, exclusive torneira - (ADAPTADO CONFORME DECRETO ESTADUAL N° 9900/2021) | F102: un | G102: 3 | H102: 597.4 | I102: =TRUNC(G102 * H102, 2) -> 1792.2 | J102: =+$L$5 -> 0.2232 | K102: =TRUNC(H102 * (1 + J102), 2) -> 730.73 | L102: =TRUNC(G102 * K102, 2) -> 2192.19
B103: 7.2 | E103: INSTALAÇÕES SANITÁRIAS | I103: =SUBTOTAL(9,I104:I215) -> 272795.4 | L103: =SUBTOTAL(9,L104:L215) -> 324340.38
B104: 7.2.1 | E104: ESGOTO | I104: =SUBTOTAL(9,I105:I141) -> 10415.33 | L104: =SUBTOTAL(9,L105:L141) -> 12739.05
B105: 7.2.1.1 | C105: 070715 | D105: AGETOP CIVIL | E105: CAIXA DE PASSAGEM 60X60X80CM (MEDIDAS INTERNAS) FUNDO DE BRITA SEM TAMPA | F105: Un | G105: 3 | H105: 420.41 | I105: =TRUNC(G105 * H105, 2) -> 1261.23 | J105: =+$L$5 -> 0.2232 | K105: =TRUNC(H105 * (1 + J105), 2) -> 514.24 | L105: =TRUNC(G105 * K105, 2) -> 1542.72
B106: 7.2.1.2 | C106: 081826 | D106: AGETOP CIVIL | E106: TAMPA EM CONCRETO ARMADO 25 MPA E=5CM PARA A CAIXA DE PASSAGEM 60X60CM | F106: Un | G106: 3 | H106: 73.06 | I106: =TRUNC(G106 * H106, 2) -> 219.18 | J106: =+$L$5 -> 0.2232 | K106: =TRUNC(H106 * (1 + J106), 2) -> 89.36 | L106: =TRUNC(G106 * K106, 2) -> 268.08
B107: 7.2.1.3 | C107: 070714 | D107: AGETOP CIVIL | E107: CAIXA DE PASSAGEM 50X50X80CM (MEDIDAS INTERNAS) FUNDO DE BRITA SEM TAMPA | F107: Un | G107: 6 | H107: 367.45 | I107: =TRUNC(G107 * H107, 2) -> 2204.7 | J107: =+$L$5 -> 0.2232 | K107: =TRUNC(H107 * (1 + J107), 2) -> 449.46 | L107: =TRUNC(G107 * K107, 2) -> 2696.76
B108: 7.2.1.4 | C108: 070634 | D108: AGETOP CIVIL | E108: CAIXA DE PASSAGEM - TAMPA EM CONCRETO ARMADO 25 MPA E=5CM | F108: m² | G108: 1.5 | H108: 90.23 | I108: =TRUNC(G108 * H108, 2) -> 135.34 | J108: =+$L$5 -> 0.2232 | K108: =TRUNC(H108 * (1 + J108), 2) -> 110.36 | L108: =TRUNC(G108 * K108, 2) -> 165.54
B109: 7.2.1.5 | C109: 081661 | D109: AGETOP CIVIL | E109: CORPO CAIXA SIFONADA DIAM. 100 X 100 X 50 | F109: Un | G109: 4 | H109: 26.06 | I109: =TRUNC(G109 * H109, 2) -> 104.24 | J109: =+$L$5 -> 0.2232 | K109: =TRUNC(H109 * (1 + J109), 2) -> 31.87 | L109: =TRUNC(G109 * K109, 2) -> 127.48
B110: 7.2.1.6 | C110: 081664 | D110: AGETOP CIVIL | E110: CORPO CAIXA SIFONADA DIAM. 150 X 185 X 75 | F110: Un | G110: 2 | H110: 45.72 | I110: =TRUNC(G110 * H110, 2) -> 91.44 | J110: =+$L$5 -> 0.2232 | K110: =TRUNC(H110 * (1 + J110), 2) -> 55.92 | L110: =TRUNC(G110 * K110, 2) -> 111.84
B111: 7.2.1.7 | C111: 080561 | D111: AGETOP CIVIL | E111: SIFAO PARA LAVATORIO PVC DIAM.1"X1.1/2" | F111: Un | G111: 6 | H111: 26.53 | I111: =TRUNC(G111 * H111, 2) -> 159.18 | J111: =+$L$5 -> 0.2232 | K111: =TRUNC(H111 * (1 + J111), 2) -> 32.45 | L111: =TRUNC(G111 * K111, 2) -> 194.7
B112: 7.2.1.8 | C112: 080562 | D112: AGETOP CIVIL | E112: SIFAO FLEXIVEL UNIVERSAL (SANFONADO) EM PVC PARA LAVATORIO | F112: Un | G112: 1 | H112: 22.74 | I112: =TRUNC(G112 * H112, 2) -> 22.74 | J112: =+$L$5 -> 0.2232 | K112: =TRUNC(H112 * (1 + J112), 2) -> 27.81 | L112: =TRUNC(G112 * K112, 2) -> 27.81
...

Sheet MEMORIAL DE CÁLCULO (SD)
B1: MEMORIAL DE CÁLCULO SEM DESONERAÇÃO
B3: OBJETO: | C3: ='[1]DADOS DA OBRA'!B13 -> CONSTRUÇÃO NOVA FÁBRICA SEAPA (AGROINDÚSTRIA DE POLPA DE FRUTAS) | F3: DATA: | G3: ='[1]DADOS DA OBRA'!$N$22 -> 13/06/2025 | J3: ENCARGOS SOCIAIS HORISTAS: | K3: ='[1]ENCARGOS SOCIAIS'!F43 -> 1.1737
B4: LOCAL: | C4: ='[1]DADOS DA OBRA'!B16 -> RUA 22 , LT.01 - A, QUADRA 01-A | F4: REVISÃO: | G4: ='[1]DADOS DA OBRA'!$N$25 -> 00 | J4: ENCARGOS SOCIAIS MENSALISTAS: | K4: ='[1]ENCARGOS SOCIAIS'!G43 -> 0.7419
F5: PRAZO: | G5: ='[1]DADOS DA OBRA'!B25 -> 06 MESES | J5: BDI OBRA: | K5: ='[1]BDI NORMAL (SD) '!F21/100 -> 0.2232
J6: BDI DIFERENCIADO: | K6: ='[1]BDI DIFERENCIADO (SD) '!F21/100 -> 0.182
B8: Item | C8: Código | D8: Banco | E8: Descrição | F8: Und | G8: Qtd | H8: Valor Unit | I8: Valor Unit sem BDI | J8: Total | K8: Peso (%)
B9: 1 | E9: ADMINISTRAÇÃO LOCAL E CUSTOS INDIRETOS | G9: 1 | I9: 323792.87 | J9: 323792.87 | K9: 0.088195305
B10: 1.1 | C10: 250101 | D10: AGETOP CIVIL | E10: ENGENHEIRO - (OBRAS CIVIS) | F10: H | G10: 980 | H10: 102.16 | I10: 102.16 | J10: 100116.8 | K10: 0.02727
B11: Local | E11: Descrição | F11: Fórmula | J11: Quantidade
B12: PREVISÃO ENGENHARIA DE CUSTO - SEINFRA | E12: (6 MESES) = 980HORAS | F12: 980 | J12: 980
B13: 1.2 | C13: 250102 | D13: AGETOP CIVIL | E13: MESTRE DE OBRA - (OBRAS CIVIS) | F13: H | G13: 1320 | H13: 51.73 | I13: 51.73 | J13: 68283.6 | K13: 0.018599214
B14: Local | E14: Descrição | F14: Fórmula | J14: Quantidade
B15: PREVISÃO ENGENHARIA DE CUSTO - SEINFRA | E15: (220 H/MÊS * QUANTIDADE DE MÊS OBRA * 6 MESES) | F15: 220*6 | J15: 1320
B16: 1.3 | C16: 250114 | D16: AGETOP CIVIL | E16: APONTARIFE - (OBRAS CIVIS) | F16: h | G16: 1320 | H16: 24.38 | I16: 24.38 | J16: 32181.6 | K16: 0.0087656841
B17: Local | E17: Descrição | F17: Fórmula | J17: Quantidade
B18: PREVISÃO ENGENHARIA DE CUSTO - SEINFRA | E18: (220 H/MÊS * QUANTIDADE DE MÊS OBRA * 6 MESES) | F18: 220*6 | J18: 1320
B19: 1.4 | C19: 271500 | D19: AGETOP CIVIL | E19: CAFE DA MANHA | F19: RE | G19: 3288 | H19: 3.38 | I19: 3.38 | J19: 11113.44 | K19: 0.0030270995
B20: Local | E20: Descrição | F20: Fórmula | J20: Quantidade
B21: PREVISÃO ENGENHARIA DE CUSTO - SEINFRA | E21: CONFORME CRITÉRIOS PARA ORÇAMENTO DE OBRAS CIVIS PL-GECOC (GO INFRA) PAG. 25/28 - CAFÉ DA MANHÃ: A QUANTIDADE RELATIVA AO CAFÉ DA MANHÃ DEVE SER CALCULADA BASEANDO-SE NO TOTAL DE HORAS TRABALHADAS SOMADAS DOS PROFISSIONAIS, COM EXCEÇÃO DO ENGENHEIRO (DE ACORDO COM AS COMPOSIÇÕES DOS SERVIÇOS), DIVIDIDO POR 8,8 (OITO VÍRGULA OITO HORAS/DIA) E MULTIPLICADO POR 0,85. NÃO CONSIDERAR OS PROFISSIONAIS TERCEIRIZADOS, A NÃO SER QUE NA PROPOSTA DE PREÇOS SEJA EXIGIDO. | F21: 3288 | J21: 3288
B22: 1.5 | C22: 271502 | D22: AGETOP CIVIL | E22: CANTINA - (OBRAS CIVIS) | F22: RE | G22: 3288 | H22: 22.5 | I22: 22.5 | J22: 73980 | K22: 0.02015081
B23: Local | E23: Descrição | F23: Fórmula | J23: Quantidade
B24: PREVISÃO ENGENHARIA DE CUSTO - SEINFRA | E24: CONFORME CRITÉRIOS PARA ORÇAMENTO DE OBRAS CIVIS PL-GECOC (GO INFRA) PAG. 26/28 - CANTINA: A QUANTIDADE DE REFEIÇÕES RELATIVA À CANTINA DEVE SER CALCULADA BASEADA NO TOTAL DE HORAS TRABALHADAS SOMADAS DOS PROFISSIONAIS, COM EXCEÇÃO DO ENGENHEIRO (DE ACORDO COM AS COMPOSIÇÕES DOS SERVIÇOS), DIVIDIDO POR 8,8 (OITO VÍRGULA OITO HORAS/DIA) E MULTIPLICADO POR 0,85. NÃO CONSIDERAR OS PROFISSIONAIS TERCEIRIZADOS, A NÃO SER QUE NA PROPOSTA DE PREÇOS SEJA EXIGIDO O FORNECIMENTO DO CAFÉ DA MANHÃ PARA OS ESTES FUNCIONÁRIOS. | F24: 3288 | J24: 3288
B25: 1.6 | C25: 021602 | D25: AGETOP CIVIL | E25: EPI/PGR/PCMSO/EXAMES/TREINAMENTOS/VISITAS - ÁREAS EDIFICADAS/COBERTAS/FECHADAS | F25: m² | G25: 691.41 | H25: 48.22 | I25: 48.22 | J25: 33339.79 | K25: 0.0090811541
B26: Local | E26: Descrição | F26: Fórmula | J26: Quantidade
B27: PREVISÃO ENGENHARIA DE CUSTO - SEINFRA | E27: PRANCHA 001 - SEIN- SEAP- ARQ- EX-001- CVG- QDR- R00 - TABELA DE ÁREA CONSTRUÍDA - AGROINDUSTRIA - CONFORME CRITÉRIOS PARA ORÇAMENTO DE OBRAS CIVIS PL-GECOC (GO INFRA) ITEM 2.1.8 - PAG. 6/28 | F27: 691,41 | J27: 691.41
B28: 1.7 | C28: 020200 | D28: AGETOP CIVIL | E28: FERRAMENTAS (MANUAIS/ELÉTRICAS) E MATERIAL DE LIMPEZA PERMANENTE DA OBRA - ÁREAS EDIFICADAS/COBERTAS/FECHADAS | F28: m² | G28: 691.41 | H28: 6.91 | I28: 6.91 | J28: 4777.64 | K28: 0.0013013425
B29: Local | E29: Descrição | F29: Fórmula | J29: Quantidade
B30: PREVISÃO ENGENHARIA DE CUSTO - SEINFRA | E30: PRANCHA 001 - SEIN- SEAP- ARQ- EX-001- CVG- QDR- R00 - TABELA DE ÁREA CONSTRUÍDA - AGROINDUSTRIA - CONFORME CRITÉRIOS PARA ORÇAMENTO DE OBRAS CIVIS PL-GECOC (GO INFRA) ITEM 2.1.2 - PAG. 4/28 | F30: 691,41 | J30: 691.41
B31: 2 | E31: CANTEIRO DE OBRA E SERVIÇOS PRELIMINARES | G31: 1 | I31: 159698.93 | J31: 159698.93 | K31: 0.043499092
B32: 2.1 | E32: SERVIÇOS E INSTALAÇÕES PROVISÓRIAS, CANTEIRO DE OBRA E FERRAMENTAS | G32: 1 | I32: 140375.87 | J32: 140375.87 | K32: 0.038235841
B33: 2.1.1 | C33: 020212 | D33: AGETOP CIVIL | E33: BARRACÃO DE OBRAS PADRÃO GOINFRA ( BLOCOS,COBERTURAS,PASSARELAS E MÓVEIS), SEM ALOJAMENTO E LAVANDERIA , COM PINTURA, EM CONSONÂNCIA COM AS NR'S, EM ESPECIAL A NR-18, INCLUSO INSTALAÇÕES ELÉTRICAS E HIDROSSANITÁRIAS - ( COM REAPROVEITAMENTO 1 VEZ ). | F33: m² | G33: 43.2 | H33: 303.95 | I33: 303.95 | J33: 13130.64 | K33: 0.0035765482
B34: Local | E34: Descrição | F34: Fórmula | J34: Quantidade
B35: PREVISÃO ENGENHARIA DE CUSTO - SEINFRA | E35: 1 UNIDADE NECESSÁRIA PARA ESCRITÓRIO, 1 UNIDADE NECESSÁRIA PARA SANITÁRIO E 1 UNIDADE PARA ALMOXARIFADO .: “ESCRITÓRIO COM REVESTIMENTO INTERNO, PARA ESCRITÓRIO 6,00 X 2,40 M – MESMO TAMANHO DE UM CONTAINER” + “SANITÁRIO MISTO 6,00 X 2,40 M, COM VASOS, LAVATÓRIO E MICTÓRIO - MESMO TAMANHO DE UM CONTAINER” + “SEM REVESTIMENTO INTERNO PARA ALMOXARIFADO 6,00 X 2,40 M - MESMO TAMANHO DE UM CONTAINER” | F35: (6*2,40)*3 | J35: 43.2
B36: 2.1.2 | C36: 020303 | D36: AGETOP CIVIL | E36: DEPÓSITO PARA CIMENTO TIPO II COM PINTURA PADRÃO GOINFRA (3,30 X 3,30 M) A=10,89 M2 (C/ REAPROV. 1 VEZ ) - INCLUSO PALETES | F36: un | G36: 1 | H36: 3675.93 | I36: 3675.93 | J36: 3675.93 | K36: 0.0010012567
B37: Local | E37: Descrição | F37: Fórmula | J37: Quantidade
B38: PREVISÃO ENGENHARIA DE CUSTO - SEINFRA | E38: 1 UNIDADE NECESSÁRIA PARA ARMAZENAR CIMENTO | F38: 1 | J38: 1
B39: 2.1.3 | C39: 020600 | D39: AGETOP CIVIL | E39: TAPUME EM CHAPA COMPENSADA RESINADA 6MM COM PORTÕES E FERRAGENS - PADRÃO GOINFRA | F39: m² | G39: 348.57 | H39: 75.97 | I39: 75.97 | J39: 26480.86 | K39: 0.007212906
B40: Local | E40: Descrição | F40: Fórmula | J40: Quantidade
E41: CONFORME SEIN- SEAP- ARQ- EX-001- CVG- QDR- R00 - PRANCHA 001 - PLANTA DE SITUAÇÃO - PREVISÃO DE TAPUME EM TODO PERIMETRO DA EDIFICAÇÃO, FOI VERIFICADO A NECESSIDADE POIS, A QUADRA ESTÁ VAZIA. PORTANTO SOMA TOTAL DOS PERIMETROS DO LOTA 1-A, E A NR-18 estabelece que os tapumes devem ser fixados de forma resistente e ter uma altura mínima de 2,20 metros em relação ao nivel do terreno. | F41: (50,21+24,18+41,65+3,58+3,95+3,35+31,52)*2,20 | J41: 348.568
B42: ARREDONDAMENTO PARA 2 CASAS | F42: 348,568-348,57 | J42: 0.002
B43: 2.1.4 | C43: 021301 | D43: AGETOP CIVIL | E43: PLACA DE OBRA PLOTADA EM CHAPA METÁLICA 26 , AFIXADA EM CAVALETES DE MADEIRA DE LEI (VIGOTAS 6X12CM) - PADRÃO GOINFRA | F43: m² | G43: 7.5 | H43: 372.37 | I43: 372.37 | J43: 2792.78 | K43: 0.00076070262
B44: Local | E44: Descrição | F44: Fórmula | J44: Quantidade
B45: PREVISÃO ENGENHARIA DE CUSTO - SEINFRA | E45: CONFORME CRITÉRIOS PARA ORÇAMENTO DE OBRAS CIVIS PL-GECOC (GO INFRA) ITEM 2.1.7 - PAG. 5/28 - UTILIZAR AS ORIENTAÇÕES CONSTANTES DA TABELA 1 (DIMENSÃO DAS PLACAS DE OBRAS-ORIENTAÇÃO), GOVERNO ESTADUAL-6,0M2 + CREA-1,50M2 | F45: 6+1,50 | J45: 7.5
B46: 2.1.5 | C46: 020701 | D46: AGETOP CIVIL | E46: LOCAÇÃO DA OBRA, EXECUÇÃO DE GABARITO SEM REAPROVEITAMENTO, INCLUSO PINTURA (FACE INTERNA DO RIPÃO 15CM) E PIQUETE COM TESTEMUNHA | F46: m² | G46: 691.41 | H46: 5.28 | I46: 5.28 | J46: 3650.64 | K46: 0.00099436812
B47: Local | E47: Descrição | F47: Fórmula | J47: Quantidade
B48: SEIN-FRUT-ARQ-EXE-R00.rvt | E48: PRANCHA 001 - SEIN- SEAP- ARQ- EX-001- CVG- QDR- R00 - TABELA DE ÁREA CONSTRUÍDA - AGROINDUSTRIA - CONFORME CRITÉRIOS PARA ORÇAMENTO DE OBRAS CIVIS PL-GECOC (GO INFRA) ITEM 2.1.2 - PAG. 4/28 - "Considerar sempre a quantificação igual à área construída". | F48: 691,41 | J48: 691.41
B49: 2.1.6 | C49: 020190 | D49: AGETOP CIVIL | E49: LIMPEZA MECÂNICA DE TERRENO | F49: m² | G49: 1546.29 | H49: 0.25 | I49: 0.25 | J49: 386.57 | K49: 0.00010529466
B50: Local | E50: Descrição | F50: Fórmula | J50: Quantidade
B51: SEIN-FRUT-ARQ-EXE-R00.rvt | E51: CONFORME CRITÉRIOS PARA ORÇAMENTO DE OBRAS CIVIS PL-GECOC (GO INFRA) - 2.1.3 LIMPEZA DO TERRENO, PAG 4/28, INFORMAÇÕES RELATIVOS À TOPOGRAFIA DO TERRENO, EVIDENCIAS MOSTRAM QUE O LOCAL SE ENCONTRA COM VEGETAÇÕES, ADOTANDO EQUIPAMENTO MECÂNICO PARA REALIZAÇÃO DO SERVIÇO. – ÁREA DO TERRENO NO CARIMBO DO REFERIDO PROJETO DE ARQUITETURA, CONTENDO EM TODAS AS PRANCHAS E PRANCHA 001 - SEIN- SEAP- ARQ- EX-001- CVG- QDR- R00. | F51: 1546,29 | J51: 1546.29
B52: 2.1.7 | C52: 020400 | D52: AGETOP CIVIL | E52: LIGAÇÃO PROVISÓRIA DE ÁGUA (INCLUSO RETIRADA DO ESGOTO SANITÁRIO) - PD. GOINFRA | F52: Un | G52: 1 | H52: 3482.69 | I52: 3482.69 | J52: 3482.69 | K52: 0.00094862159
B53: Local | E53: Descrição | F53: Fórmula | J53: Quantidade
B54: PREVISÃO ENGENHARIA DE CUSTO - SEINFRA | E54: 1 UNIDADE - CONFORME CRITÉRIOS PARA ORÇAMENTO DE OBRAS CIVIS PL-GECOC (GO INFRA) ITEM 2.1.2 Instalação do Canteiro, paragrafo "Caso necessário, prever ligações provisórias de água e energia..." - PAG. 4/28. | F54: 1 | J54: 1
B55: 2.1.8 | C55: 020501 | D55: AGETOP CIVIL | E55: LIGAÇÃO PROVISÓRIA LUZ E FORÇA - PD. GOINFRA | F55: Un | G55: 1 | H55: 4847.87 | I55: 4847.87 | J55: 4847.87 | K55: 0.0013204719
B56: Local | E56: Descrição | F56: Fórmula | J56: Quantidade
B57: PREVISÃO ENGENHARIA DE CUSTO - SEINFRA | E57: 1 UNIDADE - CONFORME CRITÉRIOS PARA ORÇAMENTO DE OBRAS CIVIS PL-GECOC (GO INFRA) ITEM 2.1.2 Instalação do Canteiro, paragrafo "Caso necessário, prever ligações provisórias de água e energia..." - PAG. 4/28. | F57: 1 | J57: 1
B58: 2.1.9 | C58: 021400 | D58: AGETOP CIVIL | E58: CONSUMO DE ÁGUA | F58: m³ | G58: 319.98 | H58: 11.73 | I58: 11.73 | J58: 3753.37 | K58: 0.0010223499
B59: Local | E59: Descrição | F59: Fórmula | J59: Quantidade
B60: PREVISÃO ENGENHARIA DE CUSTO - SEINFRA | E60: SEIN-FRUT-ARQ-EXE-R00.rvt - PRANCHA 001 - SEIN- SEAP- ARQ- EX-001- CVG- QDR- R00 - TABELA DE ÁREA CONSTRUÍDA - AGROINDUSTRIA - CONFORME CRITÉRIOS PARA ORÇAMENTO DE OBRAS CIVIS PL-GECOC (GO INFRA) ITEM 2.1.5 Consumo de Água/ Esgoto/ Energia - ÁGUA - 0,4628 M³/M² - PRANCHA 1/12 - ARQ-PB-QDR-GRL - TABELA DE ÁREA CONSTRUÍDA - AGROINDUSTRIA. | F60: 0,4628*691,41 | J60: 319.98455
B61: ARREDONDAMENTO PARA 2 CASAS | F61: 319,984548-319,98 | J61: -0.004548
B62: 2.1.10 | C62: 021399 | D62: AGETOP CIVIL | E62: CONSUMO DE ESGOTO | F62: m³ | G62: 319.98 | H62: 9.38 | I62: 9.38 | J62: 3001.41 | K62: 0.00081752964
B63: Local | E63: Descrição | F63: Fórmula | J63: Quantidade
B64: PREVISÃO ENGENHARIA DE CUSTO - SEINFRA | E64: SEIN-FRUT-ARQ-EXE-R00.rvt - PRANCHA 001 - SEIN- SEAP- ARQ- EX-001- CVG- QDR- R00 - TABELA DE ÁREA CONSTRUÍDA - AGROINDUSTRIA - CONFORME CRITÉRIOS PARA ORÇAMENTO DE OBRAS CIVIS PL-GECOC (GO INFRA) ITEM 2.1.5 Consumo de Água/ Esgoto/ Energia - ESGOTO - 0,4628 M³/M² - PRANCHA 1/12 - ARQ-PB-QDR-GRL - TABELA DE ÁREA CONSTRUÍDA - AGROINDUSTRIA. | F64: 0,4628*691,41 | J64: 319.98455
B65: ARREDONDAMENTO PARA 2 CASAS | F65: 319,984548-319,98 | J65: -0.004548
B66: 2.1.11 | C66: 021401 | D66: AGETOP CIVIL | E66: CONSUMO DE ENERGIA ELÉTRICA | F66: KWH | G66: 2278.31 | H66: 0.92 | I66: 0.92 | J66: 2096.05 | K66: 0.000570926
B67: Local | E67: Descrição | F67: Fórmula | J67: Quantidade
B68: PREVISÃO ENGENHARIA DE CUSTO - SEINFRA | E68: SEIN-FRUT-ARQ-EXE-R00.rvt - PRANCHA 001 - SEIN- SEAP- ARQ- EX-001- CVG- QDR- R00 - TABELA DE ÁREA CONSTRUÍDA - AGROINDUSTRIA - CONFORME CRITÉRIOS PARA ORÇAMENTO DE OBRAS CIVIS PL-GECOC (GO INFRA) ITEM 2.1.5 Consumo de Água/ Esgoto/ Energia - ENERGIA - 3,29517 Kwh/m² - PRANCHA 1/12 - ARQ-PB-QDR-GRL - TABELA DE ÁREA CONSTRUÍDA - AGROINDUSTRIA. | F68: 3,29517*691,41 | J68: 2278.3135
B69: ARREDONDAMENTO PARA 2 CASAS | F69: 2278,3134897-2278,31 | J69: -0.0034897
B70: 2.1.12 | C70: 060104 | D70: AGETOP CIVIL | E70: ANDAIME METALICO TORRE (ALUGUEL/MES) | F70: m | G70: 384 | H70: 35.49 | I70: 35.49 | J70: 13628.16 | K70: 0.0037120636
B71: Local | E71: Descrição | F71: Fórmula | J71: Quantidade
B72: PREVISÃO ENGENHARIA DE CUSTO - SEINFRA | E72: CONFORME CRITÉRIOS PARA ORÇAMENTO DE OBRAS CIVIS PL-GECOC (GO INFRA) ITEM 5.2 - ANDAIMES - Andaime Metálico Torre (ml): para serviços em alturas superiores a 3,00 m, nos quais for necessário montar plataformas (com várias torres ou torre única), medidos em metros pela altura de cada torre. Obs.: O valor constante da planilha referente às composições de andaimes se refere a 01 (um) mês de aluguel. Deve-se dimensionar para quantos meses for necessário o aluguel do equipamento para esta área - PAG 11/28. SEIN-FRUT-ARQ-EXE-R00.rvt, CONFORME - PRANCHA SEIN- SEAP- ARQ- EX-200- CTE - CAA- R00– PRANCHA 200 – CORTE 03 - ALTURA PÉ DIREIRO INTERNO GALPÃO INDUSTRIA= 3,00m * 4 PEÇAS/M (1CJ) * QTD TORRES (FRENTE DE SERVIÇO) + (CORTE2), ALTURA PÉ DIREITO BLOCO ADMINISTRAÇÃO= 2,48m * 4 PEÇAS/M (1CJ) * QTD TORRES (FRENTE DE SERVIÇO), SOMA TOTAL * QUANTIDADE MESES NECESSÁRIOS. | F72: (((3*4*2)+(3*4*2))*4)*2 | J72: 384
B73: 2.1.13 | C73: 02.06.030 | D73: CPOS/CDHU | E73: LOCAÇÃO DE PLATAFORMA ELEVATÓRIA ARTICULADA, COM ALTURA APROXIMADA DE 12,5M, CAPACIDADE DE CARGA DE 227 KG, ELÉTRICA (ADAPTADO CONFORME DECRETO ESTADUAL N° 9900/2021) | F73: unxmês | G73: 3 | H73: 14080.5 | I73: 14080.5 | J73: 42241.5 | K73: 0.011505818
B74: Local | E74: Descrição | F74: Fórmula | J74: Quantidade
B75: PREVISÃO ENGENHARIA DE CUSTO - SEINFRA | E75: PLATAFORMA ELEVATÓRIA, PARA AUXILIAR NA CONSTRUÇÃO DO FECHAMENTO LATERAL COM TELHA METALICA E CONSTRUÇÃO DOS ELEMENTOS DECORATIVOS COMO LOGOTIPO EM ACM. 1 UNIDADE * 3 MESES | F75: 1*3 | J75: 3
B76: 2.1.14 | C76: 62.00.95 | D76: EMBASA | E76: VIGILÂNCIA REMOTA COM CFTV, POR CÂMERA MES (ADAPTADO CONFORME DECRETO ESTADUAL N° 9900/2021) | F76: UNx | G76: 60 | H76: 286.79 | I76: 286.79 | J76: 17207.4 | K76: 0.0046869837
B77: Local | E77: Descrição | F77: Fórmula | J77: Quantidade
B78: PREVISÃO ENGENHARIA DE CUSTO - SEINFRA | E78: PREVISÃO PARA 2 CAMERAS EM CADA VERTICE DO CANTEIRO DE OBRAS E 2 CAMERAS NAS LATERAIS DO CANTEIRO. PARA TODO TEMPO DA OBRA. .: 6 MESES. | F78: 10*6 | J78: 60
B79: 2.2 | E79: TRANSPORTES E EQUIPAMENTOS | G79: 1 | I79: 19323.06 | J79: 19323.06 | K79: 0.0052632511
B80: 2.2.1 | C80: 030101 | D80: AGETOP CIVIL | E80: TRANSPORTE DE ENTULHO EM CAMINHÃO INCLUSO A CARGA MANUAL | F80: m³ | G80: 48.4 | H80: 51.99 | I80: 51.99 | J80: 2516.32 | K80: 0.00068539993
B81: Local | E81: Descrição | F81: Fórmula | J81: Quantidade
B82: PREVISÃO ENGENHARIA DE CUSTO - SEINFRA | E82: CONFORME CRITÉRIOS PARA ORÇAMENTO DE OBRAS CIVIS PL-GECOC (GO INFRA) ITEM 2.2 - TRANSPORTES - Para o entulho gerado durante a obra, estimar volume de 7% da área de construção e adotar a composição “transporte de entulho incluso carga manual”. - SEIN-FRUT-ARQ-EXE-R00.rvt - PRANCHA 001 - SEIN- SEAP- ARQ- EX-001- CVG- QDR- R00 - TABELA DE ÁREA CONSTRUÍDA – AGROINDUSTRIA. | F82: 691,41*0,07 | J82: 48.3987
B83: ARREDONDAMENTO PARA 2 CASAS | F83: 48,3987-48,40 | J83: 0.0013
B84: 2.2.2 | C84: 030114 | D84: AGETOP CIVIL | E84: MOBILIZAÇÃO DO CANTEIRO DE OBRAS - INCLUSIVE CARGA E DESCARGA E A HORA IMPRODUTIVA DO CAMINHÃO - ( EXCLUSO O TRANSPORTE ) | F84: un | G84: 1 | H84: 403.37 | I84: 403.37 | J84: 403.37 | K84: 0.00010987067
B85: Local | E85: Descrição | F85: Fórmula | J85: Quantidade
B86: PREVISÃO ENGENHARIA DE CUSTO - SEINFRA | E86: 1 UNIDADE NECESSÁRIA PARA MOBILIZAÇÃO DO CANTEIRO - IDA | F86: 1 | J86: 1
B87: 2.2.3 | C87: 030116 | D87: AGETOP CIVIL | E87: DESMOBILIZAÇÃO DO CANTEIRO DE OBRAS - INCLUSIVE CARGA E DESCARGA E A HORA IMPRODUTIVA DO CAMINHÃO - ( EXCLUSO O TRANSPORTE ) | F87: un | G87: 1 | H87: 403.37 | I87: 403.37 | J87: 403.37 | K87: 0.00010987067
B88: Local | E88: Descrição | F88: Fórmula | J88: Quantidade
B89: PREVISÃO ENGENHARIA DE CUSTO - SEINFRA | E89: 1 UNIDADE NECESSÁRIA PARA MOBILIZAÇÃO DO CANTEIRO - VOLTA | F89: 1 | J89: 1
B90: 2.2.4 | C90: 072080 | D90: AGETOP CIVIL | E90: POSTE/TRAFO - CAMINHÃO MUNCK 12 TON. (MÍNIMO 4H/DIA) | F90: H | G90: 80 | H90: 200 | I90: 200 | J90: 16000 | K90: 0.0043581098
B91: Local | E91: Descrição | F91: Fórmula | J91: Quantidade
B92: PREVISÃO ENGENHARIA DE CUSTO - SEINFRA | E92: PREVISÃO DE CAMINHÃO MUNCK PARA PEÇAS/EQUIPAMENTOS/MATERIAIS PESADAS / ESTRUTURAS METÁLICAS. PREVISÃO .: 8 HORAS/DIAS * 10 DIAS. | F92: 8*10 | J92: 80
B93: 3 | E93: SERVIÇOS EM TERRA | G93: 1 | I93: 5003.03 | J93: 5003.03 | K93: 0.0013627346
B94: 3.1 | E94: MOVIMENTO DE TERRA | G94: 1 | I94: 5003.03 | J94: 5003.03 | K94: 0.0013627346
B95: 3.1.1 | C95: 041004 | D95: AGETOP CIVIL | E95: ESCAVACAO MECANICA | F95: m³ | G95: 265.56 | H95: 2.49 | I95: 2.49 | J95: 661.24 | K95: 0.00018010978
B96: Local | E96: Descrição | F96: Fórmula | J96: Quantidade
B97: 1/1 - PLANTA DE TERRAPLENAGEM | E97: CONFORME CRITÉRIOS PARA ORÇAMENTO DE OBRAS CIVIS PL-GECOC (GO INFRA), PAG. 07/28, TABELA DE SÓLIDOS TOPOGRÁFICOS – CORTE - (ESCAVAÇÃO MECÂNICA). CONFORME PROJETO DE TERAPLANAGEM, SEIN-FRUT-ARQ-EXE-R00.rvt – PREENCHIMENTO (ATERRO), CORTE / PREENCHIMENTO LÍQUIDO. - Considerar o volume de corte – natural. | F97: 265,56 | J97: 265.56
B98: 3.1.2 | C98: 041007 | D98: AGETOP CIVIL | E98: ESPALHAMENTO MECANICO | F98: m² | G98: 2505.95 | H98: 0.42 | I98: 0.42 | J98: 1052.5 | K98: 0.00028668191
B99: Local | E99: Descrição | F99: Fórmula | J99: Quantidade
B100: 1/1 - PLANTA DE TERRAPLENAGEM | E100: CONFORME CRITÉRIOS PARA ORÇAMENTO DE OBRAS CIVIS PL-GECOC (GO INFRA), PAG. 07/28, TABELA DE SÓLIDOS TOPOGRÁFICOS – CORTE - (ESCAVAÇÃO MECÂNICA). CONFORME PROJETO DE TERAPLANAGEM, SEIN-FRUT-ARQ-EXE-R00.rvt – PREENCHIMENTO (ATERRO), CORTE / PREENCHIMENTO LÍQUIDO. – TABELA DE SÓLIDOS TOPOGRÁFICOS VALOR DE CORTE, PREENCHIMENTO (ATERRO), CORTE / PREENCHIMENTO LÍQUIDO. - (quando não se fizer o bota-fora) - Considerar a escavação menos o aterro “empolado” dividido pela espessura da camada (20 cm). | F100: ((613,40*1,25)-265,56)/0,2 | J100: 2505.95
B101: 3.1.3 | C101: 041008 | D101: AGETOP CIVIL | E101: COMPACTAÇÃO MECÂNICA COM CONTROLE DA UMIDADE (95% PN) | F101: m³ | G101: 347.84 | H101: 5.44 | I101: 5.44 | J101: 1892.25 | K101: 0.00051541458
B102: Local | E102: Descrição | F102: Fórmula | J102: Quantidade
...

Sheet COMPOSIÇÕES (SD)
B1: COMPOSIÇÕES SEM DESONERAÇÃO
B3: OBJETO: | C3: ='DADOS DA OBRA'!B13 -> CONSTRUÇÃO NOVA FÁBRICA SEAPA (AGROINDÚSTRIA DE POLPA DE FRUTAS) | H3: DATA: | I3: ='DADOS DA OBRA'!N22 -> 13/06/2025 | K3: ENCARGOS SOCIAIS HORISTAS: | L3: ='DADOS DA OBRA'!J22 -> 1.1737
B4: LOCAL: | C4: ='DADOS DA OBRA'!B16 -> RUA 22 , LT.01 - A, QUADRA 01-A | H4: REVISÃO: | I4: ='DADOS DA OBRA'!N25 -> 00 | K4: ENCARGOS SOCIAIS MENSALISTAS: | L4: ='DADOS DA OBRA'!J25 -> 0.7419
H5: PRAZO: | I5: ='DADOS DA OBRA'!B25 -> 06 MESES | K5: BDI OBRA: | L5: ='DADOS DA OBRA'!F22 -> 0.2232
K6: BDI DIFERENCIADO: | L6: ='DADOS DA OBRA'!F25 -> 0.182
B7: 1 | E7: ADMINISTRAÇÃO LOCAL E CUSTOS INDIRETOS | L7: 323792.87
B8: 1.1 | C8: Código | D8: Banco | E8: Descrição | F8: Tipo | H8: Und | I8: Quant. | J8: Porcent. | K8: Valor Unit | L8: Total
B9: Composição | C9: 250101 | D9: AGETOP CIVIL | E9: ENGENHEIRO - (OBRAS CIVIS) | F9: 2501 | H9: H | I9: 1 | K9: 102.16 | L9: 102.16
B10: Insumo | C10: 0001 | D10: AGETOP CIVIL | E10: ENGENHEIRO | F10: Mão de Obra | H10: MES | I10: 1 | J10: 0 | K10: 102.16 | L10: 102.16
G11: MO sem LS => | H11: 65.5 | I11: LS => | J11: 36.66 | K11: MO com LS => | L11: 102.16
G12: Valor do BDI => | H12: 0 | J12: Valor com BDI => | L12: 102.16
I13: Quant. => | J13: 980,00 | K13: Preço Total => | L13: 100116.8
B15: 1.2 | C15: Código | D15: Banco | E15: Descrição | F15: Tipo | H15: Und | I15: Quant. | J15: Porcent. | K15: Valor Unit | L15: Total
B16: Composição | C16: 250102 | D16: AGETOP CIVIL | E16: MESTRE DE OBRA - (OBRAS CIVIS) | F16: 2501 | H16: H | I16: 1 | K16: 51.73 | L16: 51.73
B17: Insumo | C17: 0003 | D17: AGETOP CIVIL | E17: MESTRE DE OBRAS | F17: Mão de Obra | H17: MES | I17: 1 | J17: 0 | K17: 51.73 | L17: 51.73
G18: MO sem LS => | H18: 33.17 | I18: LS => | J18: 18.56 | K18: MO com LS => | L18: 51.73
G19: Valor do BDI => | H19: 0 | J19: Valor com BDI => | L19: 51.73
I20: Quant. => | J20: 1.320,00 | K20: Preço Total => | L20: 68283.6
B22: 1.3 | C22: Código | D22: Banco | E22: Descrição | F22: Tipo | H22: Und | I22: Quant. | J22: Porcent. | K22: Valor Unit | L22: Total
B23: Composição | C23: 250114 | D23: AGETOP CIVIL | E23: APONTARIFE - (OBRAS CIVIS) | F23: 2501 | H23: h | I23: 1 | K23: 24.38 | L23: 24.38
B24: Insumo | C24: 0039 | D24: AGETOP CIVIL | E24: APONTARIFE | F24: Mão de Obra | H24: MES | I24: 1 | J24: 0 | K24: 24.38 | L24: 24.38
G25: MO sem LS => | H25: 15.63 | I25: LS => | J25: 8.75 | K25: MO com LS => | L25: 24.38
G26: Valor do BDI => | H26: 0 | J26: Valor com BDI => | L26: 24.38
I27: Quant. => | J27: 1.320,00 | K27: Preço Total => | L27: 32181.6
B29: 1.4 | C29: Código | D29: Banco | E29: Descrição | F29: Tipo | H29: Und | I29: Quant. | J29: Porcent. | K29: Valor Unit | L29: Total
B30: Composição | C30: 271500 | D30: AGETOP CIVIL | E30: CAFE DA MANHA | F30: 2715 | H30: RE | I30: 1 | K30: 3.38 | L30: 3.38
B31: Insumo | C31: 2537 | D31: AGETOP CIVIL | E31: CAFÉ DA MANHA (COMP. AUXILIAR)** | F31: Material | H31: un | I31: 1 | J31: 0 | K31: 3.38 | L31: 3.38
G32: MO sem LS => | H32: 0 | I32: LS => | J32: 0 | K32: MO com LS => | L32: 0
G33: Valor do BDI => | H33: 0 | J33: Valor com BDI => | L33: 3.38
I34: Quant. => | J34: 3.288,00 | K34: Preço Total => | L34: 11113.44
B36: 1.5 | C36: Código | D36: Banco | E36: Descrição | F36: Tipo | H36: Und | I36: Quant. | J36: Porcent. | K36: Valor Unit | L36: Total
B37: Composição | C37: 271502 | D37: AGETOP CIVIL | E37: CANTINA - (OBRAS CIVIS) | F37: 2715 | H37: RE | I37: 1 | K37: 22.5 | L37: 22.5
B38: Insumo | C38: 1941 | D38: AGETOP CIVIL | E38: REFEICAO | F38: Material | H38: un | I38: 1 | J38: 0 | K38: 22.5 | L38: 22.5
G39: MO sem LS => | H39: 0 | I39: LS => | J39: 0 | K39: MO com LS => | L39: 0
G40: Valor do BDI => | H40: 0 | J40: Valor com BDI => | L40: 22.5
I41: Quant. => | J41: 3.275,00 | K41: Preço Total => | L41: 73687.5
B43: 1.6 | C43: Código | D43: Banco | E43: Descrição | F43: Tipo | H43: Und | I43: Quant. | J43: Porcent. | K43: Valor Unit | L43: Total
B44: Composição | C44: 021602 | D44: AGETOP CIVIL | E44: EPI/PGR/PCMSO/EXAMES/TREINAMENTOS/VISITAS - ÁREAS EDIFICADAS/COBERTAS/FECHADAS | F44: 216 | H44: m² | I44: 1 | K44: 48.22 | L44: 48.22
B45: Insumo | C45: 2538 | D45: AGETOP CIVIL | E45: EPI/PGR/PCMSO / EXAMES/TREINAMENTOS/VISITAS (COMP. AUXILIAR) | F45: Material | H45: m² | I45: 1 | J45: 0 | K45: 48.22 | L45: 48.22
G46: MO sem LS => | H46: 0 | I46: LS => | J46: 0 | K46: MO com LS => | L46: 0
G47: Valor do BDI => | H47: 0 | J47: Valor com BDI => | L47: 48.22
I48: Quant. => | J48: 691,41 | K48: Preço Total => | L48: 33339.79
B50: 1.7 | C50: Código | D50: Banco | E50: Descrição | F50: Tipo | H50: Und | I50: Quant. | J50: Porcent. | K50: Valor Unit | L50: Total
B51: Composição | C51: 020200 | D51: AGETOP CIVIL | E51: FERRAMENTAS (MANUAIS/ELÉTRICAS) E MATERIAL DE LIMPEZA PERMANENTE DA OBRA - ÁREAS EDIFICADAS/COBERTAS/FECHADAS | F51: 202 | H51: m² | I51: 1 | K51: 6.91 | L51: 6.91
B52: Insumo | C52: 2758 | D52: AGETOP CIVIL | E52: FERRAMENTAS/EQUIPAMENTOS E MATERIAL DE LIMPEZA PERMANENTE (COMPOSIÇÃO AUXILIAR ) | F52: Material | H52: m² | I52: 1 | J52: 0 | K52: 6.91 | L52: 6.91
G53: MO sem LS => | H53: 0 | I53: LS => | J53: 0 | K53: MO com LS => | L53: 0
G54: Valor do BDI => | H54: 0 | J54: Valor com BDI => | L54: 6.91
I55: Quant. => | J55: 691,41 | K55: Preço Total => | L55: 4777.64
B57: 2 | E57: CANTEIRO DE OBRA E SERVIÇOS PRELIMINARES | L57: 159698.93
B58: 2.1 | E58: SERVIÇOS E INSTALAÇÕES PROVISÓRIAS, CANTEIRO DE OBRA E FERRAMENTAS | L58: 140375.87
B59: 2.1.1 | C59: Código | D59: Banco | E59: Descrição | F59: Tipo | H59: Und | I59: Quant. | J59: Porcent. | K59: Valor Unit | L59: Total
B60: Composição | C60: 020212 | D60: AGETOP CIVIL | E60: BARRACÃO DE OBRAS PADRÃO GOINFRA ( BLOCOS,COBERTURAS,PASSARELAS E MÓVEIS), SEM ALOJAMENTO E LAVANDERIA , COM PINTURA, EM CONSONÂNCIA COM AS NR'S, EM ESPECIAL A NR-18, INCLUSO INSTALAÇÕES ELÉTRICAS E HIDROSSANITÁRIAS - ( COM REAPROVEITAMENTO 1 VEZ ). | F60: 202 | H60: m² | I60: 1 | K60: 303.95 | L60: 303.95
B61: Insumo | C61: H238 | D61: AGETOP CIVIL | E61: TORNEIRA DE PAREDE PARA PIA OU BEBEDOURO DIÂMETRO 1/2" E 3/4" | F61: Material | H61: un | I61: 0.0018 | J61: 0 | K61: 149.28 | L61: 0.27
B62: Insumo | C62: H221 | D62: AGETOP CIVIL | E62: TE 90 GRAUS SOLDAVEL DIAMETRO 25 MM | F62: Material | H62: un | I62: 0.0242 | J62: 0 | K62: 1.6 | L62: 0.04
B63: Insumo | C63: 0018 | D63: AGETOP CIVIL | E63: PINTOR | F63: Mão de Obra | H63: H | I63: 0.5639 | J63: 0 | K63: 23.41 | L63: 13.2
B64: Insumo | C64: H258 | D64: AGETOP CIVIL | E64: VALVULA 1" PARA MICTORIO TIPO COCHO (PVC) | F64: Material | H64: un | I64: 0.0038 | J64: 0 | K64: 32.96 | L64: 0.13
B65: Insumo | C65: 2055 | D65: AGETOP CIVIL | E65: TINTA ESMALTE | F65: Material | H65: l | I65: 0.0832 | J65: 0 | K65: 32.56 | L65: 2.71
B66: Insumo | C66: 3422 | D66: AGETOP CIVIL | E66: QUADRO DE DISTRIBUICAO DE EMBUTIR EM PVC SB-12E | F66: Material | H66: un | I66: 0.0037 | J66: 0 | K66: 65.3 | L66: 0.24
B67: Insumo | C67: 4056 | D67: AGETOP CIVIL | E67: CALHA DE SOBREPOR PARA 2 LAMPADAS TUBULARES 60 CM 8/10 W | F67: Material | H67: un | I67: 0.0135 | J67: 0 | K67: 27.15 | L67: 0.37
B68: Insumo | C68: 4053 | D68: AGETOP CIVIL | E68: LÂMPADA TUBULAR LED, BASE G13, BIVOLT 8/10 W, 900 A 1000 LUMENS, LUZ BRANCA | F68: Material | H68: un | I68: 0.0192 | J68: 0 | K68: 19.03 | L68: 0.37
B69: Insumo | C69: H248 | D69: AGETOP CIVIL | E69: TUBO SOLDAVEL PVC MARROM DIAM. 25 MM | F69: Material | H69: m | I69: 0.1328 | J69: 0 | K69: 3.95 | L69: 0.52
B70: Insumo | C70: H212 | D70: AGETOP CIVIL | E70: SIFAO METALICO P/PIA 1.1/2X2" | F70: Material | H70: un | I70: 0.002 | J70: 0 | K70: 218.55 | L70: 0.44
B71: Insumo | C71: H631 | D71: AGETOP CIVIL | E71: TUBO DE DESPEJO PARA VÁLVULA (PIA/TANQUE) | F71: Material | H71: un | I71: 0.0038 | J71: 0 | K71: 9.02 | L71: 0.03
B72: Insumo | C72: H237 | D72: AGETOP CIVIL | E72: TORNEIRA DE MESA PARA LAVATORIO DIAMETRO 1/2" | F72: Material | H72: un | I72: 0.0018 | J72: 0 | K72: 63.99 | L72: 0.12
... B186: Insumo | C186: 2855 | D186: AGETOP CIVIL | E186: SACO PLÁSTICO PARA LIXO DE 50 LITROS | F186: Material | H186: un | I186: 13.9487 | J186: 0 | K186: 0.17 | L186: 2.37
G187: MO sem LS => | H187: 36.53 | I187: LS => | J187: 34.6 | K187: MO com LS => | L187: 71.13
G188: Valor do BDI => | H188: 0 | J188: Valor com BDI => | L188: 303.95
I189: Quant. => | J189: 43,20 | K189: Preço Total => | L189: 13130.64
B191: 2.1.2 | C191: Código | D191: Banco | E191: Descrição | F191: Tipo | H191: Und | I191: Quant. | J191: Porcent. | K191: Valor Unit | L191: Total
B192: Composição | C192: 020303 | D192: AGETOP CIVIL | E192: DEPÓSITO PARA CIMENTO TIPO II COM PINTURA PADRÃO GOINFRA (3,30 X 3,30 M) A=10,89 M2 (C/ REAPROV. 1 VEZ ) - INCLUSO PALETES | F192: 2 | H192: un | I192: 1 | K192: 3675.93 | L192: 3675.93
B193: Insumo | C193: 0010 | D193: AGETOP CIVIL | E193: CARPINTEIRO | F193: Mão de Obra | H193: H | I193: 14.9584 | J193: 0 | K193: 23.41 | L193: 350.18
B194: Insumo | C194: 1674 | D194: AGETOP CIVIL | E194: LIXA PARA PAREDE Nº 100 | F194: Material | H194: un | I194: 1.2251 | J194: 0 | K194: 1.12 | L194: 1.37
B195: Insumo | C195: 3314 | D195: AGETOP CIVIL | E195: FIO ISOLADO 750 V, PIRASTIC 2,5 MM2 | F195: Material | H195: m | I195: 16.63 | J195: 0 | K195: 2.59 | L195: 43.07
B196: Insumo | C196: 1860 | D196: AGETOP CIVIL | E196: PREGO 15x15 | F196: Material | H196: Kg | I196: 0.6911 | J196: 0 | K196: 19.51 | L196: 13.48
B197: Insumo | C197: 2024 | D197: AGETOP CIVIL | E197: TELHA VOGATEX 4 MM (L=0,50 M) | F197: Material | H197: m² | I197: 13.176 | J197: 0 | K197: 21.99 | L197: 289.74
B198: Insumo | C198: 1861 | D198: AGETOP CIVIL | E198: PREGO 18x24 | F198: Material | H198: Kg | I198: 0.6597 | J198: 0 | K198: 20.86 | L198: 13.76
B199: Insumo | C199: 2516 | D199: AGETOP CIVIL | E199: CORRENTE EM AÇO GALVANIZADO COM ELO CURTO DIAMETRO 4 MM | F199: Material | H199: m | I199: 0.2 | J199: 0 | K199: 14.81 | L199: 2.96
B200: Insumo | C200: 1862 | D200: AGETOP CIVIL | E200: PREGO 19x27 | F200: Material | H200: Kg | I200: 0.3304 | J200: 0 | K200: 25.46 | L200: 8.41
B201: Insumo | C201: 1964 | D201: AGETOP CIVIL | E201: RIPA DE MADEIRA 5x1 | F201: Material | H201: m | I201: 21.114 | J201: 0 | K201: 3.95 | L201: 83.4
B202: Insumo | C202: 4056 | D202: AGETOP CIVIL | E202: CALHA DE SOBREPOR PARA 2 LAMPADAS TUBULARES 60 CM 8/10 W | F202: Material | H202: un | I202: 0.5 | J202: 0 | K202: 27.15 | L202: 13.58
B203: Insumo | C203: 3138 | D203: AGETOP CIVIL | E203: CAIXA METALICA RETANGULAR 4"X2"X2" | F203: Material | H203: un | I203: 0.5 | J203: 0 | K203: 2.86 | L203: 1.43
B204: Insumo | C204: 1968 | D204: AGETOP CIVIL | E204: SARRAFO DE MADEIRA 10 CM | F204: Material | H204: m | I204: 6.288 | J204: 0 | K204: 6.63 | L204: 41.69
... B230: Insumo | C230: 2256 | D230: AGETOP CIVIL | E230: CADEADO SIMPLES EM LATÃO Nº 30 | F230: Material | H230: un | I230: 0.3333 | J230: 0 | K230: 25.6 | L230: 8.53
G231: MO sem LS => | H231: 673.56 | I231: LS => | J231: 637.92 | K231: MO com LS => | L231: 1311.48
G232: Valor do BDI => | H232: 0 | J232: Valor com BDI => | L232: 3675.93
I233: Quant. => | J233: 1,00 | K233: Preço Total => | L233: 3675.93
B235: 2.1.3 | C235: Código | D235: Banco | E235: Descrição | F235: Tipo | H235: Und | I235: Quant. | J235: Porcent. | K235: Valor Unit | L235: Total
B236: Composição | C236: 020600 | D236: AGETOP CIVIL | E236: TAPUME EM CHAPA COMPENSADA RESINADA 6MM COM PORTÕES E FERRAGENS - PADRÃO GOINFRA | F236: 206 | H236: m² | I236: 1 | K236: 75.97 | L236: 75.97
B237: Insumo | C237: 2818 | D237: AGETOP CIVIL | E237: DOBRADIÇA TIPO FERRADURA NÚMERO 2 | F237: Material | H237: un | I237: 0.0286 | J237: 0 | K237: 23.99 | L237: 0.69
B238: Insumo | C238: 1858 | D238: AGETOP CIVIL | E238: PONTALETE 3x3" | F238: Material | H238: m | I238: 1.466 | J238: 0 | K238: 8.36 | L238: 12.26
B239: Insumo | C239: 1968 | D239: AGETOP CIVIL | E239: SARRAFO DE MADEIRA 10 CM | F239: Material | H239: m | I239: 0.2141 | J239: 0 | K239: 6.63 | L239: 1.42
B240: Insumo | C240: 2804 | D240: AGETOP CIVIL | E240: AREIA GROSSA | F240: Material | H240: m³ | I240: 0.0004 | J240: 0 | K240: 157.54 | L240: 0.06
B241: Insumo | C241: 2491 | D241: AGETOP CIVIL | E241: PARAFUSO DIAM.3/8" - 10 CM | F241: Material | H241: un | I241: 0.1713 | J241: 0 | K241: 2.2 | L241: 0.38
B242: Insumo | C242: 2132 | D242: AGETOP CIVIL | E242: VIGOTA DE MADEIRA 6x16 | F242: Material | H242: m | I242: 0.0461 | J242: 0 | K242: 33.33 | L242: 1.54
B243: Insumo | C243: 0010 | D243: AGETOP CIVIL | E243: CARPINTEIRO | F243: Mão de Obra | H243: H | I243: 0.495 | J243: 0 | K243: 23.41 | L243: 11.59
B244: Insumo | C244: 2516 | D244: AGETOP CIVIL | E244: CORRENTE EM AÇO GALVANIZADO COM ELO CURTO DIAMETRO 4 MM | F244: Material | H244: m | I244: 0.0085 | J244: 0 | K244: 14.81 | L244: 0.13
B245: Insumo | C245: 2386 | D245: AGETOP CIVIL | E245: BRITA Nº 1 | F245: Material | H245: m³ | I245: 0.0007 | J245: 0 | K245: 157.65 | L245: 0.11
B246: Insumo | C246: 0005 | D246: AGETOP CIVIL | E246: SERVENTE | F246: Mão de Obra | H246: H | I246: 0.4855 | J246: 0 | K246: 15.3 | L246: 7.43
B247: Insumo | C247: 1964 | D247: AGETOP CIVIL | E247: RIPA DE MADEIRA 5x1 | F247: Material | H247: m | I247: 1.0597 | J247: 0 | K247: 3.95 | L247: 4.19
B248: Insumo | C248: 2023 | D248: AGETOP CIVIL | E248: TABUA PARA FORMA (30CM) | F248: Material | H248: m | I248: 0.6597 | J248: 0 | K248: 12.78 | L248: 8.43
...

Sheet CRONOGRAMA (SD)
B1: CRONOGRAMA FISICO-FINANCEIRO SEM DESONERAÇÃO
B8: OBJETO: | C8: ='DADOS DA OBRA'!B13 -> CONSTRUÇÃO NOVA FÁBRICA SEAPA (AGROINDÚSTRIA DE POLPA DE FRUTAS) | Y8: DATA: | AA8: =+'DADOS DA OBRA'!$N$22 -> 13/06/2025
B9: LOCAL: | C9: ='DADOS DA OBRA'!B16 -> RUA 22 , LT.01 - A, QUADRA 01-A | Y9: REVISÃO: | AA9: ='DADOS DA OBRA'!$N$25 -> 00
B11: ITEM | C11: SERVIÇO | D11: VALORES | E11: MESES
E12: MÊS 01 | I12: MÊS 02 | M12: MÊS 03 | Q12: MÊS 04 | U12: MÊS 05 | Y12: MÊS 06
B14: 1 | C14: ='ORÇAMENTO RESUMO (SD)'!E9 -> ADMINISTRAÇÃO LOCAL E CUSTOS INDIRETOS | D14: ='ORÇAMENTO RESUMO (SD)'!K9 -> 395615.12 | E14: =E16*$D14 -> 9806.1621 | I14: =I16*$D14 -> 50693.913 | M14: =M16*$D14 -> 69151.596 | Q14: =Q16*$D14 -> 119723.36 | U14: =U16*$D14 -> 97862.142 | Y14: =Y16*$D14 -> 48377.949
D16: =D14/$D$80 -> 0.08854333 | E16: =+SUM(E26,E29,E32,E35,E38,E41,E44,E47,E50,E53,E56,E59,E62,E65,E71,E68,E20,E23,E74,E77)/($D$80-$D$14-$D$17) -> 0.024787127 | I16: =+SUM(I26,I29,I32,I35,I38,I41,I44,I47,I50,I53,I56,I59,I62,I65,I71,I68,I20,I23,I74,I77)/($D$80-$D$14-$D$17) -> 0.12813947 | M16: =+SUM(M26,M29,M32,M35,M38,M41,M44,M47,M50,M53,M56,M59,M62,M65,M71,M68,M20,M23,M74,M77)/($D$80-$D$14-$D$17) -> 0.17479513 | Q16: =+SUM(Q26,Q29,Q32,Q35,Q38,Q41,Q44,Q47,Q50,Q53,Q56,Q59,Q62,Q65,Q71,Q68,Q20,Q23,Q74,Q77)/($D$80-$D$14-$D$17) -> 0.30262584 | U16: =+SUM(U26,U29,U32,U35,U38,U41,U44,U47,U50,U53,U56,U59,U62,U65,U71,U68,U20,U23,U74,U77)/($D$80-$D$14-$D$17) -> 0.24736704 | Y16: =+SUM(Y26,Y29,Y32,Y35,Y38,Y41,Y44,Y47,Y50,Y53,Y56,Y59,Y62,Y65,Y71,Y68,Y20,Y23,Y74,Y77)/($D$80-$D$14-$D$17) -> 0.12228539
B17: 2 | C17: ='ORÇAMENTO RESUMO (SD)'!E10 -> CANTEIRO DE OBRA E SERVIÇOS PRELIMINARES | D17: ='ORÇAMENTO RESUMO (SD)'!K10 -> 195309.68 | E17: =E19*$D17 -> 4841.1658 | I17: =I19*$D17 -> 25026.879 | M17: =M19*$D17 -> 34139.181 | Q17: =Q19*$D17 -> 59105.756 | U17: =U19*$D17 -> 48313.178 | Y17: =Y19*$D17 -> 23883.52
D19: =D17/$D$80 -> 0.04371261 | E19: =E16 -> 0.024787127 | I19: =I16 -> 0.12813947 | M19: =M16 -> 0.17479513 | Q19: =Q16 -> 0.30262584 | U19: =U16 -> 0.24736704 | Y19: =Y16 -> 0.12228539
B20: 3 | C20: ='ORÇAMENTO RESUMO (SD)'!E11 -> SERVIÇOS EM TERRA | D20: ='ORÇAMENTO RESUMO (SD)'!K11 -> 6107.13 | E20: =E22*$D20 -> 6107.13 | I20: =I22*$D20 -> 0 | M20: =M22*$D20 -> 0 | Q20: =Q22*$D20 -> 0 | U20: =U22*$D20 -> 0 | Y20: =Y22*$D20 -> 0
D22: =D20/$D$80 -> 0.0013668477 | E22: 1
B23: 4 | C23: ='ORÇAMENTO RESUMO (SD)'!E12 -> FUNDAÇÕES | D23: ='ORÇAMENTO RESUMO (SD)'!K12 -> 179990.82 | E23: =E25*$D23 -> 89995.41 | I23: =I25*$D23 -> 89995.41 | M23: =M25*$D23 -> 0 | Q23: =Q25*$D23 -> 0 | U23: =U25*$D23 -> 0 | Y23: =Y25*$D23 -> 0
D25: =D23/$D$80 -> 0.040284068 | E25: 0.5 | I25: 0.5
B26: 5 | C26: ='ORÇAMENTO RESUMO (SD)'!E13 -> ESTRUTURA EM CONCRETO ARMADO | D26: ='ORÇAMENTO RESUMO (SD)'!K13 -> 458323.53 | E26: =E28*$D26 -> 0 | I26: =I28*$D26 -> 183329.41 | M26: =M28*$D26 -> 274994.12 | Q26: =Q28*$D26 -> 0 | U26: =U28*$D26 -> 0 | Y26: =Y28*$D26 -> 0
D28: =D26/$D$80 -> 0.10257821 | I28: 0.4 | M28: 0.6
B29: 6 | C29: ='ORÇAMENTO RESUMO (SD)'!E14 -> ESTRUTURA METÁLICA | D29: ='ORÇAMENTO RESUMO (SD)'!K14 -> 332202.1 | E29: =E31*$D29 -> 0 | I29: =I31*$D29 -> 0 | M29: =M31*$D29 -> 99660.63 | Q29: =Q31*$D29 -> 232541.47 | U29: =U31*$D29 -> 0 | Y29: =Y31*$D29 -> 0
D31: =D29/$D$80 -> 0.074350748 | M31: 0.3 | Q31: 0.7
B32: 7 | C32: ='ORÇAMENTO RESUMO (SD)'!E15 -> INSTALAÇÕES HIDROSSANITÁRIAS/ LOUÇAS/ METAIS | D32: ='ORÇAMENTO RESUMO (SD)'!K15 -> 543500.83 | E32: =E34*$D32 -> 0 | I32: =I34*$D32 -> 108700.17 | M32: =M34*$D32 -> 108700.17 | Q32: =Q34*$D32 -> 163050.25 | U32: =U34*$D32 -> 108700.17 | Y32: =Y34*$D32 -> 54350.083
D34: =D32/$D$80 -> 0.1216419 | I34: 0.2 | M34: 0.2 | Q34: 0.3 | U34: 0.2 | Y34: 0.1
B35: 8 | C35: ='ORÇAMENTO RESUMO (SD)'!E16 -> INSTALAÇÕES ELÉTRICAS/ CAB. EST. (LÓGICA E DADOS) / CFTV / SPDA | D35: ='ORÇAMENTO RESUMO (SD)'!K16 -> 533899.79 | E35: =E37*$D35 -> 0 | I35: =I37*$D35 -> 106779.96 | M35: =M37*$D35 -> 106779.96 | Q35: =Q37*$D35 -> 106779.96 | U35: =U37*$D35 -> 106779.96 | Y35: =Y37*$D35 -> 106779.96
D37: =D35/$D$80 -> 0.11949307 | I37: 0.2 | M37: 0.2 | Q37: 0.2 | U37: 0.2 | Y37: 0.2
B38: 9 | C38: ='ORÇAMENTO RESUMO (SD)'!E17 -> INSTALAÇÕES MECÂNICAS | D38: ='ORÇAMENTO RESUMO (SD)'!K17 -> 318237.69 | E38: =E40*$D38 -> 0 | I38: =I40*$D38 -> 0 | M38: =M40*$D38 -> 79559.422 | Q38: =Q40*$D38 -> 79559.422 | U38: =U40*$D38 -> 79559.422 | Y38: =Y40*$D38 -> 79559.422
D40: =D38/$D$80 -> 0.071225348 | M40: 0.25 | Q40: 0.25 | U40: 0.25 | Y40: 0.25
B41: 10 | C41: ='ORÇAMENTO RESUMO (SD)'!E18 -> INSTALAÇÕES DE PLANO DE PREVENÇÃO DE COMBATE A INCÊNDIO - (PPCI) | D41: ='ORÇAMENTO RESUMO (SD)'!K18 -> 12379.84 | E41: =E43*$D41 -> 0 | I41: =I43*$D41 -> 0 | M41: =M43*$D41 -> 0 | Q41: =Q43*$D41 -> 0 | U41: =U43*$D41 -> 0 | Y41: =Y43*$D41 -> 12379.84
D43: =D41/$D$80 -> 0.0027707542 | Y43: 1
B44: 11 | C44: ='ORÇAMENTO RESUMO (SD)'!E19 -> ALVENARIAS E DIVISÓRIAS | D44: ='ORÇAMENTO RESUMO (SD)'!K19 -> 270787.2 | E44: =E46*$D44 -> 0 | I44: =I46*$D44 -> 0 | M44: =M46*$D44 -> 0 | Q44: =Q46*$D44 -> 189551.04 | U44: =U46*$D44 -> 81236.16 | Y44: =Y46*$D44 -> 0
D46: =D44/$D$80 -> 0.060605369 | Q46: 0.7 | U46: 0.3
B47: 12 | C47: ='ORÇAMENTO RESUMO (SD)'!E20 -> IMPERMEABILIZAÇÕES | D47: ='ORÇAMENTO RESUMO (SD)'!K20 -> 53376.81 | E47: =E49*$D47 -> 0 | I47: =I49*$D47 -> 8006.5215 | M47: =M49*$D47 -> 8006.5215 | Q47: =Q49*$D47 -> 26688.405 | U47: =U49*$D47 -> 10675.362 | Y47: =Y49*$D47 -> 0
D49: =D47/$D$80 -> 0.01194636 | I49: 0.15 | M49: 0.15 | Q49: 0.5 | U49: 0.2
B50: 13 | C50: ='ORÇAMENTO RESUMO (SD)'!E21 -> COBERTURA | D50: ='ORÇAMENTO RESUMO (SD)'!K21 -> 179173.34 | E50: =E52*$D50 -> 0 | I50: =I52*$D50 -> 0 | M50: =M52*$D50 -> 0 | Q50: =Q52*$D50 -> 89586.67 | U50: =U52*$D50 -> 89586.67 | Y50: =Y52*$D50 -> 0
D52: =D50/$D$80 -> 0.040101107 | Q52: 0.5 | U52: 0.5
B53: 14 | C53: ='ORÇAMENTO RESUMO (SD)'!E22 -> ESQUADRIAS | D53: ='ORÇAMENTO RESUMO (SD)'!K22 -> 94798.94 | E53: =E55*$D53 -> 0 | I53: =I55*$D53 -> 0 | M53: =M55*$D53 -> 0 | Q53: =Q55*$D53 -> 0 | U53: =U55*$D53 -> 66359.258 | Y53: =Y55*$D53 -> 28439.682
D55: =D53/$D$80 -> 0.021217121 | U55: 0.7 | Y55: 0.3
B56: 15 | C56: ='ORÇAMENTO RESUMO (SD)'!E23 -> VIDROS | D56: ='ORÇAMENTO RESUMO (SD)'!K23 -> 5066.63 | E56: =E58*$D56 -> 0 | I56: =I58*$D56 -> 0 | M56: =M58*$D56 -> 0 | Q56: =Q58*$D56 -> 0 | U56: =U58*$D56 -> 0 | Y56: =Y58*$D56 -> 5066.63
D58: =D56/$D$80 -> 0.0011339716 | Y58: 1
B59: 16 | C59: ='ORÇAMENTO RESUMO (SD)'!E24 -> BANCADAS | D59: ='ORÇAMENTO RESUMO (SD)'!K24 -> 20161.96 | E59: =E61*$D59 -> 0 | I59: =I61*$D59 -> 0 | M59: =M61*$D59 -> 0 | Q59: =Q61*$D59 -> 0 | U59: =U61*$D59 -> 18145.764 | Y59: =Y61*$D59 -> 2016.196
D61: =D59/$D$80 -> 0.0045124844 | U61: 0.9 | Y61: 0.1
B62: 17 | C62: ='ORÇAMENTO RESUMO (SD)'!E25 -> REVESTIMENTOS DE PAREDES | D62: ='ORÇAMENTO RESUMO (SD)'!K25 -> 207714.38 | E62: =E64*$D62 -> 0 | I62: =I64*$D62 -> 0 | M62: =M64*$D62 -> 0 | Q62: =Q64*$D62 -> 41542.876 | U62: =U64*$D62 -> 166171.5 | Y62: =Y64*$D62 -> 0
D64: =D62/$D$80 -> 0.046488928 | Q64: 0.2 | U64: 0.8
B65: 18 | C65: ='ORÇAMENTO RESUMO (SD)'!E26 -> REVESTIMENTOS DE PISO | D65: ='ORÇAMENTO RESUMO (SD)'!K26 -> 408064.41 | E65: =E67*$D65 -> 0 | I65: =I67*$D65 -> 0 | M65: =M67*$D65 -> 0 | Q65: =Q67*$D65 -> 204032.21 | U65: =U67*$D65 -> 122419.32 | Y65: =Y67*$D65 -> 81612.882
D67: =D65/$D$80 -> 0.091329628 | Q67: 0.5 | U67: 0.3 | Y67: 0.2
B68: 19 | C68: ='ORÇAMENTO RESUMO (SD)'!E27 -> FORROS | D68: ='ORÇAMENTO RESUMO (SD)'!K27 -> 58250.41 | E68: =E70*$D68 -> 0 | I68: =I70*$D68 -> 0 | M68: =M70*$D68 -> 0 | Q68: =Q70*$D68 -> 0 | U68: =U70*$D68 -> 40775.287 | Y68: =Y70*$D68 -> 17475.123
D70: =D68/$D$80 -> 0.013037129 | U70: 0.7 | Y70: 0.3
B71: 20 | C71: =+'ORÇAMENTO RESUMO (SD)'!E28 -> FERRAGENS | D71: ='ORÇAMENTO RESUMO (SD)'!K28 -> 5981 | E71: =E73*$D71 -> 0 | I71: =I73*$D71 -> 0 | M71: =M73*$D71 -> 0 | Q71: =Q73*$D71 -> 0 | U71: =U73*$D71 -> 4186.7 | Y71: =Y73*$D71 -> 1794.3
D73: =D71/$D$80 -> 0.0013386183 | U73: 0.7 | Y73: 0.3
B74: 21 | C74: ='ORÇAMENTO RESUMO (SD)'!E29 -> PINTURAS | D74: ='ORÇAMENTO RESUMO (SD)'!K29 -> 55821.9 | E74: =E76*$D74 -> 0 | I74: =I76*$D74 -> 0 | M74: =M76*$D74 -> 0 | Q74: =Q76*$D74 -> 0 | U74: =U76*$D74 -> 11164.38 | Y74: =Y76*$D74 -> 44657.52
D76: =D74/$D$80 -> 0.0124936 | U76: 0.2 | Y76: 0.8
B77: 22 | C77: ='ORÇAMENTO SINTÉTICO (SD)'!E688 -> DIVERSOS | D77: ='ORÇAMENTO RESUMO (SD)'!K30 -> 133276.27 | E77: =E79*$D77 -> 0 | I77: =I79*$D77 -> 0 | M77: =M79*$D77 -> 0 | Q77: =Q79*$D77 -> 39982.881 | U77: =U79*$D77 -> 53310.508 | Y77: =Y79*$D77 -> 39982.881
D79: =D77/$D$80 -> 0.029828801 | Q79: 0.3 | U79: 0.4 | Y79: 0.3
C80: TOTAL SIMPLES COM BDI | D80: =SUM(D71,D65,D62,D59,D56,D53,D50,D47,D44,D41,D38,D35,D32,D29,D26,D23,D20,D14,D17,D68,D74,D77) -> 4468039.8 | E80: =SUM(E71,E65,E62,E59,E56,E53,E50,E47,E44,E41,E38,E35,E32,E29,E26,E23,E20,E68,E17,E14,E74,E77) -> 110749.87 | F80: =SUM(#REF!,#REF!,#REF!,#REF!,#REF!,#REF!,F71,F65,F62,F59,F56,F53,F50,F47,F44,F41,F38,F35,F32,F29,F26,F23,F20) -> #REF! | G80: =SUM(#REF!,#REF!,#REF!,#REF!,#REF!,#REF!,G71,G65,G62,G59,G56,G53,G50,G47,G44,G41,G38,G35,G32,G29,G26,G23,G20) -> #REF! | H80: =SUM(#REF!,#REF!,#REF!,#REF!,#REF!,#REF!,H71,H65,H62,H59,H56,H53,H50,H47,H44,H41,H38,H35,H32,H29,H26,H23,H20) -> #REF! | I80: =SUM(I71,I65,I62,I59,I56,I53,I50,I47,I44,I41,I38,I35,I32,I29,I26,I23,I20,I68,I17,I14,I74,I77) -> 572532.26 | J80: =SUM(#REF!,#REF!,#REF!,#REF!,#REF!,#REF!,J71,J65,J62,J59,J56,J53,J50,J47,J44,J41,J38,J35,J32,J29,J26,J23,J20) -> #REF! | K80: =SUM(#REF!,#REF!,#REF!,#REF!,#REF!,#REF!,K71,K65,K62,K59,K56,K53,K50,K47,K44,K41,K38,K35,K32,K29,K26,K23,K20) -> #REF! | L80: =SUM(#REF!,#REF!,#REF!,#REF!,#REF!,#REF!,L71,L65,L62,L59,L56,L53,L50,L47,L44,L41,L38,L35,L32,L29,L26,L23,L20) -> #REF! | M80: =SUM(M71,M65,M62,M59,M56,M53,M50,M47,M44,M41,M38,M35,M32,M29,M26,M23,M20,M68,M17,M14,M74,M77) -> 780991.59 | N80: =SUM(#REF!,#REF!,#REF!,#REF!,#REF!,#REF!,N71,N65,N62,N59,N56,N53,N50,N47,N44,N41,N38,N35,N32,N29,N26,N23,N20) -> #REF! | O80: =SUM(#REF!,#REF!,#REF!,#REF!,#REF!,#REF!,O71,O65,O62,O59,O56,O53,O50,O47,O44,O41,O38,O35,O32,O29,O26,O23,O20) -> #REF! | P80: =SUM(#REF!,#REF!,#REF!,#REF!,#REF!,#REF!,P71,P65,P62,P59,P56,P53,P50,P47,P44,P41,P38,P35,P32,P29,P26,P23,P20) -> #REF! | Q80: =SUM(Q71,Q65,Q62,Q59,Q56,Q53,Q50,Q47,Q44,Q41,Q38,Q35,Q32,Q29,Q26,Q23,Q20,Q68,Q17,Q14,Q74,Q77) -> 1352144.3 | R80: =SUM(#REF!,#REF!,#REF!,#REF!,#REF!,#REF!,R71,R65,R62,R59,R56,R53,R50,R47,R44,R41,R38,R35,R32,R29,R26,R23,R20) -> #REF! | S80: =SUM(#REF!,#REF!,#REF!,#REF!,#REF!,#REF!,S71,S65,S62,S59,S56,S53,S50,S47,S44,S41,S38,S35,S32,S29,S26,S23,S20) -> #REF! | T80: =SUM(#REF!,#REF!,#REF!,#REF!,#REF!,#REF!,T71,T65,T62,T59,T56,T53,T50,T47,T44,T41,T38,T35,T32,T29,T26,T23,T20) -> #REF! | U80: =SUM(U71,U65,U62,U59,U56,U53,U50,U47,U44,U41,U38,U35,U32,U29,U26,U23,U20,U68,U17,U14,U74,U77) -> 1105245.8 | V80: =SUM(#REF!,#REF!,#REF!,#REF!,#REF!,#REF!,V71,V65,V62,V59,V56,V53,V50,V47,V44,V41,V38,V35,V32,V29,V26,V23,V20) -> #REF! | W80: =SUM(#REF!,#REF!,#REF!,#REF!,#REF!,#REF!,W71,W65,W62,W59,W56,W53,W50,W47,W44,W41,W38,W35,W32,W29,W26,W23,W20) -> #REF! | X80: =SUM(#REF!,#REF!,#REF!,#REF!,#REF!,#REF!,X71,X65,X62,X59,X56,X53,X50,X47,X44,X41,X38,X35,X32,X29,X26,X23,X20) -> #REF! | Y80: =SUM(Y71,Y65,Y62,Y59,Y56,Y53,Y50,Y47,Y44,Y41,Y38,Y35,Y32,Y29,Y26,Y23,Y20,Y68,Y17,Y14,Y74,Y77) -> 546375.99 | Z80: =SUM(#REF!,#REF!,#REF!,#REF!,#REF!,#REF!,Z71,Z65,Z62,Z59,Z56,Z53,Z50,Z47,Z44,Z41,Z38,Z35,Z32,Z29,Z26,Z23,Z20) -> #REF! | AA80: =SUM(#REF!,#REF!,#REF!,#REF!,#REF!,#REF!,AA71,AA65,AA62,AA59,AA56,AA53,AA50,AA47,AA44,AA41,AA38,AA35,AA32,AA29,AA26,AA23,AA20) -> #REF! | AB80: =SUM(#REF!,#REF!,#REF!,#REF!,#REF!,#REF!,AB71,AB65,AB62,AB59,AB56,AB53,AB50,AB47,AB44,AB41,AB38,AB35,AB32,AB29,AB26,AB23,AB20) -> #REF!
C81: PERCENTUAL SIMPLES | D81: =SUM(D73,D67,D64,D61,D58,D55,D52,D49,D46,D43,D40,D37,D34,D31,D28,D25,D22,D79,D76,D70,D19,D16) -> 1 | E81: =E80/$D$80 -> 0.024787127 | I81: =I80/$D$80 -> 0.12813947 | M81: =M80/$D$80 -> 0.17479513 | Q81: =Q80/$D$80 -> 0.30262584 | U81: =U80/$D$80 -> 0.24736704 | Y81: =Y80/$D$80 -> 0.12228539
C82: TOTAL ACUMULADO COM BDI | E82: =+E80 -> 110749.87 | I82: =+I80+E82 -> 683282.13 | M82: =+M80+I82 -> 1464273.7 | Q82: =+Q80+M82 -> 2816418 | U82: =+U80+Q82 -> 3921663.8 | Y82: =+Y80+U82 -> 4468039.8
C83: PERCENTUAL ACUMULADO | E83: =E81 -> 0.024787127 | I83: =+I81+E83 -> 0.1529266 | M83: =+M81+I83 -> 0.32772173 | Q83: =+Q81+M83 -> 0.63034757 | U83: =+U81+Q83 -> 0.87771461 | Y83: =+Y81+U83 -> 1
B86: ___________________________________________________
B87: ENG. CIVIL LUCIANO MARTINS P. DE O. E SILVA
B88: CREA 101881435-3/D-GO

Sheet CURVA ABC DE SERVIÇOS (SD)
B1: CURVA ABC DE SERVIÇOS SEM DESONERAÇÃO
B3: OBJETO: | C3: ='DADOS DA OBRA'!B13 -> CONSTRUÇÃO NOVA FÁBRICA SEAPA (AGROINDÚSTRIA DE POLPA DE FRUTAS) | E3: DATA: | F3: ='DADOS DA OBRA'!$N$22 -> 13/06/2025 | I3: ENCARGOS SOCIAIS HORISTAS: | J3: ='ENCARGOS SOCIAIS'!F43 -> 1.1737
B4: LOCAL: | C4: ='DADOS DA OBRA'!B16 -> RUA 22 , LT.01 - A, QUADRA 01-A | E4: REVISÃO: | F4: ='DADOS DA OBRA'!$N$25 -> 00 | I4: ENCARGOS SOCIAIS MENSALISTAS: | J4: ='ENCARGOS SOCIAIS'!G43 -> 0.7419
E5: PRAZO: | F5: ='DADOS DA OBRA'!B25 -> 06 MESES | I5: BDI OBRA: | J5: ='BDI NORMAL (SD) '!F21/100 -> 0.2232
I6: BDI DIFERENCIADO: | J6: ='BDI DIFERENCIADO (SD) '!F21/100 -> 0.182
B8: Banco | C8: Código | D8: Descrição | E8: Und | F8: Quant. | G8: Valor Unit | H8: Total | I8: Peso (%) | J8: Peso Acumulado (%)
B9: 150204 | C9: AGETOP CIVIL | D9: ESTRUTURA METÁLICA CONVENCIONAL EM AÇO DO TIPO MR-250 / ASTM A36 COM FUNDO ANTICORROSIVO | E9: Kg | F9: 15.125,66 | G9: 17,78 | H9: 268934.23 | I9: =H9/$J$537 -> 0.073259608 | J9: =+I9 -> 0.073259608
B10: C4846 | C10: SEINFRA | D10: ESTAÇÃO DE TRATAMENTO DE ESGOTO (ETE), VAZÃO DE 10,00 M3/DIA, CONFECCIONADA EM POLIESTER REFORÇADA E FIBRA DE VIDRO, COMPLETA INCLUINDO FORNECIMENTO, MONTAGEM E TREINAMENTO (ADAPTADO CONFORME DECRETO ESTADUAL N° 9900/2021) | E10: UN | F10: 1,0 | G10: 206.055,74 | H10: 206055.74 | I10: =H10/$J$537 -> 0.056131058 | J10: =+J9+I10 -> 0.12939067
B11: 00100 | C11: Próprio | D11: GRUPO GERADOR CARENADO, COM QUADRO DE TRANSFERÊNCIA AUTOMÁTICO, VELOCIDADE DE 1800 RPM, FREQUENCIA DE 60 HZ, POTENCIA STANDART ENTRE 100 E 110 KVA | E11: UN | F11: 1,0 | G11: 167.054,83 | H11: 167054.83 | I11: =H11/$J$537 -> 0.045506931 | J11: =+J10+I11 -> 0.1748976
B12: 060209 | C12: AGETOP CIVIL | D12: FORMA CHAPA DE COMPENSADO RESINADO 12MM-VIGA/PILAR U=4V - (OBRAS CIVIS) | E12: m² | F12: 1.872,7 | G12: 86,26 | H12: 161539.1 | I12: =H12/$J$537 -> 0.044004407 | J12: =+J11+I12 -> 0.218902
B13: 160971 | C13: AGETOP CIVIL | D13: COBERTURA COM TELHA TERMOACUSTICA TRAPEZOIDAL NÚCLEO PIR 30MM EM AÇO GALVALUME, #0,43MM (TELHA/FILME) | E13: m² | F13: 627,79 | G13: 226,62 | H13: 142269.77 | I13: =H13/$J$537 -> 0.038755303 | J13: =+J12+I13 -> 0.25765731
B14: 103338 | C14: SINAPI | D14: ALVENARIA DE VEDAÇÃO DE BLOCOS VAZADOS DE CONCRETO APARENTE DE 14X19X39 CM (ESPESSURA 14 CM) E ARGAMASSA DE ASSENTAMENTO COM PREPARO EM BETONEIRA. AF_12/2021 (ADAPTADO CONFORME DECRETO ESTADUAL N° 9900/2021) | E14: m² | F14: 1.337,31 | G14: 106,07 | H14: 141848.47 | I14: =H14/$J$537 -> 0.038640538 | J14: =+J13+I14 -> 0.29629784
B15: CPU 940 | C15: Próprio | D15: REVESTIMENTO COM CERÂMICA TIPO PORCELANATO ELIANE BRANCO 30x60 OU SIMILAR - (REF. GOINFRA CIVIL 201302) | E15: m² | F15: 1.256,41 | G15: 101,85 | H15: 127965.36 | I15: =H15/$J$537 -> 0.03485868 | J15: =+J14+I15 -> 0.33115652
B16: 060525 | C16: AGETOP CIVIL | D16: CONCRETO USINADO BOMBEÁVEL FCK=30 MPA (O.C.) | E16: m³ | F16: 198,5 | G16: 616,92 | H16: 122458.62 | I16: =H16/$J$537 -> 0.033358604 | J16: =+J15+I16 -> 0.36451513
B17: 250101 | C17: AGETOP CIVIL | D17: ENGENHEIRO - (OBRAS CIVIS) | E17: H | F17: 980,0 | G17: 102,16 | H17: 100116.8 | I17: =H17/$J$537 -> 0.027272533 | J17: =+J16+I17 -> 0.39178766
B18: 101747 | C18: SINAPI | D18: PISO EM CONCRETO 25 MPA PREPARO MECÂNICO, ESPESSURA 10CM. AF_09/2020 - (ADAPTADO CONFORME DECRETO ESTADUAL N° 9900/2021) | E18: m² | F18: 487,73 | G18: 187,57 | H18: 91483.52 | I18: =H18/$J$537 -> 0.024920765 | J18: =+J17+I18 -> 0.41670843
B19: 271502 | C19: AGETOP CIVIL | D19: CANTINA - (OBRAS CIVIS) | E19: RE | F19: 3.275,0 | G19: 22,50 | H19: 73687.5 | I19: =H19/$J$537 -> 0.020073002 | J19: =+J18+I19 -> 0.43678143
B20: 250102 | C20: AGETOP CIVIL | D20: MESTRE DE OBRA - (OBRAS CIVIS) | E20: H | F20: 1.320,0 | G20: 51,73 | H20: 68283.6 | I20: =H20/$J$537 -> 0.018600941 | J20: =+J19+I20 -> 0.45538237
B21: 270236 | C21: AGETOP CIVIL | D21: PAVIMENTO INTERTRAVADO ESPESSURA DE 10CM E FCK = 35 MPA | E21: m² | F21: 595,66 | G21: 110,09 | H21: 65576.21 | I21: =H21/$J$537 -> 0.017863429 | J21: =+J20+I21 -> 0.4732458
... B535: 00105 | C535: Próprio | D535: ADAPTADO DA ORSE (1212) - Anel de borracha para tubo pvc sanitario d = 75mm | E535: un | F535: 1,0 | G535: 4,83 | H535: 4.83 | I535: =H535/$J$537 -> 1.3157266e-06 | J535: =+J534+I535 -> 1
I537: Total sem BDI | J537: =SUM(H9:H535) -> 3670975.5
I538: Total do BDI | J538: =+'ORÇAMENTO RESUMO (SD)'!K33 -> 797064.24
I539: Total Geral | J539: ='ORÇAMENTO RESUMO (SD)'!K34 -> 4468039.8

Sheet QUANTIDADE MÃO DE OBRA
B1: QUANTIDADE DE MÃO DE OBRA SEM DESONERAÇÃO
B3: OBJETO: | C3: ='DADOS DA OBRA'!B13 -> CONSTRUÇÃO NOVA FÁBRICA SEAPA (AGROINDÚSTRIA DE POLPA DE FRUTAS) | I3: DATA: | J3: ='DADOS DA OBRA'!N22 -> 13/06/2025 | L3: ENCARGOS SOCIAIS HORISTAS: | M3: ='ENCARGOS SOCIAIS'!F43 -> 1.1737
B4: LOCAL: | C4: ='DADOS DA OBRA'!B16 -> RUA 22 , LT.01 - A, QUADRA 01-A | I4: REVISÃO: | J4: ='DADOS DA OBRA'!N25 -> 00 | L4: ENCARGOS SOCIAIS MENSALISTAS: | M4: ='ENCARGOS SOCIAIS'!G43 -> 0.7419
I5: PRAZO: | J5: ='DADOS DA OBRA'!B25 -> 06 MESES | L5: BDI OBRA: | M5: ='BDI NORMAL (SD) '!F21/100 -> 0.2232
L6: BDI DIFERENCIADO: | M6: ='BDI DIFERENCIADO (SD) '!F21/100 -> 0.182
B8: Banco | C8: Código | D8: Descrição | E8: Tipo | F8: Unidade | G8: Quantidade | H8: Valor Unitário Operativa | I8: Total Operativa | J8: Geral | K8: Peso | L8: Valor Acumulado | M8: Geral
B9: 0005 | C9: AGETOP CIVIL | D9: SERVENTE | E9: Mão de Obra | F9: H | G9: 10135.859 | H9: 15,30 | I9: 155.078,65 | J9: 155078.65 | K9: 4,22% | L9: 795087.11 | M9: =L9/$M$40 -> 0.21658742
B10: 0001 | C10: AGETOP CIVIL | D10: ENGENHEIRO | E10: Mão de Obra | F10: MES | G10: 1140 | H10: 102,16 | I10: 116.462,40 | J10: 116462.4 | K10: 3,17% | L10: 1169157.6 | M10: =L10/$M$40 -> 0.3184869
B11: 0004 | C11: AGETOP CIVIL | D11: PEDREIRO | E11: Mão de Obra | F11: H | G11: 4010.8191 | H11: 23,41 | I11: 93.893,28 | J11: 93893.275 | K11: 2,56% | L11: 1263050.9 | M11: =L11/$M$40 -> 0.3440641
B12: 0008 | C12: AGETOP CIVIL | D12: AJUDANTE | E12: Mão de Obra | F12: H | G12: 5293.8242 | H12: 16,78 | I12: 88.830,37 | J12: 88830.37 | K12: 2,42% | L12: 1351881.3 | M12: =L12/$M$40 -> 0.36826213
B13: 0010 | C13: AGETOP CIVIL | D13: CARPINTEIRO | E13: Mão de Obra | F13: H | G13: 3254.8694 | H13: 23,41 | I13: 76.196,49 | J13: 76196.493 | K13: 2,08% | L13: 1584775.9 | M13: =L13/$M$40 -> 0.43170431
B14: 0003 | C14: AGETOP CIVIL | D14: MESTRE DE OBRAS | E14: Mão de Obra | F14: MES | G14: 1320 | H14: 51,73 | I14: 68.283,60 | J14: 68283.6 | K14: 1,86% | L14: 1726747 | M14: =L14/$M$40 -> 0.47037825
B15: 0012 | C15: AGETOP CIVIL | D15: ELETRICISTA | E15: Mão de Obra | F15: H | G15: 1991.6833 | H15: 23,41 | I15: 46.625,31 | J15: 46625.306 | K15: 1,27% | L15: 1997572.5 | M15: =L15/$M$40 -> 0.54415303
B16: 0039 | C16: AGETOP CIVIL | D16: APONTARIFE | E16: Mão de Obra | F16: MES | G16: 1320 | H16: 24,38 | I16: 32.181,60 | J16: 32181.6 | K16: 0,88% | L16: 2199508.8 | M16: =L16/$M$40 -> 0.59916193
B17: 0025 | C17: AGETOP CIVIL | D17: OFICIAL "B" | E17: Mão de Obra | F17: H | G17: 1268.1508 | H17: 23,41 | I17: 29.687,41 | J17: 29687.41 | K17: 0,81% | L17: 2320137.8 | M17: =L17/$M$40 -> 0.63202212
B18: 0011 | C18: AGETOP CIVIL | D18: ENCANADOR | E18: Mão de Obra | F18: H | G18: 1129.2034 | H18: 23,41 | I18: 26.434,65 | J18: 26434.653 | K18: 0,72% | L18: 2402552.4 | M18: =L18/$M$40 -> 0.65447245
B19: 0006 | C19: AGETOP CIVIL | D19: ARMADOR | E19: Mão de Obra | F19: H | G19: 1101.734 | H19: 23,41 | I19: 25.791,59 | J19: 25791.594 | K19: 0,70% | L19: 2454344 | M19: =L19/$M$40 -> 0.66858085
B20: 0028 | C20: AGETOP CIVIL | D20: AZULEJISTA | E20: Mão de Obra | F20: H | G20: 907.87363 | H20: 23,41 | I20: 21.253,32 | J20: 21253.322 | K20: 0,58% | L20: 2613489.5 | M20: =L20/$M$40 -> 0.71193324
... B38: 0023 | C38: AGETOP CIVIL | D38: APLICADOR DE EPOXI | E38: Mão de Obra | F38: H | G38: 0.06912 | H38: 23,41 | I38: 1,62 | J38: 1.6180992 | K38: 0,00% | L38: 3670975.5 | M38: =L38/$M$40 -> 1
L40: Total sem BDI | M40: ='ORÇAMENTO RESUMO (SD)'!K32 -> 3670975.5
L41: Total do BDI | M41: =M42-M40 -> 797064.24
D42: QUANTIDADE HORA TOTAL | E42: =SUM(G9:G38) -> 36069.002 | L42: Total Geral | M42: ='ORÇAMENTO RESUMO (SD)'!K34 -> 4468039.8
D43: QUANTIDADE HORA MENOS ENGENHEIRO, AGETOP RODOVIÁRIA E VIGIA TERCERIZADO. | E43: =E42-((G10)+(G35+G37+G36+G34+G32+G31+G30+G23+G25)) -> 33905.174
D44: QUANTIDADE HORA - CALCULADA | E44: =(E43/8.8)*0.85 -> 3274.9316
D45: QUANTIDADE HORA - CALCULADA ARREDONDADA. | E45: =ROUND(E44,0) -> 3275
D47: ADM LOCAL | E47: =SUM('ORÇAMENTO SINTÉTICO (SD)'!I10:I12) -> 200582
D48: CANTINA | E48: ='ORÇAMENTO SINTÉTICO (SD)'!I14 -> 73687.5
D49: CAFÉ | E49: ='ORÇAMENTO SINTÉTICO (SD)'!I13 -> 11069.5
D50: EPI | E50: ='ORÇAMENTO SINTÉTICO (SD)'!I15 -> 33339.79
D51: FERRAMENTAS | E51: ='ORÇAMENTO SINTÉTICO (SD)'!I16 -> 4777.64
D52: TOTAL GER. ADM LOCAL | E52: =SUM(E47:E51) -> 323456.43
D53: PERCENTUAL ADM LOCAL | E53: =E52/M40 -> 0.088111846

Sheet BDI NORMAL (SD) 
B1: BONIFICAÇÃO DE DESPESAS INDIRETAS BDI - NORMAL SEM DESONERAÇÃO
B4: OBJETO: | C4: ='DADOS DA OBRA'!B13 -> CONSTRUÇÃO NOVA FÁBRICA SEAPA (AGROINDÚSTRIA DE POLPA DE FRUTAS) | N4: DATA: | O4: =+'DADOS DA OBRA'!$N$22 -> 13/06/2025
B5: LOCAL: | C5: ='DADOS DA OBRA'!B16 -> RUA 22 , LT.01 - A, QUADRA 01-A | N5: REVISÃO: | O5: ='DADOS DA OBRA'!$N$25 -> 00
B7: Município da Obra | E7: ='DADOS DA OBRA'!J19 -> FLORES DE GOIÁS
B8: Base de cálculo ISS do município | E8: 1 | F8: ISS: | G8: 0.03
C10: Descrição | F10: Valor percentual adotado | I10: Limites das parcelas do BDI para obras do tipo acima selecionado. Acórdão TCU 2622/2013 | M10: Limites do valor do BDI para obras do tipo acima selecionado. Acórdão TCU 2622/2013
I11: Mín | J11: Med. | K11: Máx. | M11: 20.34 | N11: 22.12 | O11: 25
C12: (AC) - Administração Central | F12: 4 | I12: 3 | J12: 4 | K12: 5.5
C13: (S) + (G) - Seguro e Garantia | F13: 0.12 | I13: 0.8 | J13: 0.8 | K13: 1
C14: (R) - Risco | F14: =I14 -> 0.97 | I14: 0.97 | J14: 1.27 | K14: 1.27
C15: (DF) - Despesas Financeiras | F15: 1.17 | I15: 0.59 | J15: 1.23 | K15: 1.39
C16: (L) - Lucro | F16: 7.4 | I16: 6.16 | J16: 7.4 | K16: 8.96
C17: (I1) - PIS | F17: =I17 -> 0.65 | I17: 0.65 | J17: 0.65 | K17: 0.65
C18: (I2) - COFINS | F18: =I18 -> 3 | I18: 3 | J18: 3 | K18: 3
C19: (I3) - ISS | F19: 3 | I19: 2 | J19: 2 | K19: 5
C20: (I4) - Contribuição Previdenciária (CPRB)
C21: BDI Adotado | F21: =TRUNC((((((1+F12/100+F13/100+F14/100)*(1+F15/100)*(1+F16/100))/(1-(F17/100+F18/100+F19/100+F20/100)))-1)*100),2) -> 22.32 | I21: *Fonte da composição, valores de referência e fórmula do BDI: Acórdão 2622/2013-TCU-Plenário
B23: O valores do BDI acima foram calculados com emprego da equação a seguir:
B25: Onde:
B26: AC - taxa de rateio da Administração Central
B27: DF - taxa das despesas financeiras
B28: R, S, G - taxa de risco, seguro e garantia do empreendimento
B29: I - taxa de tributos (onerado: I = COFINS+PIS+ISS / desonerado: I = COFINS+PIS+ISS+CPRB)
B30: L - taxa de lucro

Sheet BDI DIFERENCIADO (SD) 
B1: BONIFICAÇÃO DE DESPESAS INDIRETAS BDI - DIFERENCIADO SEM DESONERAÇÃO
B4: OBJETO: | C4: ='ORÇAMENTO RESUMO (SD)'!C3 -> CONSTRUÇÃO NOVA FÁBRICA SEAPA (AGROINDÚSTRIA DE POLPA DE FRUTAS) | N4: DATA: | O4: =+'DADOS DA OBRA'!$N$22 -> 13/06/2025
B5: LOCAL: | C5: ='DADOS DA OBRA'!B16 -> RUA 22 , LT.01 - A, QUADRA 01-A | N5: REVISÃO: | O5: ='DADOS DA OBRA'!$N$25 -> 00
B7: Município da Obra | E7: ='DADOS DA OBRA'!J19 -> FLORES DE GOIÁS
B8: Base de cálculo ISS do município | E8: 1 | F8: ISS: | G8: 0.03
C10: Descrição | F10: Valor percentual adotado | I10: Limites das parcelas do BDI para obras do tipo acima selecionado. Acórdão TCU 2622/2013 | M10: Limites do valor do BDI para obras do tipo acima selecionado. Acórdão TCU 2622/2013
I11: Mín | J11: Med. | K11: Máx. | M11: 11.1 | N11: 14.02 | O11: 16.8
C12: (AC) - Administração Central | F12: 3.45 | I12: 1.5 | J12: 3.45 | K12: 4.49
C13: (S) + (G) - Seguro e Garantia | F13: 0.06 | I13: 0.3 | J13: 0.48 | K13: 0.82
C14: (R) - Risco | F14: =I14 -> 0.56 | I14: 0.56 | J14: 0.85 | K14: 0.89
C15: (DF) - Despesas Financeiras | F15: 1.17 | I15: 0.85 | J15: 0.85 | K15: 1.11
C16: (L) - Lucro | F16: 4.8 | I16: 3.5 | J16: 5.11 | K16: 6.22
C17: (I1) - PIS | F17: =I17 -> 0.65 | I17: 0.65 | J17: 0.65 | K17: 0.65
C18: (I2) - COFINS | F18: =I18 -> 3 | I18: 3 | J18: 3 | K18: 3
C19: (I3) - ISS | F19: 3 | I19: 2 | J19: 2 | K19: 5
C20: (I4) - Contribuição Previdenciária (CPRB)
C21: BDI Adotado | F21: =TRUNC((((((1+F12/100+F13/100+F14/100)*(1+F15/100)*(1+F16/100))/(1-(F17/100+F18/100+F19/100+F20/100)))-1)*100),2) -> 18.2 | I21: *Fonte da composição, valores de referência e fórmula do BDI: Acórdão 2622/2013-TCU-Plenário
B23: O valores do BDI acima foram calculados com emprego da equação a seguir:
B25: Onde:
B26: AC - taxa de rateio da Administração Central
B27: DF - taxa das despesas financeiras
B28: R, S, G - taxa de risco, seguro e garantia do empreendimento
B29: I - taxa de tributos (onerado: I = COFINS+PIS+ISS / desonerado: I = COFINS+PIS+ISS+CPRB)
B30: L - taxa de lucro

Sheet ENCARGOS SOCIAIS
B1: DEMONSTRATIVO DE ENCARGOS SOCIAIS
B3: OBJETO: | C3: ='ORÇAMENTO RESUMO (SD)'!C3 -> CONSTRUÇÃO NOVA FÁBRICA SEAPA (AGROINDÚSTRIA DE POLPA DE FRUTAS) | F3: DATA: | G3: ='DADOS DA OBRA'!$N$22 -> 13/06/2025
B4: LOCAL: | C4: ='ORÇAMENTO RESUMO (SD)'!C4 -> RUA 22 , LT.01 - A, QUADRA 01-A | F4: REVISÃO: | G4: ='DADOS DA OBRA'!$N$25 -> 00
B7: CÓDIGO | C7: DESCRIÇÃO | D7: COM DESONERAÇÃO | F7: SEM DESONERAÇÃO
D8: HORISTA % | E8: MENSALISTA % | F8: HORISTA % | G8: MENSALISTA %
B9: GRUPO A
B10: A1 | C10: INSS | D10: 0.05 | E10: 0.05 | F10: 0.2 | G10: 0.2
B11: A2 | C11: FGTS | D11: 0.08 | E11: 0.08 | F11: 0.08 | G11: 0.08
B12: A3 | C12: SESI | D12: 0.015 | E12: 0.015 | F12: 0.015 | G12: 0.015
B13: A4 | C13: SENAI | D13: 0.01 | E13: 0.01 | F13: 0.01 | G13: 0.01
B14: A5 | C14: INCRA | D14: 0.002 | E14: 0.002 | F14: 0.002 | G14: 0.002
B15: A6 | C15: Salário Educação | D15: 0.025 | E15: 0.025 | F15: 0.025 | G15: 0.025
B16: A7 | C16: Seguro Contra Acidentes de Trabalho INSS | D16: 0.03 | E16: 0.03 | F16: 0.03 | G16: 0.03
B17: A8 | C17: SEBRAE | D17: 0.006 | E17: 0.006 | F17: 0.006 | G17: 0.006
B18: A9 | C18: SECONCI | D18: 0.01 | E18: 0.01 | F18: 0.01 | G18: 0.01
B19: A | C19: Total | D19: =SUM(D10:D18) -> 0.228 | E19: =SUM(E10:E18) -> 0.228 | F19: =SUM(F10:F18) -> 0.378 | G19: =SUM(G10:G18) -> 0.378
B20: GRUPO B
B21: B1 | C21: Repouso Semanal Remunerado | D21: 0.1816 | E21: Não incide | F21: 0.1816 | G21: Não incide
B22: B2 | C22: Feriados | D22: 0.0417 | E22: Não incide | F22: 0.0417 | G22: Não incide
B23: B3 | C23: Auxílio Enfermidade | D23: 0.0094 | E23: 0.007 | F23: 0.0094 | G23: 0.007
B24: B4 | C24: Auxílio Acidente | D24: 0.0005 | E24: 0.0004 | F24: 0.0005 | G24: 0.0004
B25: B5 | C25: Licença Paternidade | D25: 0.0006 | E25: 0.0005 | F25: 0.0006 | G25: 0.0005
B26: B6 | C26: Faltas Justificadas | D26: 0.0075 | E26: 0.0056 | F26: 0.0075 | G26: 0.0056
B27: B7 | C27: Férias gozadas | D27: 0.119 | E27: 0.0888 | F27: 0.119 | G27: 0.0888
B28: B8 | C28: Licença Maternidade | D28: 0.0001 | E28: 0.0001 | F28: 0.0001 | G28: 0.0001
B29: B9 | C29: 13° Salário | D29: 0.1117 | E29: 0.0833 | F29: 0.1117 | G29: 0.0833
B30: B | C30: Total | D30: =SUM(D21:D29) -> 0.4721 | E30: =SUM(E21:E29) -> 0.1857 | F30: =SUM(F21:F29) -> 0.4721 | G30: =SUM(G21:G29) -> 0.1857
B31: GRUPO C
B32: C1 | C32: Aviso Prévio Indenizado | D32: 0.0698 | E32: 0.052 | F32: 0.0698 | G32: 0.052
B33: C2 | C33: Aviso Prévio Trabalhado | D33: 0.0016 | E33: 0.0012 | F33: 0.0016 | G33: 0.0012
B34: C3 | C34: Férias Indenizadas + 1/3 | D34: 0.0235 | E34: 0.0174 | F34: 0.0235 | G34: 0.0174
B35: C4 | C35: Multa por Rescisão do Contrato de Trabalho sem Justa Causa | D35: 0.0381 | E35: 0.0283 | F35: 0.0381 | G35: 0.0283
B36: C5 | C36: Indenização Adicional | D36: 0.0059 | E36: 0.0044 | F36: 0.0059 | G36: 0.0044
B37: C | C37: Total | D37: =SUM(D32:D36) -> 0.1389 | E37: =SUM(E32:E36) -> 0.1033 | F37: =SUM(F32:F36) -> 0.1389 | G37: =SUM(G32:G36) -> 0.1033
B38: GRUPO D
B39: D1 | C39: Incidência do Grupo A sobre B | D39: 0.1021 | E39: 0.0382 | F39: 0.1785 | G39: 0.0702
B40: D2 | C40: Incidência do Grupo A sobre o aviso prévio trabalhado | D40: 0.0004 | E40: 0.0003 | F40: 0.0006 | G40: 0.0005
B41: D3 | C41: Incidência do FGTS sobre o aviso prévio indenizado | D41: 0.0056 | E41: 0.0042 | F41: 0.0056 | G41: 0.0042
B42: D | C42: Total | D42: =SUM(D39:D41) -> 0.1081 | E42: =SUM(E39:E41) -> 0.0427 | F42: =SUM(F39:F41) -> 0.1847 | G42: =SUM(G39:G41) -> 0.0749
B43: TOTAL(A+B+C+D) | D43: =SUM(D42,D37,D30,D19) -> 0.9471 | E43: =SUM(E42,E37,E30,E19) -> 0.5597 | F43: =SUM(F42,F37,F30,F19) -> 1.1737 | G43: =SUM(G42,G37,G30,G19) -> 0.7419
B44: FONTE: GOINFRA CIVIL - ENCARGOS SOCIAIS

Sheet CAPA - ORÇAMENTO (CD)
C12: ORÇAMENTO COM DESONERAÇÃO

Sheet ORÇAMENTO SINTÉTICO (CD)
B1: ORÇAMENTO SINTÉTICO COM DESONERAÇÃO
B3: OBJETO: | C3: ='DADOS DA OBRA'!B13 -> CONSTRUÇÃO NOVA FÁBRICA SEAPA (AGROINDÚSTRIA DE POLPA DE FRUTAS) | G3: DATA: | H3: ='DADOS DA OBRA'!$N$22 -> 13/06/2025 | K3: ENCARGOS SOCIAIS HORISTAS: | L3: ='ENCARGOS SOCIAIS'!D43 -> 0.9471
B4: LOCAL: | C4: ='DADOS DA OBRA'!B16 -> RUA 22 , LT.01 - A, QUADRA 01-A | G4: REVISÃO: | H4: ='DADOS DA OBRA'!$N$25 -> 00 | K4: ENCARGOS SOCIAIS MENSALISTAS: | L4: ='ENCARGOS SOCIAIS'!E43 -> 0.5597
G5: PRAZO: | H5: {='DADOS DA OBRA'!B25:D25} -> 06 MESES | I5: 0 | J5: 0 | K5: BDI OBRA: | L5: ='BDI NORMAL (CD)'!F21/100 -> 0.2723
K6: BDI DIFERENCIADO: | L6: ='BDI DIFERENCIADO (CD)'!F21/100 -> 0.2294
B8: Item | C8: Código | D8: Banco | E8: Descrição | F8: Und | G8: Qtd | H8: Valor Unit | I8: Valor Total sem BDI | J8: BDI | K8: Valor Unit com BDI | L8: Valor Total com BDI
B9: 1 | E9: ADMINISTRAÇÃO LOCAL E CUSTOS INDIRETOS | I9: =SUBTOTAL(9,I10:I16) -> 303922.31 | L9: =SUBTOTAL(9,L10:L16) -> 386638.61
B10: 1.1 | C10: 250101 | D10: AGETOP CIVIL | E10: ENGENHEIRO - (OBRAS CIVIS) | F10: H | G10: 980 | H10: 91.47 | I10: =TRUNC(G10 * H10, 2) -> 89640.6 | J10: =+$L$5 -> 0.2723 | K10: =TRUNC(H10 * (1 + J10), 2) -> 116.37 | L10: =TRUNC(G10 * K10, 2) -> 114042.6
B11: 1.2 | C11: 250102 | D11: AGETOP CIVIL | E11: MESTRE DE OBRA - (OBRAS CIVIS) | F11: H | G11: =220*6 -> 1320 | H11: 46.32 | I11: =TRUNC(G11 * H11, 2) -> 61142.4 | J11: =+$L$5 -> 0.2723 | K11: =TRUNC(H11 * (1 + J11), 2) -> 58.93 | L11: =TRUNC(G11 * K11, 2) -> 77787.6
B12: 1.3 | C12: 250114 | D12: AGETOP CIVIL | E12: APONTARIFE - (OBRAS CIVIS) | F12: h | G12: =220*6 -> 1320 | H12: 21.83 | I12: =TRUNC(G12 * H12, 2) -> 28815.6 | J12: =+$L$5 -> 0.2723 | K12: =TRUNC(H12 * (1 + J12), 2) -> 27.77 | L12: =TRUNC(G12 * K12, 2) -> 36656.4
B13: 1.4 | C13: 271500 | D13: AGETOP CIVIL | E13: CAFE DA MANHA | F13: RE | G13: 3331 | H13: 3.38 | I13: =TRUNC(G13 * H13, 2) -> 11258.78 | J13: =+$L$5 -> 0.2723 | K13: =TRUNC(H13 * (1 + J13), 2) -> 4.3 | L13: =TRUNC(G13 * K13, 2) -> 14323.3
B14: 1.5 | C14: 271502 | D14: AGETOP CIVIL | E14: CANTINA - (OBRAS CIVIS) | F14: RE | G14: 3331 | H14: 22.5 | I14: =TRUNC(G14 * H14, 2) -> 74947.5 | J14: =+$L$5 -> 0.2723 | K14: =TRUNC(H14 * (1 + J14), 2) -> 28.62 | L14: =TRUNC(G14 * K14, 2) -> 95333.22
B15: 1.6 | C15: 021602 | D15: AGETOP CIVIL | E15: EPI/PGR/PCMSO/EXAMES/TREINAMENTOS/VISITAS - ÁREAS EDIFICADAS/COBERTAS/FECHADAS | F15: m² | G15: 691.41 | H15: 48.22 | I15: =TRUNC(G15 * H15, 2) -> 33339.79 | J15: =+$L$5 -> 0.2723 | K15: =TRUNC(H15 * (1 + J15), 2) -> 61.35 | L15: =TRUNC(G15 * K15, 2) -> 42418
B16: 1.7 | C16: 020200 | D16: AGETOP CIVIL | E16: FERRAMENTAS (MANUAIS/ELÉTRICAS) E MATERIAL DE LIMPEZA PERMANENTE DA OBRA - ÁREAS EDIFICADAS/COBERTAS/FECHADAS | F16: m² | G16: 691.41 | H16: 6.91 | I16: =TRUNC(G16 * H16, 2) -> 4777.64 | J16: =+$L$5 -> 0.2723 | K16: =TRUNC(H16 * (1 + J16), 2) -> 8.79 | L16: =TRUNC(G16 * K16, 2) -> 6077.49
B17: 2 | E17: CANTEIRO DE OBRA E SERVIÇOS PRELIMINARES | I17: =SUBTOTAL(9,I18:I37) -> 155581.01 | L17: =SUBTOTAL(9,L18:L37) -> 197921.84
B18: 2.1 | E18: SERVIÇOS E INSTALAÇÕES PROVISÓRIAS, CANTEIRO DE OBRA E FERRAMENTAS | I18: =SUBTOTAL(9,I19:I32) -> 136407.64 | L18: =SUBTOTAL(9,L19:L32) -> 173528.03
B19: 2.1.1 | C19: 020212 | D19: AGETOP CIVIL | E19: BARRACÃO DE OBRAS PADRÃO GOINFRA ( BLOCOS,COBERTURAS,PASSARELAS E MÓVEIS), SEM ALOJAMENTO E LAVANDERIA , COM PINTURA, EM CONSONÂNCIA COM AS NR'S, EM ESPECIAL A NR-18, INCLUSO INSTALAÇÕES ELÉTRICAS E HIDROSSANITÁRIAS - ( COM REAPROVEITAMENTO 1 VEZ ). | F19: m² | G19: 43.2 | H19: 296.53 | I19: =TRUNC(G19 * H19, 2) -> 12810.09 | J19: =+$L$5 -> 0.2723 | K19: =TRUNC(H19 * (1 + J19), 2) -> 377.27 | L19: =TRUNC(G19 * K19, 2) -> 16298.06
B20: 2.1.2 | C20: 020303 | D20: AGETOP CIVIL | E20: DEPÓSITO PARA CIMENTO TIPO II COM PINTURA PADRÃO GOINFRA (3,30 X 3,30 M) A=10,89 M2 (C/ REAPROV. 1 VEZ ) - INCLUSO PALETES | F20: un | G20: 1 | H20: 3539.07 | I20: =TRUNC(G20 * H20, 2) -> 3539.07 | J20: =+$L$5 -> 0.2723 | K20: =TRUNC(H20 * (1 + J20), 2) -> 4502.75 | L20: =TRUNC(G20 * K20, 2) -> 4502.75
B21: 2.1.3 | C21: 020600 | D21: AGETOP CIVIL | E21: TAPUME EM CHAPA COMPENSADA RESINADA 6MM COM PORTÕES E FERRAGENS - PADRÃO GOINFRA | F21: m² | G21: 348.57 | H21: 74 | I21: =TRUNC(G21 * H21, 2) -> 25794.18 | J21: =+$L$5 -> 0.2723 | K21: =TRUNC(H21 * (1 + J21), 2) -> 94.15 | L21: =TRUNC(G21 * K21, 2) -> 32817.86
B22: 2.1.4 | C22: 021301 | D22: AGETOP CIVIL | E22: PLACA DE OBRA PLOTADA EM CHAPA METÁLICA 26 , AFIXADA EM CAVALETES DE MADEIRA DE LEI (VIGOTAS 6X12CM) - PADRÃO GOINFRA | F22: m² | G22: 7.5 | H22: 372.02 | I22: =TRUNC(G22 * H22, 2) -> 2790.15 | J22: =+$L$5 -> 0.2723 | K22: =TRUNC(H22 * (1 + J22), 2) -> 473.32 | L22: =TRUNC(G22 * K22, 2) -> 3549.9
B23: 2.1.5 | C23: 020701 | D23: AGETOP CIVIL | E23: LOCAÇÃO DA OBRA, EXECUÇÃO DE GABARITO SEM REAPROVEITAMENTO, INCLUSO PINTURA (FACE INTERNA DO RIPÃO 15CM) E PIQUETE COM TESTEMUNHA | F23: m² | G23: 691.41 | H23: 5.09 | I23: =TRUNC(G23 * H23, 2) -> 3519.27 | J23: =+$L$5 -> 0.2723 | K23: =TRUNC(H23 * (1 + J23), 2) -> 6.47 | L23: =TRUNC(G23 * K23, 2) -> 4473.42
B24: 2.1.6 | C24: 020190 | D24: AGETOP CIVIL | E24: LIMPEZA MECÂNICA DE TERRENO | F24: m² | G24: 1546.29 | H24: 0.25 | I24: =TRUNC(G24 * H24, 2) -> 386.57 | J24: =+$L$5 -> 0.2723 | K24: =TRUNC(H24 * (1 + J24), 2) -> 0.31 | L24: =TRUNC(G24 * K24, 2) -> 479.34
B25: 2.1.7 | C25: 020400 | D25: AGETOP CIVIL | E25: LIGAÇÃO PROVISÓRIA DE ÁGUA (INCLUSO RETIRADA DO ESGOTO SANITÁRIO) - PD. GOINFRA | F25: Un | G25: 1 | H25: 3268.49 | I25: =TRUNC(G25 * H25, 2) -> 3268.49 | J25: =+$L$5 -> 0.2723 | K25: =TRUNC(H25 * (1 + J25), 2) -> 4158.49 | L25: =TRUNC(G25 * K25, 2) -> 4158.49
B26: 2.1.8 | C26: 020501 | D26: AGETOP CIVIL | E26: LIGAÇÃO PROVISÓRIA LUZ E FORÇA - PD. GOINFRA | F26: Un | G26: 1 | H26: 4767.99 | I26: =TRUNC(G26 * H26, 2) -> 4767.99 | J26: =+$L$5 -> 0.2723 | K26: =TRUNC(H26 * (1 + J26), 2) -> 6066.31 | L26: =TRUNC(G26 * K26, 2) -> 6066.31
B27: 2.1.9 | C27: 021400 | D27: AGETOP CIVIL | E27: CONSUMO DE ÁGUA | F27: m³ | G27: 319.98 | H27: 11.73 | I27: =TRUNC(G27 * H27, 2) -> 3753.36 | J27: =+$L$5 -> 0.2723 | K27: =TRUNC(H27 * (1 + J27), 2) -> 14.92 | L27: =TRUNC(G27 * K27, 2) -> 4774.1
B28: 2.1.10 | C28: 021399 | D28: AGETOP CIVIL | E28: CONSUMO DE ESGOTO | F28: m³ | G28: 319.98 | H28: 9.38 | I28: =TRUNC(G28 * H28, 2) -> 3001.41 | J28: =+$L$5 -> 0.2723 | K28: =TRUNC(H28 * (1 + J28), 2) -> 11.93 | L28: =TRUNC(G28 * K28, 2) -> 3817.36
B29: 2.1.11 | C29: 021401 | D29: AGETOP CIVIL | E29: CONSUMO DE ENERGIA ELÉTRICA | F29: KWH | G29: 2278.31 | H29: 0.92 | I29: =TRUNC(G29 * H29, 2) -> 2096.04 | J29: =+$L$5 -> 0.2723 | K29: =TRUNC(H29 * (1 + J29), 2) -> 1.17 | L29: =TRUNC(G29 * K29, 2) -> 2665.62
B30: 2.1.12 | C30: 060104 | D30: AGETOP CIVIL | E30: ANDAIME METALICO TORRE (ALUGUEL/MES) | F30: m | G30: 384 | H30: 35.13 | I30: =TRUNC(G30 * H30, 2) -> 13489.92 | J30: =+$L$5 -> 0.2723 | K30: =TRUNC(H30 * (1 + J30), 2) -> 44.69 | L30: =TRUNC(G30 * K30, 2) -> 17160.96
... B32: 2.1.14 | C32: 62.00.95 | D32: EMBASA | E32: VIGILÂNCIA REMOTA COM CFTV, POR CÂMERA MES (ADAPTADO CONFORME DECRETO ESTADUAL N° 9900/2021) | F32: UNx | G32: 60 | H32: 260.14 | I32: =TRUNC(G32 * H32, 2) -> 15608.4 | J32: =+$L$5 -> 0.2723 | K32: =TRUNC(H32 * (1 + J32), 2) -> 330.97 | L32: =TRUNC(G32 * K32, 2) -> 19858.2
B33: 2.2 | E33: TRANSPORTES E EQUIPAMENTOS | I33: =SUBTOTAL(9,I34:I37) -> 19173.37 | L33: =SUBTOTAL(9,L34:L37) -> 24393.81
B34: 2.2.1 | C34: 030101 | D34: AGETOP CIVIL | E34: TRANSPORTE DE ENTULHO EM CAMINHÃO INCLUSO A CARGA MANUAL | F34: m³ | G34: 48.4 | H34: 49.98 | I34: =TRUNC(G34 * H34, 2) -> 2419.03 | J34: =+$L$5 -> 0.2723 | K34: =TRUNC(H34 * (1 + J34), 2) -> 63.58 | L34: =TRUNC(G34 * K34, 2) -> 3077.27
B35: 2.2.2 | C35: 030114 | D35: AGETOP CIVIL | E35: MOBILIZAÇÃO DO CANTEIRO DE OBRAS - INCLUSIVE CARGA E DESCARGA E A HORA IMPRODUTIVA DO CAMINHÃO - ( EXCLUSO O TRANSPORTE ) | F35: un | G35: 1 | H35: 377.17 | I35: =TRUNC(G35 * H35, 2) -> 377.17 | J35: =+$L$5 -> 0.2723 | K35: =TRUNC(H35 * (1 + J35), 2) -> 479.87 | L35: =TRUNC(G35 * K35, 2) -> 479.87
B36: 2.2.3 | C36: 030116 | D36: AGETOP CIVIL | E36: DESMOBILIZAÇÃO DO CANTEIRO DE OBRAS - INCLUSIVE CARGA E DESCARGA E A HORA IMPRODUTIVA DO CAMINHÃO - ( EXCLUSO O TRANSPORTE ) | F36: un | G36: 1 | H36: 377.17 | I36: =TRUNC(G36 * H36, 2) -> 377.17 | J36: =+$L$5 -> 0.2723 | K36: =TRUNC(H36 * (1 + J36), 2) -> 479.87 | L36: =TRUNC(G36 * K36, 2) -> 479.87
B37: 2.2.4 | C37: 072080 | D37: AGETOP CIVIL | E37: POSTE/TRAFO - CAMINHÃO MUNCK 12 TON. (MÍNIMO 4H/DIA) | F37: H | G37: 80 | H37: 200 | I37: =TRUNC(G37 * H37, 2) -> 16000 | J37: =+$L$5 -> 0.2723 | K37: =TRUNC(H37 * (1 + J37), 2) -> 254.46 | L37: =TRUNC(G37 * K37, 2) -> 20356.8
B38: 3 | E38: SERVIÇOS EM TERRA | I38: =SUBTOTAL(9,I39:I45) -> 4821.1 | L38: =SUBTOTAL(9,L39:L45) -> 6124.25
B39: 3.1 | E39: MOVIMENTO DE TERRA | G39: 1 | I39: =SUBTOTAL(9,I40:I45) -> 4821.1 | L39: =SUBTOTAL(9,L40:L45) -> 6124.25
B40: 3.1.1 | C40: 041004 | D40: AGETOP CIVIL | E40: ESCAVACAO MECANICA | F40: m³ | G40: 265.56 | H40: 2.43 | I40: =TRUNC(G40 * H40, 2) -> 645.31 | J40: =+$L$5 -> 0.2723 | K40: =TRUNC(H40 * (1 + J40), 2) -> 3.09 | L40: =TRUNC(G40 * K40, 2) -> 820.58
B41: 3.1.2 | C41: 041007 | D41: AGETOP CIVIL | E41: ESPALHAMENTO MECANICO | F41: m² | G41: 2505.95 | H41: 0.41 | I41: =TRUNC(G41 * H41, 2) -> 1027.43 | J41: =+$L$5 -> 0.2723 | K41: =TRUNC(H41 * (1 + J41), 2) -> 0.52 | L41: =TRUNC(G41 * K41, 2) -> 1303.09
B42: 3.1.3 | C42: 041008 | D42: AGETOP CIVIL | E42: COMPACTAÇÃO MECÂNICA COM CONTROLE DA UMIDADE (95% PN) | F42: m³ | G42: 347.84 | H42: 5.36 | I42: =TRUNC(G42 * H42, 2) -> 1864.42 | J42: =+$L$5 -> 0.2723 | K42: =TRUNC(H42 * (1 + J42), 2) -> 6.81 | L42: =TRUNC(G42 * K42, 2) -> 2368.79
B43: 3.1.4 | C43: 041010 | D43: AGETOP CIVIL | E43: TRANSPORTE COM LÂMINA ATE 100 M - (OBRAS CIVIS) | F43: m³ | G43: 265.56 | H43: 1.53 | I43: =TRUNC(G43 * H43, 2) -> 406.3 | J43: =+$L$5 -> 0.2723 | K43: =TRUNC(H43 * (1 + J43), 2) -> 1.94 | L43: =TRUNC(G43 * K43, 2) -> 515.18
B44: 3.1.5 | C44: 040103 | D44: AGETOP CIVIL | E44: ESCAVAÇAO MANUAL DE VALAS PROF. 1 A 2 M | F44: m³ | G44: 10.21 | H44: 44.51 | I44: =TRUNC(G44 * H44, 2) -> 454.44 | J44: =+$L$5 -> 0.2723 | K44: =TRUNC(H44 * (1 + J44), 2) -> 56.63 | L44: =TRUNC(G44 * K44, 2) -> 578.19
B45: 3.1.6 | C45: 040101 | D45: AGETOP CIVIL | E45: ESCAVACAO MANUAL DE VALAS < 1 MTS. (OBRAS CIVIS) | F45: m³ | G45: 12.04 | H45: 35.15 | I45: =TRUNC(G45 * H45, 2) -> 423.2 | J45: =+$L$5 -> 0.2723 | K45: =TRUNC(H45 * (1 + J45), 2) -> 44.72 | L45: =TRUNC(G45 * K45, 2) -> 538.42
B46: 4 | E46: FUNDAÇÕES | I46: =SUBTOTAL(9,I47:I63) -> 142280.61 | L46: =SUBTOTAL(9,L47:L63) -> 180997.41
B47: 4.1 | E47: INFRAESTRUTURA | G47: 1 | I47: =SUBTOTAL(9,I48:I63) -> 142280.61 | L47: =SUBTOTAL(9,L48:L63) -> 180997.41
B48: 4.1.1 | C48: 051060 | D48: AGETOP CIVIL | E48: LANÇAMENTO/APLICAÇÃO/ADENSAMENTO DE CONCRETO USINADO BOMBEADO EM FUNDAÇÃO | F48: m³ | G48: 68.3 | H48: 40.11 | I48: =TRUNC(G48 * H48, 2) -> 2739.51 | J48: =+$L$5 -> 0.2723 | K48: =TRUNC(H48 * (1 + J48), 2) -> 51.03 | L48: =TRUNC(G48 * K48, 2) -> 3485.34
B49: 4.1.2 | C49: 060525 | D49: AGETOP CIVIL | E49: CONCRETO USINADO BOMBEÁVEL FCK=30 MPA (O.C.) | F49: m³ | G49: 68.3 | H49: 616.92 | I49: =TRUNC(G49 * H49, 2) -> 42135.63 | J49: =+$L$5 -> 0.2723 | K49: =TRUNC(H49 * (1 + J49), 2) -> 784.9 | L49: =TRUNC(G49 * K49, 2) -> 53608.67
B50: 4.1.3 | C50: 051045 | D50: AGETOP CIVIL | E50: TAXA DE BOMBEAMENTO CONCRETO MÍNIMO - 10 M3 (O.C.) | F50: m³ | G50: 68.3 | H50: 57.5 | I50: =TRUNC(G50 * H50, 2) -> 3927.25 | J50: =+$L$5 -> 0.2723 | K50: =TRUNC(H50 * (1 + J50), 2) -> 73.15 | L50: =TRUNC(G50 * K50, 2) -> 4996.14
B51: 4.1.4 | C51: 050250 | D51: AGETOP CIVIL | E51: TRAÇO DE CONCRETO | F51: Un | G51: 2 | H51: 1486.62 | I51: =TRUNC(G51 * H51, 2) -> 2973.24 | J51: =+$L$5 -> 0.2723 | K51: =TRUNC(H51 * (1 + J51), 2) -> 1891.42 | L51: =TRUNC(G51 * K51, 2) -> 3782.84
B52: 4.1.5 | C52: 050251 | D52: AGETOP CIVIL | E52: CORPO DE PROVA | F52: Un | G52: 103 | H52: 15 | I52: =TRUNC(G52 * H52, 2) -> 1545 | J52: =+$L$5 -> 0.2723 | K52: =TRUNC(H52 * (1 + J52), 2) -> 19.08 | L52: =TRUNC(G52 * K52, 2) -> 1965.24
B53: 4.1.6 | C53: 060470 | D53: AGETOP CIVIL | E53: LASTRO DE BRITA - (OBRAS CIVIS) | F53: m³ | G53: 9.27 | H53: 220.94 | I53: =TRUNC(G53 * H53, 2) -> 2048.11 | J53: =+$L$5 -> 0.2723 | K53: =TRUNC(H53 * (1 + J53), 2) -> 281.1 | L53: =TRUNC(G53 * K53, 2) -> 2605.79
B54: 4.1.7 | C54: 041004 | D54: AGETOP CIVIL | E54: ESCAVACAO MECANICA | F54: m³ | G54: 1545.55 | H54: 2.43 | I54: =TRUNC(G54 * H54, 2) -> 3755.68 | J54: =+$L$5 -> 0.2723 | K54: =TRUNC(H54 * (1 + J54), 2) -> 3.09 | L54: =TRUNC(G54 * K54, 2) -> 4775.74
B55: 4.1.8 | C55: 050905 | D55: AGETOP CIVIL | E55: REATERRO COM APILOAMENTO MECÂNICO (BLOCOS/SAPATAS) | F55: m³ | G55: 1495.95 | H55: 3.93 | I55: =TRUNC(G55 * H55, 2) -> 5879.08 | J55: =+$L$5 -> 0.2723 | K55: =TRUNC(H55 * (1 + J55), 2) -> 5 | L55: =TRUNC(G55 * K55, 2) -> 7479.75
B56: 4.1.9 | C56: 050901 | D56: AGETOP CIVIL | E56: ESCAVACAO MANUAL DE VALAS (SAPATAS/BLOCOS) | F56: m³ | G56: 42.1 | H56: 44.51 | I56: =TRUNC(G56 * H56, 2) -> 1873.87 | J56: =+$L$5 -> 0.2723 | K56: =TRUNC(H56 * (1 + J56), 2) -> 56.63 | L56: =TRUNC(G56 * K56, 2) -> 2384.12
B57: 4.1.10 | C57: 051009 | D57: AGETOP CIVIL | E57: FORMA TABUA PINHO PARA FUNDACOES U=3V - (OBRAS CIVIS) | F57: m² | G57: 386.2 | H57: 75.8 | I57: =TRUNC(G57 * H57, 2) -> 29273.96 | J57: =+$L$5 -> 0.2723 | K57: =TRUNC(H57 * (1 + J57), 2) -> 96.44 | L57: =TRUNC(G57 * K57, 2) -> 37245.12
B58: 4.1.11 | C58: 052014 | D58: AGETOP CIVIL | E58: ACO CA-60 - 5,0 MM - (OBRAS CIVIS) | F58: Kg | G58: 37.8 | H58: 11.96 | I58: =TRUNC(G58 * H58, 2) -> 452.08 | J58: =+$L$5 -> 0.2723 | K58: =TRUNC(H58 * (1 + J58), 2) -> 15.21 | L58: =TRUNC(G58 * K58, 2) -> 574.93
B59: 4.1.12 | C59: 052003 | D59: AGETOP CIVIL | E59: ACO CA-50A - 6,3 MM (1/4") - (OBRAS CIVIS) | F59: Kg | G59: 396 | H59: 10.71 | I59: =TRUNC(G59 * H59, 2) -> 4241.16 | J59: =+$L$5 -> 0.2723 | K59: =TRUNC(H59 * (1 + J59), 2) -> 13.62 | L59: =TRUNC(G59 * K59, 2) -> 5393.52
... B63: 4.1.16 | C63: 052007 | D63: AGETOP CIVIL | E63: ACO CA - 50 - 16,0 MM (5/8") - (OBRAS CIVIS) | F63: Kg | G63: 832.4 | H63: 11.42 | I63: =TRUNC(G63 * H63, 2) -> 9506 | J63: =+$L$5 -> 0.2723 | K63: =TRUNC(H63 * (1 + J63), 2) -> 14.52 | L63: =TRUNC(G63 * K63, 2) -> 12086.44
B64: 5 | E64: ESTRUTURA EM CONCRETO ARMADO | I64: =SUBTOTAL(9,I65:I80) -> 360865.5 | L64: =SUBTOTAL(9,L65:L80) -> 459066.64
B65: 5.1 | E65: SUPERESTRUTURA | I65: =SUBTOTAL(9,I66:I80) -> 360865.5 | L65: =SUBTOTAL(9,L66:L80) -> 459066.64
B66: 5.1.1 | C66: 060800 | D66: AGETOP CIVIL | E66: LANÇAMENTO/APLICAÇÃO/ADENSAMENTO DE CONCRETO USINADO BOMBEADO EM ESTRUTURA - (O.C.) | F66: m³ | G66: 130.2 | H66: 49.5 | I66: =TRUNC(G66 * H66, 2) -> 6444.9 | J66: =+$L$5 -> 0.2723 | K66: =TRUNC(H66 * (1 + J66), 2) -> 62.97 | L66: =TRUNC(G66 * K66, 2) -> 8198.69
B67: 5.1.2 | C67: 060525 | D67: AGETOP CIVIL | E67: CONCRETO USINADO BOMBEÁVEL FCK=30 MPA (O.C.) | F67: m³ | G67: 130.2 | H67: 616.92 | I67: =TRUNC(G67 * H67, 2) -> 80322.98 | J67: =+$L$5 -> 0.2723 | K67: =TRUNC(H67 * (1 + J67), 2) -> 784.9 | L67: =TRUNC(G67 * K67, 2) -> 102193.98
B68: 5.1.3 | C68: 051045 | D68: AGETOP CIVIL | E68: TAXA DE BOMBEAMENTO CONCRETO MÍNIMO - 10 M3 (O.C.) | F68: m³ | G68: 130.2 | H68: 57.5 | I68: =TRUNC(G68 * H68, 2) -> 7486.5 | J68: =+$L$5 -> 0.2723 | K68: =TRUNC(H68 * (1 + J68), 2) -> 73.15 | L68: =TRUNC(G68 * K68, 2) -> 9524.13
B69: 5.1.4 | C69: 050250 | D69: AGETOP CIVIL | E69: TRAÇO DE CONCRETO | F69: Un | G69: 4 | H69: 1486.62 | I69: =TRUNC(G69 * H69, 2) -> 5946.48 | J69: =+$L$5 -> 0.2723 | K69: =TRUNC(H69 * (1 + J69), 2) -> 1891.42 | L69: =TRUNC(G69 * K69, 2) -> 7565.68
B70: 5.1.5 | C70: 050251 | D70: AGETOP CIVIL | E70: CORPO DE PROVA | F70: Un | G70: 196 | H70: 15 | I70: =TRUNC(G70 * H70, 2) -> 2940 | J70: =+$L$5 -> 0.2723 | K70: =TRUNC(H70 * (1 + J70), 2) -> 19.08 | L70: =TRUNC(G70 * K70, 2) -> 3739.68
B71: 5.1.6 | C71: 060209 | D71: AGETOP CIVIL | E71: FORMA CHAPA DE COMPENSADO RESINADO 12MM-VIGA/PILAR U=4V - (OBRAS CIVIS) | F71: m² | G71: 1872.9 | H71: 81.03 | I71: =TRUNC(G71 * H71, 2) -> 151761.08 | J71: =+$L$5 -> 0.2723 | K71: =TRUNC(H71 * (1 + J71), 2) -> 103.09 | L71: =TRUNC(G71 * K71, 2) -> 193077.26
B72: 5.1.7 | C72: 060204 | D72: AGETOP CIVIL | E72: FORMA CHAPA DE COMPENSADO PLASTIFICADO 17MM U=4 V (OBRAS CIVIS) | F72: m² | G72: 29.9 | H72: 91.54 | I72: =TRUNC(G72 * H72, 2) -> 2737.04 | J72: =+$L$5 -> 0.2723 | K72: =TRUNC(H72 * (1 + J72), 2) -> 116.46 | L72: =TRUNC(G72 * K72, 2) -> 3482.15
B73: 5.1.8 | C73: 060103 | D73: AGETOP CIVIL | E73: ESCORAMENTO METALICO - VIGAS/LAJES (ALUGUEL/MES) | F73: m² | G73: 29.9 | H73: 22.54 | I73: =TRUNC(G73 * H73, 2) -> 673.94 | J73: =+$L$5 -> 0.2723 | K73: =TRUNC(H73 * (1 + J73), 2) -> 28.67 | L73: =TRUNC(G73 * K73, 2) -> 857.23
B74: 5.1.9 | C74: 052014 | D74: AGETOP CIVIL | E74: ACO CA-60 - 5,0 MM - (OBRAS CIVIS) | F74: Kg | G74: 2031.5 | H74: 11.96 | I74: =TRUNC(G74 * H74, 2) -> 24296.74 | J74: =+$L$5 -> 0.2723 | K74: =TRUNC(H74 * (1 + J74), 2) -> 15.21 | L74: =TRUNC(G74 * K74, 2) -> 30899.11
B75: 5.1.10 | C75: 052003 | D75: AGETOP CIVIL | E75: ACO CA-50A - 6,3 MM (1/4") - (OBRAS CIVIS) | F75: Kg | G75: 417.6 | H75: 10.71 | I75: =TRUNC(G75 * H75, 2) -> 4472.49 | J75: =+$L$5 -> 0.2723 | K75: =TRUNC(H75 * (1 + J75), 2) -> 13.62 | L75: =TRUNC(G75 * K75, 2) -> 5687.71
B76: 5.1.11 | C76: 052004 | D76: AGETOP CIVIL | E76: ACO CA 50-A - 8,0 MM (5/16") - (OBRAS CIVIS) | F76: Kg | G76: 1340.4 | H76: 10.69 | I76: =TRUNC(G76 * H76, 2) -> 14328.87 | J76: =+$L$5 -> 0.2723 | K76: =TRUNC(H76 * (1 + J76), 2) -> 13.6 | L76: =TRUNC(G76 * K76, 2) -> 18229.44
B77: 5.1.12 | C77: 052005 | D77: AGETOP CIVIL | E77: ACO CA-50A - 10,0 MM (3/8") - (OBRAS CIVIS) | F77: Kg | G77: 3301 | H77: 10.6 | I77: =TRUNC(G77 * H77, 2) -> 34990.6 | J77: =+$L$5 -> 0.2723 | K77: =TRUNC(H77 * (1 + J77), 2) -> 13.48 | L77: =TRUNC(G77 * K77, 2) -> 44497.48
... B80: 5.1.15 | C80: 060010 | D80: AGETOP CIVIL | E80: VERGA/CONTRAVERGA EM CONCRETO ARMADO FCK = 20 MPA | F80: m³ | G80: 3.35 | H80: 2594.5 | I80: =TRUNC(G80 * H80, 2) -> 8691.57 | J80: =+$L$5 -> 0.2723 | K80: =TRUNC(H80 * (1 + J80), 2) -> 3300.98 | L80: =TRUNC(G80 * K80, 2) -> 11058.28
B81: 6 | E81: ESTRUTURA METÁLICA | I81: =SUBTOTAL(9,I82:I83) -> 271690.21 | L81: =SUBTOTAL(9,L82:L83) -> 345648.05
B82: 6.1 | C82: 150204 | D82: AGETOP CIVIL | E82: ESTRUTURA METÁLICA CONVENCIONAL EM AÇO DO TIPO MR-250 / ASTM A36 COM FUNDO ANTICORROSIVO | F82: Kg | G82: 15125.66 | H82: 17.78 | I82: =TRUNC(G82 * H82, 2) -> 268934.23 | J82: =+$L$5 -> 0.2723 | K82: =TRUNC(H82 * (1 + J82), 2) -> 22.62 | L82: =TRUNC(G82 * K82, 2) -> 342142.42
B83: 6.2 | C83: 150205 | D83: AGETOP CIVIL | E83: ESTRUTURA METÁLICA CONVENCIONAL EM AÇO TIPO AR-350 / ASTM A572 G50 COM FUNDO ANTICORROSIVO | F83: Kg | G83: 127.71 | H83: 21.58 | I83: =TRUNC(G83 * H83, 2) -> 2755.98 | J83: =+$L$5 -> 0.2723 | K83: =TRUNC(H83 * (1 + J83), 2) -> 27.45 | L83: =TRUNC(G83 * K83, 2) -> 3505.63
B84: 7 | E84: INSTALAÇÕES HIDROSSANITÁRIAS/ LOUÇAS/ METAIS | I84: =SUBTOTAL(9,I85:I318) -> 445818.7 | L84: =SUBTOTAL(9,L85:L318) -> 556639.64
B85: 7.1 | E85: LOUÇAS E METAIS | G85: 1 | I85: =SUBTOTAL(9,I86:I102) -> 29337.68 | L85: =SUBTOTAL(9,L86:L102) -> 37325.98
B86: 7.1.1 | C86: 080686 | D86: AGETOP CIVIL | E86: CUBA INOX 56X34X17CM E=0,6MM-AÇO 304 (CUBA Nº2) | F86: Un | G86: 5 | H86: 226.95 | I86: =TRUNC(G86 * H86, 2) -> 1134.75 | J86: =+$L$5 -> 0.2723 | K86: =TRUNC(H86 * (1 + J86), 2) -> 288.74 | L86: =TRUNC(G86 * K86, 2) -> 1443.7
B87: 7.1.2 | C87: 080504 | D87: AGETOP CIVIL | E87: VASO SANITÁRIO COM CAIXA ACOPLADA COM DUPLO ACIONAMENTO (1ª LINHA) - COMPLETO EXCLUSO O ASSENTO | F87: Un | G87: 4 | H87: 680.39 | I87: =TRUNC(G87 * H87, 2) -> 2721.56 | J87: =+$L$5 -> 0.2723 | K87: =TRUNC(H87 * (1 + J87), 2) -> 865.66 | L87: =TRUNC(G87 * K87, 2) -> 3462.64
B88: 7.1.3 | C88: 080526 | D88: AGETOP CIVIL | E88: ASSENTO EM POLIPROPILENO COM SISTEMA DE FECHAMENTO SUAVE PARA VASO SANITÁRIO | F88: Un | G88: 4 | H88: 169.01 | I88: =TRUNC(G88 * H88, 2) -> 676.04 | J88: =+$L$5 -> 0.2723 | K88: =TRUNC(H88 * (1 + J88), 2) -> 215.03 | L88: =TRUNC(G88 * K88, 2) -> 860.12
B89: 7.1.4 | C89: 080805 | D89: AGETOP CIVIL | E89: TANQUE DE AÇO INOX - CHAPA 0,7MM - MEDIDAS APROXIMADAS 50 X 40 X 22 CM (C X L X A) | F89: Un | G89: 2 | H89: 646.32 | I89: =TRUNC(G89 * H89, 2) -> 1292.64 | J89: =+$L$5 -> 0.2723 | K89: =TRUNC(H89 * (1 + J89), 2) -> 822.31 | L89: =TRUNC(G89 * K89, 2) -> 1644.62
B90: 7.1.5 | C90: 080810 | D90: AGETOP CIVIL | E90: TORNEIRA DE PAREDE PARA TANQUE COM AREJADOR DIÂMETRO DE 1/2" E 3/4" | F90: Un | G90: 14 | H90: 88.23 | I90: =TRUNC(G90 * H90, 2) -> 1235.22 | J90: =+$L$5 -> 0.2723 | K90: =TRUNC(H90 * (1 + J90), 2) -> 112.25 | L90: =TRUNC(G90 * K90, 2) -> 1571.5
B91: 7.1.6 | C91: 08.84.033 | D91: FDE | E91: TORNEIRA PRES 1/2 C/ALAVANCA TIPO MESA CROMADO - (ADAPTADO CONFORME DECRETO ESTADUAL N° 9900/2021) | F91: UN | G91: 1 | H91: 268.112 | I91: =TRUNC(G91 * H91, 2) -> 268.11 | J91: =+$L$5 -> 0.2723 | K91: =TRUNC(H91 * (1 + J91), 2) -> 341.11 | L91: =TRUNC(G91 * K91, 2) -> 341.11
B92: 7.1.7 | C92: 080570 | D92: AGETOP CIVIL | E92: TORNEIRA DE MESA PARA LAVATÓRIO DIÂMETRO DE 1/2" | F92: Un | G92: 4 | H92: 71.27 | I92: =TRUNC(G92 * H92, 2) -> 285.08 | J92: =+$L$5 -> 0.2723 | K92: =TRUNC(H92 * (1 + J92), 2) -> 90.67 | L92: =TRUNC(G92 * K92, 2) -> 362.68
B93: 7.1.8 | C93: 86909 | D93: SINAPI | E93: TORNEIRA CROMADA TUBO MÓVEL, DE MESA, 1/2" OU 3/4", PARA PIA DE COZINHA, PADRÃO ALTO - FORNECIMENTO E INSTALAÇÃO. AF_01/2020 - (ADAPTADO CONFORME DECRETO ESTADUAL N° 9900/2021) | F93: UN | G93: 7 | H93: 151.94 | I93: =TRUNC(G93 * H93, 2) -> 1063.58 | J93: =+$L$5 -> 0.2723 | K93: =TRUNC(H93 * (1 + J93), 2) -> 193.31 | L93: =TRUNC(G93 * K93, 2) -> 1353.17
B94: 7.1.9 | C94: 86905 | D94: SINAPI | E94: APARELHO MISTURADOR DE MESA PARA LAVATÓRIO, PADRÃO MÉDIO - FORNECIMENTO E INSTALAÇÃO. AF_01/2020 - (ADAPTADO CONFORME DECRETO ESTADUAL N° 9900/2021) | F94: UN | G94: 6 | H94: 473.72 | I94: =TRUNC(G94 * H94, 2) -> 2842.32 | J94: =+$L$5 -> 0.2723 | K94: =TRUNC(H94 * (1 + J94), 2) -> 602.71 | L94: =TRUNC(G94 * K94, 2) -> 3616.26
B95: 7.1.10 | C95: 230174 | D95: AGETOP CIVIL | E95: BARRA DE APOIO EM AÇO INOX - 40 CM | F95: un | G95: 2 | H95: 84.06 | I95: =TRUNC(G95 * H95, 2) -> 168.12 | J95: =+$L$5 -> 0.2723 | K95: =TRUNC(H95 * (1 + J95), 2) -> 106.94 | L95: =TRUNC(G95 * K95, 2) -> 213.88
B96: 7.1.11 | C96: 230176 | D96: AGETOP CIVIL | E96: BARRA DE APOIO EM AÇO INOX - 80 CM | F96: un | G96: 3 | H96: 152.91 | I96: =TRUNC(G96 * H96, 2) -> 458.73 | J96: =+$L$5 -> 0.2723 | K96: =TRUNC(H96 * (1 + J96), 2) -> 194.54 | L96: =TRUNC(G96 * K96, 2) -> 583.62
B97: 7.1.12 | C97: 080721 | D97: AGETOP CIVIL | E97: CHUVEIRO ELÉTRICO EM PVC COM BRAÇO METÁLICO | F97: Un | G97: 2 | H97: 116.48 | I97: =TRUNC(G97 * H97, 2) -> 232.96 | J97: =+$L$5 -> 0.2723 | K97: =TRUNC(H97 * (1 + J97), 2) -> 148.19 | L97: =TRUNC(G97 * K97, 2) -> 296.38
... B102: 7.1.17 | C102: 13655 | D102: ORSE | E102: Lavatório louça suspenso 39,5 x 29,5 cm , linha Izy, ref. L.15.17, DECA ou similar, sem coluna, c/ sifão cromado, válvula cromada, engate cromado, exclusive torneira - (ADAPTADO CONFORME DECRETO ESTADUAL N° 9900/2021) | F102: un | G102: 3 | H102: 590.33 | I102: =TRUNC(G102 * H102, 2) -> 1770.99 | J102: =+$L$5 -> 0.2723 | K102: =TRUNC(H102 * (1 + J102), 2) -> 751.07 | L102: =TRUNC(G102 * K102, 2) -> 2253.21
B103: 7.2 | E103: INSTALAÇÕES SANITÁRIAS | G103: 1 | I103: =SUBTOTAL(9,I104:I215) -> 270474.55 | L103: =SUBTOTAL(9,L104:L215) -> 334399.28
B104: 7.2.1 | E104: ESGOTO | G104: 1 | I104: =SUBTOTAL(9,I105:I141) -> 9821.87 | L104: =SUBTOTAL(9,L105:L141) -> 12495.28
B105: 7.2.1.1 | C105: 070715 | D105: AGETOP CIVIL | E105: CAIXA DE PASSAGEM 60X60X80CM (MEDIDAS INTERNAS) FUNDO DE BRITA SEM TAMPA | F105: Un | G105: 3 | H105: 393.25 | I105: =TRUNC(G105 * H105, 2) -> 1179.75 | J105: =+$L$5 -> 0.2723 | K105: =TRUNC(H105 * (1 + J105), 2) -> 500.33 | L105: =TRUNC(G105 * K105, 2) -> 1500.99
B106: 7.2.1.2 | C106: 081826 | D106: AGETOP CIVIL | E106: TAMPA EM CONCRETO ARMADO 25 MPA E=5CM PARA A CAIXA DE PASSAGEM 60X60CM | F106: Un | G106: 3 | H106: 71.34 | I106: =TRUNC(G106 * H106, 2) -> 214.02 | J106: =+$L$5 -> 0.2723 | K106: =TRUNC(H106 * (1 + J106), 2) -> 90.76 | L106: =TRUNC(G106 * K106, 2) -> 272.28
B107: 7.2.1.3 | C107: 070714 | D107: AGETOP CIVIL | E107: CAIXA DE PASSAGEM 50X50X80CM (MEDIDAS INTERNAS) FUNDO DE BRITA SEM TAMPA | F107: Un | G107: 6 | H107: 343.47 | I107: =TRUNC(G107 * H107, 2) -> 2060.82 | J107: =+$L$5 -> 0.2723 | K107: =TRUNC(H107 * (1 + J107), 2) -> 436.99 | L107: =TRUNC(G107 * K107, 2) -> 2621.94
B108: 7.2.1.4 | C108: 070634 | D108: AGETOP CIVIL | E108: CAIXA DE PASSAGEM - TAMPA EM CONCRETO ARMADO 25 MPA E=5CM | F108: m² | G108: 1.5 | H108: 88.09 | I108: =TRUNC(G108 * H108, 2) -> 132.13 | J108: =+$L$5 -> 0.2723 | K108: =TRUNC(H108 * (1 + J108), 2) -> 112.07 | L108: =TRUNC(G108 * K108, 2) -> 168.1
B109: 7.2.1.5 | C109: 081661 | D109: AGETOP CIVIL | E109: CORPO CAIXA SIFONADA DIAM. 100 X 100 X 50 | F109: Un | G109: 4 | H109: 25.13 | I109: =TRUNC(G109 * H109, 2) -> 100.52 | J109: =+$L$5 -> 0.2723 | K109: =TRUNC(H109 * (1 + J109), 2) -> 31.97 | L109: =TRUNC(G109 * K109, 2) -> 127.88
B110: 7.2.1.6 | C110: 081664 | D110: AGETOP CIVIL | E110: CORPO CAIXA SIFONADA DIAM. 150 X 185 X 75 | F110: Un | G110: 2 | H110: 44.79 | I110: =TRUNC(G110 * H110, 2) -> 89.58 | J110: =+$L$5 -> 0.2723 | K110: =TRUNC(H110 * (1 + J110), 2) -> 56.98 | L110: =TRUNC(G110 * K110, 2) -> 113.96
B111: 7.2.1.7 | C111: 080561 | D111: AGETOP CIVIL | E111: SIFAO PARA LAVATORIO PVC DIAM.1"X1.1/2" | F111: Un | G111: 6 | H111: 25.02 | I111: =TRUNC(G111 * H111, 2) -> 150.12 | J111: =+$L$5 -> 0.2723 | K111: =TRUNC(H111 * (1 + J111), 2) -> 31.83 | L111: =TRUNC(G111 * K111, 2) -> 190.98
B112: 7.2.1.8 | C112: 080562 | D112: AGETOP CIVIL | E112: SIFAO FLEXIVEL UNIVERSAL (SANFONADO) EM PVC PARA LAVATORIO | F112: Un | G112: 1 | H112: 21.23 | I112: =TRUNC(G112 * H112, 2) -> 21.23 | J112: =+$L$5 -> 0.2723 | K112: =TRUNC(H112 * (1 + J112), 2) -> 27.01 | L112: =TRUNC(G112 * K112, 2) -> 27.01
...

Sheet BDI NORMAL (CD)
B1: BONIFICAÇÃO DE DESPESAS INDIRETAS BDI - NORMAL COM DESONERAÇÃO
B4: OBJETO: | C4: ='DADOS DA OBRA'!B13 -> CONSTRUÇÃO NOVA FÁBRICA SEAPA (AGROINDÚSTRIA DE POLPA DE FRUTAS) | N4: DATA: | O4: =+'DADOS DA OBRA'!$N$22 -> 13/06/2025
B5: LOCAL: | C5: ='DADOS DA OBRA'!B16 -> RUA 22 , LT.01 - A, QUADRA 01-A | N5: REVISÃO: | O5: ='DADOS DA OBRA'!$N$25 -> 00
B7: Município da Obra | E7: ='DADOS DA OBRA'!J19 -> FLORES DE GOIÁS
B8: Base de cálculo ISS do município | E8: 1 | F8: ISS: | G8: 0.03
C10: Descrição | F10: Valor percentual adotado | I10: Limites das parcelas do BDI para obras do tipo acima selecionado. Acórdão TCU 2622/2013 | M10: Limites do valor do BDI para obras do tipo acima selecionado. Acórdão TCU 2622/2013
I11: Mín | J11: Med. | K11: Máx. | M11: 20.34 | N11: 22.12 | O11: 25
C12: (AC) - Administração Central | F12: 4 | I12: 3 | J12: 4 | K12: 5.5
C13: (S) + (G) - Seguro e Garantia | F13: 0.12 | I13: 0.8 | J13: 0.8 | K13: 1
C14: (R) - Risco | F14: =I14 -> 0.97 | I14: 0.97 | J14: 1.27 | K14: 1.27
C15: (DF) - Despesas Financeiras | F15: 1.17 | I15: 0.59 | J15: 1.23 | K15: 1.39
C16: (L) - Lucro | F16: 7.4 | I16: 6.16 | J16: 7.4 | K16: 8.96
C17: (I1) - PIS | F17: =I17 -> 0.65 | I17: 0.65 | J17: 0.65 | K17: 0.65
C18: (I2) - COFINS | F18: =I18 -> 3 | I18: 3 | J18: 3 | K18: 3
C19: (I3) - ISS | F19: 3 | I19: 2 | J19: 2 | K19: 5
C20: (I4) - Contribuição Previdenciária (CPRB) | F20: 3.6
C21: BDI Adotado | F21: =ROUNDUP((((((1+F12/100+F13/100+F14/100)*(1+F15/100)*(1+F16/100))/(1-(F17/100+F18/100+F19/100+F20/100)))-1)*100),2) -> 27.23 | I21: *Fonte da composição, valores de referência e fórmula do BDI: Acórdão 2622/2013-TCU-Plenário
B23: O valores do BDI acima foram calculados com emprego da equação a seguir:
B25: Onde:
B26: AC - taxa de rateio da Administração Central
B27: DF - taxa das despesas financeiras
B28: R, S, G - taxa de risco, seguro e garantia do empreendimento
B29: I - taxa de tributos (onerado: I = COFINS+PIS+ISS / desonerado: I = COFINS+PIS+ISS+CPRB)
B30: L - taxa de lucro

Sheet BDI DIFERENCIADO (CD)
B1: BONIFICAÇÃO DE DESPESAS INDIRETAS BDI - DIFERENCIADO COM DESONERAÇÃO
B4: OBJETO: | C4: ='BDI NORMAL (CD)'!C4 -> CONSTRUÇÃO NOVA FÁBRICA SEAPA (AGROINDÚSTRIA DE POLPA DE FRUTAS) | N4: DATA: | O4: =+'DADOS DA OBRA'!$N$22 -> 13/06/2025
B5: LOCAL: | C5: ='BDI NORMAL (CD)'!C5 -> RUA 22 , LT.01 - A, QUADRA 01-A | N5: REVISÃO: | O5: ='DADOS DA OBRA'!$N$25 -> 00
B7: Município da Obra | E7: ='DADOS DA OBRA'!J19 -> FLORES DE GOIÁS
B8: Base de cálculo ISS do município | E8: 1 | F8: ISS: | G8: 0.03
C10: Descrição | F10: Valor percentual adotado | I10: Limites das parcelas do BDI para obras do tipo acima selecionado. Acórdão TCU 2622/2013 | M10: Limites do valor do BDI para obras do tipo acima selecionado. Acórdão TCU 2622/2013
I11: Mín | J11: Med. | K11: Máx. | M11: 11.1 | N11: 14.02 | O11: 16.8
C12: (AC) - Administração Central | F12: 3.45 | I12: 1.5 | J12: 3.45 | K12: 4.49
C13: (S) + (G) - Seguro e Garantia | F13: 0.06 | I13: 0.3 | J13: 0.48 | K13: 0.82
C14: (R) - Risco | F14: =I14 -> 0.56 | I14: 0.56 | J14: 0.85 | K14: 0.89
C15: (DF) - Despesas Financeiras | F15: 1.17 | I15: 0.85 | J15: 0.85 | K15: 1.11
C16: (L) - Lucro | F16: 4.8 | I16: 3.5 | J16: 5.11 | K16: 6.22
C17: (I1) - PIS | F17: =I17 -> 0.65 | I17: 0.65 | J17: 0.65 | K17: 0.65
C18: (I2) - COFINS | F18: =I18 -> 3 | I18: 3 | J18: 3 | K18: 3
C19: (I3) - ISS | F19: 3 | I19: 2 | J19: 2 | K19: 5
C20: (I4) - Contribuição Previdenciária (CPRB) | F20: 3.6
C21: BDI Adotado | F21: =TRUNC((((((1+F12/100+F13/100+F14/100)*(1+F15/100)*(1+F16/100))/(1-(F17/100+F18/100+F19/100+F20/100)))-1)*100),2) -> 22.94 | I21: *Fonte da composição, valores de referência e fórmula do BDI: Acórdão 2622/2013-TCU-Plenário
B23: O valores do BDI acima foram calculados com emprego da equação a seguir:
B25: Onde:
B26: AC - taxa de rateio da Administração Central
B27: DF - taxa das despesas financeiras
B28: R, S, G - taxa de risco, seguro e garantia do empreendimento
B29: I - taxa de tributos (onerado: I = COFINS+PIS+ISS / desonerado: I = COFINS+PIS+ISS+CPRB)
B30: L - taxa de lucro

Sheet CAPA - MAPA DE COTAÇÕES
C14: MAPA DE COTAÇÕES

Sheet COT-CORTINA DE PVC
B1: MAPA DE COTAÇÃO
B4: OBJETO: | C4: ='DADOS DA OBRA'!B13 -> CONSTRUÇÃO NOVA FÁBRICA SEAPA (AGROINDÚSTRIA DE POLPA DE FRUTAS) | O4: DATA: | P4: ='DADOS DA OBRA'!N22 -> 13/06/2025
B5: LOCAL: | C5: ='DADOS DA OBRA'!B16 -> RUA 22 , LT.01 - A, QUADRA 01-A | O5: REVISÃO: | P5: ='DADOS DA OBRA'!N25 -> 00
B7: SERVIÇOS: | C7: FORNECIMENTO E INSTALAÇÃO DE CORTINA PVC
B9: ITEM | C9: DESCRIÇÃO | D9: EMPRESA: | E9: TOTAL FRIO REFRI. E AR CONDICIONADO LTD | H9: CAMARA E CIA | K9: REFRIAR COMÉRCIO E SERVIÇOS | Q9: VALOR ADOTADO
D10: CNPJ: | E10: 10.444.161/0001-28 | H10: 37.405.842/0001-33 | K10: 49.345.175/0001-20
D11: CONTATO:
D12: TELEFONE: | E12: (61) 9822-6380 | H12: (62) 3210-1215 | K12: (61) 9699-6550
D13: UND | E13: QUANT | F13: VL. UNIT | G13: VL. TOTAL | H13: QUANT | I13: VL. UNIT | J13: VL. TOTAL | K13: QUANT | L13: VL. UNIT | M13: VL. TOTAL | N13: QUANT | O13: VL. UNIT | P13: VL. TOTAL
B14: 1 | C14: FORNECIMENTO E INSTALAÇÃO DE CORTINA PVC | D14: CJ | E14: 2 | F14: =3807.33/2 -> 1903.665 | G14: =+E14*F14 -> 3807.33 | H14: 2 | I14: =5860/2 -> 2930 | J14: =+H14*I14 -> 5860 | K14: 2 | L14: =6000/2 -> 3000 | M14: =+K14*L14 -> 6000 | Q14: =+IF(P33="MÉDIA",AVERAGE(E18,K18,,H18),IF(P33="MEDIANA",MEDIAN(E18,K18,H18))) -> 3916.8325
G15: =+E15*F15 -> 0 | J15: =+H15*I15 -> 0 | K15: =+H15 -> 0 | M15: =+K15*L15 -> 0
B18: TOTAL BRUTO | E18: =SUM(G14:G17) -> 3807.33 | H18: =SUM(J14:J17) -> 5860 | K18: =SUM(M14:M17) -> 6000 | N18: =SUM(P14:P17) -> 0
C23: DETERMINAÇÃO DO COEFICIENTE DE VARIAÇÃO DO PREÇO
C24: Numero de amostras | D24: 4
D27: =AVERAGE(E18,K18,H18) -> 5222.4433 | H27: O "Manual de Orientação: Pesqusa de Preços - 4ª Edição", orienta que:
C30: = | D30: =STDEVP(E18,K18,H18) -> 1002.2672
O33: Portanto: | P33: {=_xlfn.IFS(D34<0.25,"MÉDIA",D34>=0.25,"MEDIANA")} -> MÉDIA
D34: =D30/D27 -> 0.19191538

Sheet COT-GLASROC
B1: MAPA DE COTAÇÃO
B4: OBJETO: | C4: ='DADOS DA OBRA'!B13 -> CONSTRUÇÃO NOVA FÁBRICA SEAPA (AGROINDÚSTRIA DE POLPA DE FRUTAS) | O4: DATA: | P4: {='DADOS DA OBRA'!N22:P22} -> 13/06/2025 | Q4: 0 | R4: 0
B5: LOCAL: | C5: ='DADOS DA OBRA'!B16 -> RUA 22 , LT.01 - A, QUADRA 01-A | O5: REVISÃO: | P5: {='DADOS DA OBRA'!N25:P25} -> 00 | Q5: 0 | R5: 0
B7: SERVIÇOS: | C7: FORNECIMENTO PLACA GESSO GLASROC X BR 12,5 X 1200 X 2400MM (2,88m2/und)
B9: ITEM | C9: DESCRIÇÃO | D9: EMPRESA: | E9: TRIUNFO DRYWALL EIRELI | H9: PLACOCENTER GOIANIA LTDA | K9: ANDRADE COMERCIO DE FORROS E DIVISORIAS LTDA | Q9: VALOR ADOTADO
D10: CNPJ: | E10: 41.267.694/0001-05 | H10: 54.582.190/0001-21 | K10: 10.866.319/0001-58
D11: CONTATO: | E11: PEDRO | H11: MÁRCIO | K11: TAMMY
D12: TELEFONE: | E12: (62) 9917-9729 | H12: (62) 99656-8648 | K12: (61) 98351-6886
D13: UND | E13: QUANT | F13: VL. UNIT | G13: VL. TOTAL | H13: QUANT | I13: VL. UNIT | J13: VL. TOTAL | K13: QUANT | L13: VL. UNIT | M13: VL. TOTAL | N13: QUANT | O13: VL. UNIT | P13: VL. TOTAL
B14: 1 | C14: FORNECIMENTO PLACA GESSO GLASROC X BR 12,5 X 1200 X 2400MM (2,88m2/und) | D14: m2 | E14: 1 | F14: =240*(1/2.88) -> 83.333333 | G14: =+E14*F14 -> 83.333333 | H14: 1 | I14: =265*(1/2.88) -> 92.013889 | J14: =+H14*I14 -> 92.013889 | K14: 1 | L14: =375*(1/2.4) -> 156.25 | M14: =+K14*L14 -> 156.25 | Q14: =+IF(P33="MÉDIA",AVERAGE(E18,K18,,H18),IF(P33="MEDIANA",MEDIAN(E18,K18,H18))) -> 92.013889
B18: TOTAL BRUTO | E18: =SUM(G14:G17) -> 83.333333 | H18: =SUM(J14:J17) -> 92.013889 | K18: =SUM(M14:M17) -> 156.25 | N18: =SUM(P14:P17) -> 0
C23: DETERMINAÇÃO DO COEFICIENTE DE VARIAÇÃO DO PREÇO
C24: Numero de amostras | D24: 4
D27: =AVERAGE(E18,K18,H18) -> 110.53241 | H27: O "Manual de Orientação: Pesqusa de Preços - 4ª Edição", orienta que:
C30: = | D30: =STDEVP(E18,K18,H18) -> 32.520883
O33: Portanto: | P33: {=_xlfn.IFS(D34<0.25,"MÉDIA",D34>=0.25,"MEDIANA")} -> MEDIANA
D34: =D30/D27 -> 0.29422034
